Workbook
Name GPpcntDeg: TuitRev!$K$8
Name GPpcntMjr: TuitRev!$K$6
Name GPpcntSCH: TuitRev!$K$4
Name PcntIncr: TuitRev!$I$1
Name UGpcntDeg: TuitRev!$I$8
Name UGpcntMjr: TuitRev!$I$6
Name UGpcntSCH: TuitRev!$I$4

Sheet Tuition Calculations
A1: Campus | B1: Campus Name | C1: TG Sort | D1: TG No | E1: TG Name | F1: TC No | G1: TC Name | H1: Res No | I1: Res Name | J1: % Tuition Change | P1: Building Fee % | Q1: Operating Fee | X1: Operating Fee - Resident | AE1: Operating Fee - Nonresident Differential | AL1: Building Fee | AS1: Building Fee - Resident | AZ1: Building Fee - Nonresident Differential | BG1: Change - Op Fee | BM1: Change - Res Op Fee | BS1: Change - NR Op Diff | BY1: Change - Bldg Fee | CE1: Change - RBldg Fee | CK1: Change - NR Bldg Diff
J2: 2015-16 | K2: 2016-17 | L2: 2017-18 | M2: 2018-19 | N2: 2019-20 | Q2: 2014-15 | R2: 2015-16 | S2: 2016-17 | T2: 2017-18 | U2: 2018-19 | V2: 2019-20 | X2: 2014-15 | Y2: 2015-16 | Z2: 2016-17 | AA2: 2017-18 | AB2: 2018-19 | AC2: 2019-20 | AE2: 2014-15 | AF2: 2015-16 | AG2: 2016-17 | AH2: 2017-18 | AI2: 2018-19 | AJ2: 2019-20 | AL2: 2014-15 | AM2: 2015-16 | AN2: 2016-17 | AO2: 2017-18 | AP2: 2018-19 | AQ2: 2019-20 | AS2: 2014-15 | AT2: 2015-16 | AU2: 2016-17 | AV2: 2017-18 | AW2: 2018-19 | AX2: 2019-20 | AZ2: 2014-15 | BA2: 2015-16 | BB2: 2016-17 | BC2: 2017-18 | BD2: 2018-19 | BE2: 2019-20 | BG2: 2015-16 | BH2: 2016-17 | BI2: 2017-18 | BJ2: 2018-19 | BK2: 2019-20 | BM2: 2015-16 | BN2: 2016-17 | BO2: 2017-18 | BP2: 2018-19 | BQ2: 2019-20 | BS2: 2015-16 | BT2: 2016-17 | BU2: 2017-18 | BV2: 2018-19 | BW2: 2019-20 | BY2: 2015-16 | BZ2: 2016-17 | CA2: 2017-18 | CB2: 2018-19 | CC2: 2019-20 | CE2: 2015-16 | CF2: 2016-17 | CG2: 2017-18 | CH2: 2018-19 | CI2: 2019-20 | CK2: 2015-16 | CL2: 2016-17 | CM2: 2017-18 | CN2: 2018-19 | CO2: 2019-20
A3: 0 | B3: Seattle Campus | C3: 01 | D3: 01 | E3: Undergraduate | F3: 01 | G3: Undergraduate | H3: 1 | I3: Resident | J3: =+'Select Tuition Changes'!S8 -> 0.03 | K3: =+'Select Tuition Changes'!T8 -> 0.03 | L3: =+'Select Tuition Changes'!U8 -> 0.03 | M3: =+'Select Tuition Changes'!V8 -> 0.03 | N3: =+'Select Tuition Changes'!W8 -> 0.03 | P3: 0.05 | Q3: =+'Select Tuition Changes'!Y8-'Tuition Calculations'!AL3 -> 10740 | R3: =+'Select Tuition Changes'!Z8-'Tuition Calculations'!AM3 -> 11064 | S3: =+'Select Tuition Changes'!AA8-'Tuition Calculations'!AN3 -> 11397 | T3: =+'Select Tuition Changes'!AB8-'Tuition Calculations'!AO3 -> 11739 | U3: =+'Select Tuition Changes'!AC8-'Tuition Calculations'!AP3 -> 12093 | V3: =+'Select Tuition Changes'!AD8-'Tuition Calculations'!AQ3 -> 12457 | X3: =+Q3 -> 10740 | Y3: =+R3 -> 11064 | Z3: =+S3 -> 11397 | AA3: =+T3 -> 11739 | AB3: =+U3 -> 12093 | AC3: =+V3 -> 12457 | AE3: =+Q3-X3 -> 0 | AF3: =+R3-Y3 -> 0 | AG3: =+S3-Z3 -> 0 | AH3: =+T3-AA3 -> 0 | AI3: =+U3-AB3 -> 0 | AJ3: =+V3-AC3 -> 0 | AL3: =ROUND($P3*'Select Tuition Changes'!Y8,0) -> 565 | AM3: =ROUND($P3*'Select Tuition Changes'!Z8,0) -> 582 | AN3: =ROUND($P3*'Select Tuition Changes'!AA8,0) -> 600 | AO3: =ROUND($P3*'Select Tuition Changes'!AB8,0) -> 618 | AP3: =ROUND($P3*'Select Tuition Changes'!AC8,0) -> 636 | AQ3: =ROUND($P3*'Select Tuition Changes'!AD8,0) -> 656 | AS3: =+AL3 -> 565 | AT3: =+AM3 -> 582 | AU3: =+AN3 -> 600 | AV3: =+AO3 -> 618 | AW3: =+AP3 -> 636 | AX3: =+AQ3 -> 656 | AZ3: =+AL3-AS3 -> 0 | BA3: =+AM3-AT3 -> 0 | BB3: =+AN3-AU3 -> 0 | BC3: =+AO3-AV3 -> 0 | BD3: =+AP3-AW3 -> 0 | BE3: =+AQ3-AX3 -> 0 | BG3: =IF(Q3>0,R3/Q3,0) -> 1.0301676 | BH3: =IF(R3>0,S3/R3,0) -> 1.0300976 | BI3: =IF(S3>0,T3/S3,0) -> 1.0300079 | BJ3: =IF(T3>0,U3/T3,0) -> 1.0301559 | BK3: =IF(U3>0,V3/U3,0) -> 1.0301001 | BM3: =IF(X3>0,Y3/X3,0) -> 1.0301676 | BN3: =IF(Y3>0,Z3/Y3,0) -> 1.0300976 | BO3: =IF(Z3>0,AA3/Z3,0) -> 1.0300079 | BP3: =IF(AA3>0,AB3/AA3,0) -> 1.0301559 | BQ3: =IF(AB3>0,AC3/AB3,0) -> 1.0301001 | BS3: =IF(AE3>0,AF3/AE3,0) -> 0 | BT3: =IF(AF3>0,AG3/AF3,0) -> 0 | BU3: =IF(AG3>0,AH3/AG3,0) -> 0 | BV3: =IF(AH3>0,AI3/AH3,0) -> 0 | BW3: =IF(AI3>0,AJ3/AI3,0) -> 0 | BY3: =IF(AL3>0,AM3/AL3,0) -> 1.0300885 | BZ3: =IF(AM3>0,AN3/AM3,0) -> 1.0309278 | CA3: =IF(AN3>0,AO3/AN3,0) -> 1.03 | CB3: =IF(AO3>0,AP3/AO3,0) -> 1.0291262 | CC3: =IF(AP3>0,AQ3/AP3,0) -> 1.0314465 | CE3: =IF(AS3>0,AT3/AS3,0) -> 1.0300885 | CF3: =IF(AT3>0,AU3/AT3,0) -> 1.0309278 | CG3: =IF(AU3>0,AV3/AU3,0) -> 1.03 | CH3: =IF(AV3>0,AW3/AV3,0) -> 1.0291262 | CI3: =IF(AW3>0,AX3/AW3,0) -> 1.0314465 | CK3: =IF(AZ3>0,BA3/AZ3,0) -> 0 | CL3: =IF(BA3>0,BB3/BA3,0) -> 0 | CM3: =IF(BB3>0,BC3/BB3,0) -> 0 | CN3: =IF(BC3>0,BD3/BC3,0) -> 0 | CO3: =IF(BD3>0,BE3/BD3,0) -> 0
A4: 0 | B4: Seattle Campus | C4: 01 | D4: 01 | E4: Undergraduate | F4: 01 | G4: Undergraduate | H4: 2 | I4: Nonresident | J4: =+'Select Tuition Changes'!S9 -> 0.01 | K4: =+'Select Tuition Changes'!T9 -> 0.01 | L4: =+'Select Tuition Changes'!U9 -> 0.01 | M4: =+'Select Tuition Changes'!V9 -> 0.01 | N4: =+'Select Tuition Changes'!W9 -> 0.01 | P4: 0.045 | Q4: =+'Select Tuition Changes'!Y9-'Tuition Calculations'!AL4 -> 30965 | R4: =+'Select Tuition Changes'!Z9-'Tuition Calculations'!AM4 -> 31277 | S4: =+'Select Tuition Changes'!AA9-'Tuition Calculations'!AN4 -> 31592 | T4: =+'Select Tuition Changes'!AB9-'Tuition Calculations'!AO4 -> 31910 | U4: =+'Select Tuition Changes'!AC9-'Tuition Calculations'!AP4 -> 32231 | V4: =+'Select Tuition Changes'!AD9-'Tuition Calculations'!AQ4 -> 32555 | X4: =+Q3 -> 10740 | Y4: =+R3 -> 11064 | Z4: =+S3 -> 11397 | AA4: =+T3 -> 11739 | AB4: =+U3 -> 12093 | AC4: =+V3 -> 12457 | AE4: =+Q4-X4 -> 20225 | AF4: =+R4-Y4 -> 20213 | AG4: =+S4-Z4 -> 20195 | AH4: =+T4-AA4 -> 20171 | AI4: =+U4-AB4 -> 20138 | AJ4: =+V4-AC4 -> 20098 | AL4: =ROUND($P4*'Select Tuition Changes'!Y9,0) -> 1459 | AM4: =ROUND($P4*'Select Tuition Changes'!Z9,0) -> 1474 | AN4: =ROUND($P4*'Select Tuition Changes'!AA9,0) -> 1489 | AO4: =ROUND($P4*'Select Tuition Changes'!AB9,0) -> 1504 | AP4: =ROUND($P4*'Select Tuition Changes'!AC9,0) -> 1519 | AQ4: =ROUND($P4*'Select Tuition Changes'!AD9,0) -> 1534 | AS4: =+AL3 -> 565 | AT4: =+AM3 -> 582 | AU4: =+AN3 -> 600 | AV4: =+AO3 -> 618 | AW4: =+AP3 -> 636 | AX4: =+AQ3 -> 656 | AZ4: =+AL4-AS4 -> 894 | BA4: =+AM4-AT4 -> 892 | BB4: =+AN4-AU4 -> 889 | BC4: =+AO4-AV4 -> 886 | BD4: =+AP4-AW4 -> 883 | BE4: =+AQ4-AX4 -> 878 | BG4: =IF(Q4>0,R4/Q4,0) -> 1.0100759 | BH4: =IF(R4>0,S4/R4,0) -> 1.0100713 | BI4: =IF(S4>0,T4/S4,0) -> 1.0100658 | BJ4: =IF(T4>0,U4/T4,0) -> 1.0100595 | BK4: =IF(U4>0,V4/U4,0) -> 1.0100524 | BM4: =IF(X4>0,Y4/X4,0) -> 1.0301676 | BN4: =IF(Y4>0,Z4/Y4,0) -> 1.0300976 | BO4: =IF(Z4>0,AA4/Z4,0) -> 1.0300079 | BP4: =IF(AA4>0,AB4/AA4,0) -> 1.0301559 | BQ4: =IF(AB4>0,AC4/AB4,0) -> 1.0301001 | BS4: =IF(AE4>0,AF4/AE4,0) -> 0.99940667 | BT4: =IF(AF4>0,AG4/AF4,0) -> 0.99910948 | BU4: =IF(AG4>0,AH4/AG4,0) -> 0.99881159 | BV4: =IF(AH4>0,AI4/AH4,0) -> 0.99836399 | BW4: =IF(AI4>0,AJ4/AI4,0) -> 0.99801371 | BY4: =IF(AL4>0,AM4/AL4,0) -> 1.010281 | BZ4: =IF(AM4>0,AN4/AM4,0) -> 1.0101764 | CA4: =IF(AN4>0,AO4/AN4,0) -> 1.0100739 | CB4: =IF(AO4>0,AP4/AO4,0) -> 1.0099734 | CC4: =IF(AP4>0,AQ4/AP4,0) -> 1.0098749 | CE4: =IF(AS4>0,AT4/AS4,0) -> 1.0300885 | CF4: =IF(AT4>0,AU4/AT4,0) -> 1.0309278 | CG4: =IF(AU4>0,AV4/AU4,0) -> 1.03 | CH4: =IF(AV4>0,AW4/AV4,0) -> 1.0291262 | CI4: =IF(AW4>0,AX4/AW4,0) -> 1.0314465 | CK4: =IF(AZ4>0,BA4/AZ4,0) -> 0.99776286 | CL4: =IF(BA4>0,BB4/BA4,0) -> 0.99663677 | CM4: =IF(BB4>0,BC4/BB4,0) -> 0.99662542 | CN4: =IF(BC4>0,BD4/BC4,0) -> 0.996614 | CO4: =IF(BD4>0,BE4/BD4,0) -> 0.99433749
A5: 0 | B5: Seattle Campus | C5: 01 | D5: 01 | E5: Undergraduate | F5: 02 | G5: Undergraduate Post-Bacc / Non-Matric | H5: 1 | I5: Resident | J5: =+'Select Tuition Changes'!S10 -> 0.03 | K5: =+'Select Tuition Changes'!T10 -> 0.03 | L5: =+'Select Tuition Changes'!U10 -> 0.03 | M5: =+'Select Tuition Changes'!V10 -> 0.03 | N5: =+'Select Tuition Changes'!W10 -> 0.03 | P5: =+P3 -> 0.05 | Q5: =+'Select Tuition Changes'!Y10-'Tuition Calculations'!AL5 -> 10740 | R5: =+'Select Tuition Changes'!Z10-'Tuition Calculations'!AM5 -> 11064 | S5: =+'Select Tuition Changes'!AA10-'Tuition Calculations'!AN5 -> 11397 | T5: =+'Select Tuition Changes'!AB10-'Tuition Calculations'!AO5 -> 11739 | U5: =+'Select Tuition Changes'!AC10-'Tuition Calculations'!AP5 -> 12093 | V5: =+'Select Tuition Changes'!AD10-'Tuition Calculations'!AQ5 -> 12457 | X5: =+Q5 -> 10740 | Y5: =+R5 -> 11064 | Z5: =+S5 -> 11397 | AA5: =+T5 -> 11739 | AB5: =+U5 -> 12093 | AC5: =+V5 -> 12457 | AE5: =+Q5-X5 -> 0 | AF5: =+R5-Y5 -> 0 | AG5: =+S5-Z5 -> 0 | AH5: =+T5-AA5 -> 0 | AI5: =+U5-AB5 -> 0 | AJ5: =+V5-AC5 -> 0 | AL5: =ROUND($P5*'Select Tuition Changes'!Y10,0) -> 565 | AM5: =ROUND($P5*'Select Tuition Changes'!Z10,0) -> 582 | AN5: =ROUND($P5*'Select Tuition Changes'!AA10,0) -> 600 | AO5: =ROUND($P5*'Select Tuition Changes'!AB10,0) -> 618 | AP5: =ROUND($P5*'Select Tuition Changes'!AC10,0) -> 636 | AQ5: =ROUND($P5*'Select Tuition Changes'!AD10,0) -> 656 | AS5: =+AL5 -> 565 | AT5: =+AM5 -> 582 | AU5: =+AN5 -> 600 | AV5: =+AO5 -> 618 | AW5: =+AP5 -> 636 | AX5: =+AQ5 -> 656 | AZ5: =+AL5-AS5 -> 0 | BA5: =+AM5-AT5 -> 0 | BB5: =+AN5-AU5 -> 0 | BC5: =+AO5-AV5 -> 0 | BD5: =+AP5-AW5 -> 0 | BE5: =+AQ5-AX5 -> 0 | BG5: =IF(Q5>0,R5/Q5,0) -> 1.0301676 | BH5: =IF(R5>0,S5/R5,0) -> 1.0300976 | BI5: =IF(S5>0,T5/S5,0) -> 1.0300079 | BJ5: =IF(T5>0,U5/T5,0) -> 1.0301559 | BK5: =IF(U5>0,V5/U5,0) -> 1.0301001 | BM5: =IF(X5>0,Y5/X5,0) -> 1.0301676 | BN5: =IF(Y5>0,Z5/Y5,0) -> 1.0300976 | BO5: =IF(Z5>0,AA5/Z5,0) -> 1.0300079 | BP5: =IF(AA5>0,AB5/AA5,0) -> 1.0301559 | BQ5: =IF(AB5>0,AC5/AB5,0) -> 1.0301001 | BS5: =IF(AE5>0,AF5/AE5,0) -> 0 | BT5: =IF(AF5>0,AG5/AF5,0) -> 0 | BU5: =IF(AG5>0,AH5/AG5,0) -> 0 | BV5: =IF(AH5>0,AI5/AH5,0) -> 0 | BW5: =IF(AI5>0,AJ5/AI5,0) -> 0 | BY5: =IF(AL5>0,AM5/AL5,0) -> 1.0300885 | BZ5: =IF(AM5>0,AN5/AM5,0) -> 1.0309278 | CA5: =IF(AN5>0,AO5/AN5,0) -> 1.03 | CB5: =IF(AO5>0,AP5/AO5,0) -> 1.0291262 | CC5: =IF(AP5>0,AQ5/AP5,0) -> 1.0314465 | CE5: =IF(AS5>0,AT5/AS5,0) -> 1.0300885 | CF5: =IF(AT5>0,AU5/AT5,0) -> 1.0309278 | CG5: =IF(AU5>0,AV5/AU5,0) -> 1.03 | CH5: =IF(AV5>0,AW5/AV5,0) -> 1.0291262 | CI5: =IF(AW5>0,AX5/AW5,0) -> 1.0314465 | CK5: =IF(AZ5>0,BA5/AZ5,0) -> 0 | CL5: =IF(BA5>0,BB5/BA5,0) -> 0 | CM5: =IF(BB5>0,BC5/BB5,0) -> 0 | CN5: =IF(BC5>0,BD5/BC5,0) -> 0 | CO5: =IF(BD5>0,BE5/BD5,0) -> 0
A6: 0 | B6: Seattle Campus | C6: 01 | D6: 01 | E6: Undergraduate | F6: 02 | G6: Undergraduate Post-Bacc / Non-Matric | H6: 2 | I6: Nonresident | J6: =+'Select Tuition Changes'!S11 -> 0.01 | K6: =+'Select Tuition Changes'!T11 -> 0.01 | L6: =+'Select Tuition Changes'!U11 -> 0.01 | M6: =+'Select Tuition Changes'!V11 -> 0.01 | N6: =+'Select Tuition Changes'!W11 -> 0.01 | P6: =+P4 -> 0.045 | Q6: =+'Select Tuition Changes'!Y11-'Tuition Calculations'!AL6 -> 30965 | R6: =+'Select Tuition Changes'!Z11-'Tuition Calculations'!AM6 -> 31277 | S6: =+'Select Tuition Changes'!AA11-'Tuition Calculations'!AN6 -> 31592 | T6: =+'Select Tuition Changes'!AB11-'Tuition Calculations'!AO6 -> 31910 | U6: =+'Select Tuition Changes'!AC11-'Tuition Calculations'!AP6 -> 32231 | V6: =+'Select Tuition Changes'!AD11-'Tuition Calculations'!AQ6 -> 32555 | X6: =+Q5 -> 10740 | Y6: =+R5 -> 11064 | Z6: =+S5 -> 11397 | AA6: =+T5 -> 11739 | AB6: =+U5 -> 12093 | AC6: =+V5 -> 12457 | AE6: =+Q6-X6 -> 20225 | AF6: =+R6-Y6 -> 20213 | AG6: =+S6-Z6 -> 20195 | AH6: =+T6-AA6 -> 20171 | AI6: =+U6-AB6 -> 20138 | AJ6: =+V6-AC6 -> 20098 | AL6: =ROUND($P6*'Select Tuition Changes'!Y11,0) -> 1459 | AM6: =ROUND($P6*'Select Tuition Changes'!Z11,0) -> 1474 | AN6: =ROUND($P6*'Select Tuition Changes'!AA11,0) -> 1489 | AO6: =ROUND($P6*'Select Tuition Changes'!AB11,0) -> 1504 | AP6: =ROUND($P6*'Select Tuition Changes'!AC11,0) -> 1519 | AQ6: =ROUND($P6*'Select Tuition Changes'!AD11,0) -> 1534 | AS6: =+AL5 -> 565 | AT6: =+AM5 -> 582 | AU6: =+AN5 -> 600 | AV6: =+AO5 -> 618 | AW6: =+AP5 -> 636 | AX6: =+AQ5 -> 656 | AZ6: =+AL6-AS6 -> 894 | BA6: =+AM6-AT6 -> 892 | BB6: =+AN6-AU6 -> 889 | BC6: =+AO6-AV6 -> 886 | BD6: =+AP6-AW6 -> 883 | BE6: =+AQ6-AX6 -> 878 | BG6: =IF(Q6>0,R6/Q6,0) -> 1.0100759 | BH6: =IF(R6>0,S6/R6,0) -> 1.0100713 | BI6: =IF(S6>0,T6/S6,0) -> 1.0100658 | BJ6: =IF(T6>0,U6/T6,0) -> 1.0100595 | BK6: =IF(U6>0,V6/U6,0) -> 1.0100524 | BM6: =IF(X6>0,Y6/X6,0) -> 1.0301676 | BN6: =IF(Y6>0,Z6/Y6,0) -> 1.0300976 | BO6: =IF(Z6>0,AA6/Z6,0) -> 1.0300079 | BP6: =IF(AA6>0,AB6/AA6,0) -> 1.0301559 | BQ6: =IF(AB6>0,AC6/AB6,0) -> 1.0301001 | BS6: =IF(AE6>0,AF6/AE6,0) -> 0.99940667 | BT6: =IF(AF6>0,AG6/AF6,0) -> 0.99910948 | BU6: =IF(AG6>0,AH6/AG6,0) -> 0.99881159 | BV6: =IF(AH6>0,AI6/AH6,0) -> 0.99836399 | BW6: =IF(AI6>0,AJ6/AI6,0) -> 0.99801371 | BY6: =IF(AL6>0,AM6/AL6,0) -> 1.010281 | BZ6: =IF(AM6>0,AN6/AM6,0) -> 1.0101764 | CA6: =IF(AN6>0,AO6/AN6,0) -> 1.0100739 | CB6: =IF(AO6>0,AP6/AO6,0) -> 1.0099734 | CC6: =IF(AP6>0,AQ6/AP6,0) -> 1.0098749 | CE6: =IF(AS6>0,AT6/AS6,0) -> 1.0300885 | CF6: =IF(AT6>0,AU6/AT6,0) -> 1.0309278 | CG6: =IF(AU6>0,AV6/AU6,0) -> 1.03 | CH6: =IF(AV6>0,AW6/AV6,0) -> 1.0291262 | CI6: =IF(AW6>0,AX6/AW6,0) -> 1.0314465 | CK6: =IF(AZ6>0,BA6/AZ6,0) -> 0.99776286 | CL6: =IF(BA6>0,BB6/BA6,0) -> 0.99663677 | CM6: =IF(BB6>0,BC6/BB6,0) -> 0.99662542 | CN6: =IF(BC6>0,BD6/BC6,0) -> 0.996614 | CO6: =IF(BD6>0,BE6/BD6,0) -> 0.99433749
A7: 0 | B7: Seattle Campus | C7: 03 | D7: 02 | E7: Graduate Tier I | F7: 04 | G7: Graduate Tier I | H7: 1 | I7: Resident | J7: =+'Select Tuition Changes'!S12 -> 0 | K7: =+'Select Tuition Changes'!T12 -> 0.03 | L7: =+'Select Tuition Changes'!U12 -> 0.03 | M7: =+'Select Tuition Changes'!V12 -> 0.03 | N7: =+'Select Tuition Changes'!W12 -> 0.03 | P7: 0.03 | Q7: =+'Select Tuition Changes'!Y12-'Tuition Calculations'!AL7 -> 14751 | R7: =+'Select Tuition Changes'!Z12-'Tuition Calculations'!AM7 -> 14751 | S7: =+'Select Tuition Changes'!AA12-'Tuition Calculations'!AN7 -> 15196 | T7: =+'Select Tuition Changes'!AB12-'Tuition Calculations'!AO7 -> 15653 | U7: =+'Select Tuition Changes'!AC12-'Tuition Calculations'!AP7 -> 16124 | V7: =+'Select Tuition Changes'!AD12-'Tuition Calculations'!AQ7 -> 16610 | X7: =+Q7 -> 14751 | Y7: =+R7 -> 14751 | Z7: =+S7 -> 15196 | AA7: =+T7 -> 15653 | AB7: =+U7 -> 16124 | AC7: =+V7 -> 16610 | AE7: =+Q7-X7 -> 0 | AF7: =+R7-Y7 -> 0 | AG7: =+S7-Z7 -> 0 | AH7: =+T7-AA7 -> 0 | AI7: =+U7-AB7 -> 0 | AJ7: =+V7-AC7 -> 0 | AL7: =ROUND($P7*'Select Tuition Changes'!Y12,0) -> 456 | AM7: =ROUND($P7*'Select Tuition Changes'!Z12,0) -> 456 | AN7: =ROUND($P7*'Select Tuition Changes'!AA12,0) -> 470 | AO7: =ROUND($P7*'Select Tuition Changes'!AB12,0) -> 484 | AP7: =ROUND($P7*'Select Tuition Changes'!AC12,0) -> 499 | AQ7: =ROUND($P7*'Select Tuition Changes'!AD12,0) -> 514 | AS7: =+AL7 -> 456 | AT7: =+AM7 -> 456 | AU7: =+AN7 -> 470 | AV7: =+AO7 -> 484 | AW7: =+AP7 -> 499 | AX7: =+AQ7 -> 514 | AZ7: =+AL7-AS7 -> 0 | BA7: =+AM7-AT7 -> 0 | BB7: =+AN7-AU7 -> 0 | BC7: =+AO7-AV7 -> 0 | BD7: =+AP7-AW7 -> 0 | BE7: =+AQ7-AX7 -> 0 | BG7: =IF(Q7>0,R7/Q7,0) -> 1 | BH7: =IF(R7>0,S7/R7,0) -> 1.0301674 | BI7: =IF(S7>0,T7/S7,0) -> 1.0300737 | BJ7: =IF(T7>0,U7/T7,0) -> 1.0300901 | BK7: =IF(U7>0,V7/U7,0) -> 1.0301414 | BM7: =IF(X7>0,Y7/X7,0) -> 1 | BN7: =IF(Y7>0,Z7/Y7,0) -> 1.0301674 | BO7: =IF(Z7>0,AA7/Z7,0) -> 1.0300737 | BP7: =IF(AA7>0,AB7/AA7,0) -> 1.0300901 | BQ7: =IF(AB7>0,AC7/AB7,0) -> 1.0301414 | BS7: =IF(AE7>0,AF7/AE7,0) -> 0 | BT7: =IF(AF7>0,AG7/AF7,0) -> 0 | BU7: =IF(AG7>0,AH7/AG7,0) -> 0 | BV7: =IF(AH7>0,AI7/AH7,0) -> 0 | BW7: =IF(AI7>0,AJ7/AI7,0) -> 0 | BY7: =IF(AL7>0,AM7/AL7,0) -> 1 | BZ7: =IF(AM7>0,AN7/AM7,0) -> 1.0307018 | CA7: =IF(AN7>0,AO7/AN7,0) -> 1.0297872 | CB7: =IF(AO7>0,AP7/AO7,0) -> 1.0309917 | CC7: =IF(AP7>0,AQ7/AP7,0) -> 1.0300601 | CE7: =IF(AS7>0,AT7/AS7,0) -> 1 | CF7: =IF(AT7>0,AU7/AT7,0) -> 1.0307018 | CG7: =IF(AU7>0,AV7/AU7,0) -> 1.0297872 | CH7: =IF(AV7>0,AW7/AV7,0) -> 1.0309917 | CI7: =IF(AW7>0,AX7/AW7,0) -> 1.0300601 | CK7: =IF(AZ7>0,BA7/AZ7,0) -> 0 | CL7: =IF(BA7>0,BB7/BA7,0) -> 0 | CM7: =IF(BB7>0,BC7/BB7,0) -> 0 | CN7: =IF(BC7>0,BD7/BC7,0) -> 0 | CO7: =IF(BD7>0,BE7/BD7,0) -> 0
A8: 0 | B8: Seattle Campus | C8: 03 | D8: 02 | E8: Graduate Tier I | F8: 04 | G8: Graduate Tier I | H8: 2 | I8: Nonresident | J8: =+'Select Tuition Changes'!S13 -> 0 | K8: =+'Select Tuition Changes'!T13 -> 0 | L8: =+'Select Tuition Changes'!U13 -> 0 | M8: =+'Select Tuition Changes'!V13 -> 0 | N8: =+'Select Tuition Changes'!W13 -> 0 | P8: 0.035 | Q8: =+'Select Tuition Changes'!Y13-'Tuition Calculations'!AL8 -> 26301 | R8: =+'Select Tuition Changes'!Z13-'Tuition Calculations'!AM8 -> 26301 | S8: =+'Select Tuition Changes'!AA13-'Tuition Calculations'!AN8 -> 26301 | T8: =+'Select Tuition Changes'!AB13-'Tuition Calculations'!AO8 -> 26301 | U8: =+'Select Tuition Changes'!AC13-'Tuition Calculations'!AP8 -> 26301 | V8: =+'Select Tuition Changes'!AD13-'Tuition Calculations'!AQ8 -> 26301 | X8: =+Q7 -> 14751 | Y8: =+R7 -> 14751 | Z8: =+S7 -> 15196 | AA8: =+T7 -> 15653 | AB8: =+U7 -> 16124 | AC8: =+V7 -> 16610 | AE8: =+Q8-X8 -> 11550 | AF8: =+R8-Y8 -> 11550 | AG8: =+S8-Z8 -> 11105 | AH8: =+T8-AA8 -> 10648 | AI8: =+U8-AB8 -> 10177 | AJ8: =+V8-AC8 -> 9691 | AL8: =ROUND($P8*'Select Tuition Changes'!Y13,0) -> 954 | AM8: =ROUND($P8*'Select Tuition Changes'!Z13,0) -> 954 | AN8: =ROUND($P8*'Select Tuition Changes'!AA13,0) -> 954 | AO8: =ROUND($P8*'Select Tuition Changes'!AB13,0) -> 954 | AP8: =ROUND($P8*'Select Tuition Changes'!AC13,0) -> 954 | AQ8: =ROUND($P8*'Select Tuition Changes'!AD13,0) -> 954 | AS8: =+AL7 -> 456 | AT8: =+AM7 -> 456 | AU8: =+AN7 -> 470 | AV8: =+AO7 -> 484 | AW8: =+AP7 -> 499 | AX8: =+AQ7 -> 514 | AZ8: =+AL8-AS8 -> 498 | BA8: =+AM8-AT8 -> 498 | BB8: =+AN8-AU8 -> 484 | BC8: =+AO8-AV8 -> 470 | BD8: =+AP8-AW8 -> 455 | BE8: =+AQ8-AX8 -> 440 | BG8: =IF(Q8>0,R8/Q8,0) -> 1 | BH8: =IF(R8>0,S8/R8,0) -> 1 | BI8: =IF(S8>0,T8/S8,0) -> 1 | BJ8: =IF(T8>0,U8/T8,0) -> 1 | BK8: =IF(U8>0,V8/U8,0) -> 1 | BM8: =IF(X8>0,Y8/X8,0) -> 1 | BN8: =IF(Y8>0,Z8/Y8,0) -> 1.0301674 | BO8: =IF(Z8>0,AA8/Z8,0) -> 1.0300737 | BP8: =IF(AA8>0,AB8/AA8,0) -> 1.0300901 | BQ8: =IF(AB8>0,AC8/AB8,0) -> 1.0301414 | BS8: =IF(AE8>0,AF8/AE8,0) -> 1 | BT8: =IF(AF8>0,AG8/AF8,0) -> 0.96147186 | BU8: =IF(AG8>0,AH8/AG8,0) -> 0.95884737 | BV8: =IF(AH8>0,AI8/AH8,0) -> 0.95576634 | BW8: =IF(AI8>0,AJ8/AI8,0) -> 0.95224526 | BY8: =IF(AL8>0,AM8/AL8,0) -> 1 | BZ8: =IF(AM8>0,AN8/AM8,0) -> 1 | CA8: =IF(AN8>0,AO8/AN8,0) -> 1 | CB8: =IF(AO8>0,AP8/AO8,0) -> 1 | CC8: =IF(AP8>0,AQ8/AP8,0) -> 1 | CE8: =IF(AS8>0,AT8/AS8,0) -> 1 | CF8: =IF(AT8>0,AU8/AT8,0) -> 1.0307018 | CG8: =IF(AU8>0,AV8/AU8,0) -> 1.0297872 | CH8: =IF(AV8>0,AW8/AV8,0) -> 1.0309917 | CI8: =IF(AW8>0,AX8/AW8,0) -> 1.0300601 | CK8: =IF(AZ8>0,BA8/AZ8,0) -> 1 | CL8: =IF(BA8>0,BB8/BA8,0) -> 0.97188755 | CM8: =IF(BB8>0,BC8/BB8,0) -> 0.97107438 | CN8: =IF(BC8>0,BD8/BC8,0) -> 0.96808511 | CO8: =IF(BD8>0,BE8/BD8,0) -> 0.96703297
A9: 0 | B9: Seattle Campus | C9: 05 | D9: 03 | E9: Graduate Tier II | F9: 05 | G9: Graduate Tier II | H9: 1 | I9: Resident | J9: =+'Select Tuition Changes'!S14 -> 0 | K9: =+'Select Tuition Changes'!T14 -> 0.03 | L9: =+'Select Tuition Changes'!U14 -> 0.03 | M9: =+'Select Tuition Changes'!V14 -> 0.03 | N9: =+'Select Tuition Changes'!W14 -> 0.03 | P9: 0.03 | Q9: =+'Select Tuition Changes'!Y14-'Tuition Calculations'!AL9 -> 15126 | R9: =+'Select Tuition Changes'!Z14-'Tuition Calculations'!AM9 -> 15126 | S9: =+'Select Tuition Changes'!AA14-'Tuition Calculations'!AN9 -> 15580 | T9: =+'Select Tuition Changes'!AB14-'Tuition Calculations'!AO9 -> 16049 | U9: =+'Select Tuition Changes'!AC14-'Tuition Calculations'!AP9 -> 16532 | V9: =+'Select Tuition Changes'!AD14-'Tuition Calculations'!AQ9 -> 17029 | X9: =+Q9 -> 15126 | Y9: =+R9 -> 15126 | Z9: =+S9 -> 15580 | AA9: =+T9 -> 16049 | AB9: =+U9 -> 16532 | AC9: =+V9 -> 17029 | AE9: =+Q9-X9 -> 0 | AF9: =+R9-Y9 -> 0 | AG9: =+S9-Z9 -> 0 | AH9: =+T9-AA9 -> 0 | AI9: =+U9-AB9 -> 0 | AJ9: =+V9-AC9 -> 0 | AL9: =ROUND($P9*'Select Tuition Changes'!Y14,0) -> 468 | AM9: =ROUND($P9*'Select Tuition Changes'!Z14,0) -> 468 | AN9: =ROUND($P9*'Select Tuition Changes'!AA14,0) -> 482 | AO9: =ROUND($P9*'Select Tuition Changes'!AB14,0) -> 496 | AP9: =ROUND($P9*'Select Tuition Changes'!AC14,0) -> 511 | AQ9: =ROUND($P9*'Select Tuition Changes'!AD14,0) -> 527 | AS9: =+AL9 -> 468 | AT9: =+AM9 -> 468 | AU9: =+AN9 -> 482 | AV9: =+AO9 -> 496 | AW9: =+AP9 -> 511 | AX9: =+AQ9 -> 527 | AZ9: =+AL9-AS9 -> 0 | BA9: =+AM9-AT9 -> 0 | BB9: =+AN9-AU9 -> 0 | BC9: =+AO9-AV9 -> 0 | BD9: =+AP9-AW9 -> 0 | BE9: =+AQ9-AX9 -> 0 | BG9: =IF(Q9>0,R9/Q9,0) -> 1 | BH9: =IF(R9>0,S9/R9,0) -> 1.0300145 | BI9: =IF(S9>0,T9/S9,0) -> 1.0301027 | BJ9: =IF(T9>0,U9/T9,0) -> 1.0300953 | BK9: =IF(U9>0,V9/U9,0) -> 1.0300629 | BM9: =IF(X9>0,Y9/X9,0) -> 1 | BN9: =IF(Y9>0,Z9/Y9,0) -> 1.0300145 | BO9: =IF(Z9>0,AA9/Z9,0) -> 1.0301027 | BP9: =IF(AA9>0,AB9/AA9,0) -> 1.0300953 | BQ9: =IF(AB9>0,AC9/AB9,0) -> 1.0300629 | BS9: =IF(AE9>0,AF9/AE9,0) -> 0 | BT9: =IF(AF9>0,AG9/AF9,0) -> 0 | BU9: =IF(AG9>0,AH9/AG9,0) -> 0 | BV9: =IF(AH9>0,AI9/AH9,0) -> 0 | BW9: =IF(AI9>0,AJ9/AI9,0) -> 0 | BY9: =IF(AL9>0,AM9/AL9,0) -> 1 | BZ9: =IF(AM9>0,AN9/AM9,0) -> 1.0299145 | CA9: =IF(AN9>0,AO9/AN9,0) -> 1.0290456 | CB9: =IF(AO9>0,AP9/AO9,0) -> 1.0302419 | CC9: =IF(AP9>0,AQ9/AP9,0) -> 1.0313112 | CE9: =IF(AS9>0,AT9/AS9,0) -> 1 | CF9: =IF(AT9>0,AU9/AT9,0) -> 1.0299145 | CG9: =IF(AU9>0,AV9/AU9,0) -> 1.0290456 | CH9: =IF(AV9>0,AW9/AV9,0) -> 1.0302419 | CI9: =IF(AW9>0,AX9/AW9,0) -> 1.0313112 | CK9: =IF(AZ9>0,BA9/AZ9,0) -> 0 | CL9: =IF(BA9>0,BB9/BA9,0) -> 0 | CM9: =IF(BB9>0,BC9/BB9,0) -> 0 | CN9: =IF(BC9>0,BD9/BC9,0) -> 0 | CO9: =IF(BD9>0,BE9/BD9,0) -> 0
A10: 0 | B10: Seattle Campus | C10: 05 | D10: 03 | E10: Graduate Tier II | F10: 05 | G10: Graduate Tier II | H10: 2 | I10: Nonresident | J10: =+'Select Tuition Changes'!S15 -> 0 | K10: =+'Select Tuition Changes'!T15 -> 0 | L10: =+'Select Tuition Changes'!U15 -> 0 | M10: =+'Select Tuition Changes'!V15 -> 0 | N10: =+'Select Tuition Changes'!W15 -> 0 | P10: 0.035 | Q10: =+'Select Tuition Changes'!Y15-'Tuition Calculations'!AL10 -> 26863 | R10: =+'Select Tuition Changes'!Z15-'Tuition Calculations'!AM10 -> 26863 | S10: =+'Select Tuition Changes'!AA15-'Tuition Calculations'!AN10 -> 26863 | T10: =+'Select Tuition Changes'!AB15-'Tuition Calculations'!AO10 -> 26863 | U10: =+'Select Tuition Changes'!AC15-'Tuition Calculations'!AP10 -> 26863 | V10: =+'Select Tuition Changes'!AD15-'Tuition Calculations'!AQ10 -> 26863 | X10: =+Q9 -> 15126 | Y10: =+R9 -> 15126 | Z10: =+S9 -> 15580 | AA10: =+T9 -> 16049 | AB10: =+U9 -> 16532 | AC10: =+V9 -> 17029 | AE10: =+Q10-X10 -> 11737 | AF10: =+R10-Y10 -> 11737 | AG10: =+S10-Z10 -> 11283 | AH10: =+T10-AA10 -> 10814 | AI10: =+U10-AB10 -> 10331 | AJ10: =+V10-AC10 -> 9834 | AL10: =ROUND($P10*'Select Tuition Changes'!Y15,0) -> 974 | AM10: =ROUND($P10*'Select Tuition Changes'!Z15,0) -> 974 | AN10: =ROUND($P10*'Select Tuition Changes'!AA15,0) -> 974 | AO10: =ROUND($P10*'Select Tuition Changes'!AB15,0) -> 974 | AP10: =ROUND($P10*'Select Tuition Changes'!AC15,0) -> 974 | AQ10: =ROUND($P10*'Select Tuition Changes'!AD15,0) -> 974 | AS10: =+AL9 -> 468 | AT10: =+AM9 -> 468 | AU10: =+AN9 -> 482 | AV10: =+AO9 -> 496 | AW10: =+AP9 -> 511 | AX10: =+AQ9 -> 527 | AZ10: =+AL10-AS10 -> 506 | BA10: =+AM10-AT10 -> 506 | BB10: =+AN10-AU10 -> 492 | BC10: =+AO10-AV10 -> 478 | BD10: =+AP10-AW10 -> 463 | BE10: =+AQ10-AX10 -> 447 | BG10: =IF(Q10>0,R10/Q10,0) -> 1 | BH10: =IF(R10>0,S10/R10,0) -> 1 | BI10: =IF(S10>0,T10/S10,0) -> 1 | BJ10: =IF(T10>0,U10/T10,0) -> 1 | BK10: =IF(U10>0,V10/U10,0) -> 1 | BM10: =IF(X10>0,Y10/X10,0) -> 1 | BN10: =IF(Y10>0,Z10/Y10,0) -> 1.0300145 | BO10: =IF(Z10>0,AA10/Z10,0) -> 1.0301027 | BP10: =IF(AA10>0,AB10/AA10,0) -> 1.0300953 | BQ10: =IF(AB10>0,AC10/AB10,0) -> 1.0300629 | BS10: =IF(AE10>0,AF10/AE10,0) -> 1 | BT10: =IF(AF10>0,AG10/AF10,0) -> 0.96131891 | BU10: =IF(AG10>0,AH10/AG10,0) -> 0.95843304 | BV10: =IF(AH10>0,AI10/AH10,0) -> 0.95533568 | BW10: =IF(AI10>0,AJ10/AI10,0) -> 0.95189236 | BY10: =IF(AL10>0,AM10/AL10,0) -> 1 | BZ10: =IF(AM10>0,AN10/AM10,0) -> 1 | CA10: =IF(AN10>0,AO10/AN10,0) -> 1 | CB10: =IF(AO10>0,AP10/AO10,0) -> 1 | CC10: =IF(AP10>0,AQ10/AP10,0) -> 1 | CE10: =IF(AS10>0,AT10/AS10,0) -> 1 | CF10: =IF(AT10>0,AU10/AT10,0) -> 1.0299145 | CG10: =IF(AU10>0,AV10/AU10,0) -> 1.0290456 | CH10: =IF(AV10>0,AW10/AV10,0) -> 1.0302419 | CI10: =IF(AW10>0,AX10/AW10,0) -> 1.0313112 | CK10: =IF(AZ10>0,BA10/AZ10,0) -> 1 | CL10: =IF(BA10>0,BB10/BA10,0) -> 0.97233202 | CM10: =IF(BB10>0,BC10/BB10,0) -> 0.97154472 | CN10: =IF(BC10>0,BD10/BC10,0) -> 0.96861925 | CO10: =IF(BD10>0,BE10/BD10,0) -> 0.96544276
A11: 0 | B11: Seattle Campus | C11: 07 | D11: 04 | E11: Graduate Tier III | F11: 03 | G11: Graduate Post-Bacc / Non-Matric | H11: 1 | I11: Resident | J11: =+'Select Tuition Changes'!S16 -> 0 | K11: =+'Select Tuition Changes'!T16 -> 0.03 | L11: =+'Select Tuition Changes'!U16 -> 0.03 | M11: =+'Select Tuition Changes'!V16 -> 0.03 | N11: =+'Select Tuition Changes'!W16 -> 0.03 | P11: =+P13 -> 0.03 | Q11: =+'Select Tuition Changes'!Y16-'Tuition Calculations'!AL11 -> 15470 | R11: =+'Select Tuition Changes'!Z16-'Tuition Calculations'!AM11 -> 15470 | S11: =+'Select Tuition Changes'!AA16-'Tuition Calculations'!AN11 -> 15935 | T11: =+'Select Tuition Changes'!AB16-'Tuition Calculations'!AO11 -> 16415 | U11: =+'Select Tuition Changes'!AC16-'Tuition Calculations'!AP11 -> 16910 | V11: =+'Select Tuition Changes'!AD16-'Tuition Calculations'!AQ11 -> 17419 | X11: =+Q11 -> 15470 | Y11: =+R11 -> 15470 | Z11: =+S11 -> 15935 | AA11: =+T11 -> 16415 | AB11: =+U11 -> 16910 | AC11: =+V11 -> 17419 | AE11: =+Q11-X11 -> 0 | AF11: =+R11-Y11 -> 0 | AG11: =+S11-Z11 -> 0 | AH11: =+T11-AA11 -> 0 | AI11: =+U11-AB11 -> 0 | AJ11: =+V11-AC11 -> 0 | AL11: =ROUND($P11*'Select Tuition Changes'!Y16,0) -> 478 | AM11: =ROUND($P11*'Select Tuition Changes'!Z16,0) -> 478 | AN11: =ROUND($P11*'Select Tuition Changes'!AA16,0) -> 493 | AO11: =ROUND($P11*'Select Tuition Changes'!AB16,0) -> 508 | AP11: =ROUND($P11*'Select Tuition Changes'!AC16,0) -> 523 | AQ11: =ROUND($P11*'Select Tuition Changes'!AD16,0) -> 539 | AS11: =+AL11 -> 478 | AT11: =+AM11 -> 478 | AU11: =+AN11 -> 493 | AV11: =+AO11 -> 508 | AW11: =+AP11 -> 523 | AX11: =+AQ11 -> 539 | AZ11: =+AL11-AS11 -> 0 | BA11: =+AM11-AT11 -> 0 | BB11: =+AN11-AU11 -> 0 | BC11: =+AO11-AV11 -> 0 | BD11: =+AP11-AW11 -> 0 | BE11: =+AQ11-AX11 -> 0 | BG11: =IF(Q11>0,R11/Q11,0) -> 1 | BH11: =IF(R11>0,S11/R11,0) -> 1.0300582 | BI11: =IF(S11>0,T11/S11,0) -> 1.0301224 | BJ11: =IF(T11>0,U11/T11,0) -> 1.0301553 | BK11: =IF(U11>0,V11/U11,0) -> 1.0301005 | BM11: =IF(X11>0,Y11/X11,0) -> 1 | BN11: =IF(Y11>0,Z11/Y11,0) -> 1.0300582 | BO11: =IF(Z11>0,AA11/Z11,0) -> 1.0301224 | BP11: =IF(AA11>0,AB11/AA11,0) -> 1.0301553 | BQ11: =IF(AB11>0,AC11/AB11,0) -> 1.0301005 | BS11: =IF(AE11>0,AF11/AE11,0) -> 0 | BT11: =IF(AF11>0,AG11/AF11,0) -> 0 | BU11: =IF(AG11>0,AH11/AG11,0) -> 0 | BV11: =IF(AH11>0,AI11/AH11,0) -> 0 | BW11: =IF(AI11>0,AJ11/AI11,0) -> 0 | BY11: =IF(AL11>0,AM11/AL11,0) -> 1 | BZ11: =IF(AM11>0,AN11/AM11,0) -> 1.0313808 | CA11: =IF(AN11>0,AO11/AN11,0) -> 1.030426 | CB11: =IF(AO11>0,AP11/AO11,0) -> 1.0295276 | CC11: =IF(AP11>0,AQ11/AP11,0) -> 1.0305927 | CE11: =IF(AS11>0,AT11/AS11,0) -> 1 | CF11: =IF(AT11>0,AU11/AT11,0) -> 1.0313808 | CG11: =IF(AU11>0,AV11/AU11,0) -> 1.030426 | CH11: =IF(AV11>0,AW11/AV11,0) -> 1.0295276 | CI11: =IF(AW11>0,AX11/AW11,0) -> 1.0305927 | CK11: =IF(AZ11>0,BA11/AZ11,0) -> 0 | CL11: =IF(BA11>0,BB11/BA11,0) -> 0 | CM11: =IF(BB11>0,BC11/BB11,0) -> 0 | CN11: =IF(BC11>0,BD11/BC11,0) -> 0 | CO11: =IF(BD11>0,BE11/BD11,0) -> 0
A12: 0 | B12: Seattle Campus | C12: 07 | D12: 04 | E12: Graduate Tier III | F12: 03 | G12: Graduate Post-Bacc / Non-Matric | H12: 2 | I12: Nonresident | J12: =+'Select Tuition Changes'!S17 -> 0 | K12: =+'Select Tuition Changes'!T17 -> 0 | L12: =+'Select Tuition Changes'!U17 -> 0 | M12: =+'Select Tuition Changes'!V17 -> 0 | N12: =+'Select Tuition Changes'!W17 -> 0 | P12: =+P14 -> 0.035 | Q12: =+'Select Tuition Changes'!Y17-'Tuition Calculations'!AL12 -> 27427 | R12: =+'Select Tuition Changes'!Z17-'Tuition Calculations'!AM12 -> 27427 | S12: =+'Select Tuition Changes'!AA17-'Tuition Calculations'!AN12 -> 27427 | T12: =+'Select Tuition Changes'!AB17-'Tuition Calculations'!AO12 -> 27427 | U12: =+'Select Tuition Changes'!AC17-'Tuition Calculations'!AP12 -> 27427 | V12: =+'Select Tuition Changes'!AD17-'Tuition Calculations'!AQ12 -> 27427 | X12: =+Q11 -> 15470 | Y12: =+R11 -> 15470 | Z12: =+S11 -> 15935 | AA12: =+T11 -> 16415 | AB12: =+U11 -> 16910 | AC12: =+V11 -> 17419 | AE12: =+Q12-X12 -> 11957 | AF12: =+R12-Y12 -> 11957 | AG12: =+S12-Z12 -> 11492 | AH12: =+T12-AA12 -> 11012 | AI12: =+U12-AB12 -> 10517 | AJ12: =+V12-AC12 -> 10008 | AL12: =ROUND($P12*'Select Tuition Changes'!Y17,0) -> 995 | AM12: =ROUND($P12*'Select Tuition Changes'!Z17,0) -> 995 | AN12: =ROUND($P12*'Select Tuition Changes'!AA17,0) -> 995 | AO12: =ROUND($P12*'Select Tuition Changes'!AB17,0) -> 995 | AP12: =ROUND($P12*'Select Tuition Changes'!AC17,0) -> 995 | AQ12: =ROUND($P12*'Select Tuition Changes'!AD17,0) -> 995 | AS12: =+AL11 -> 478 | AT12: =+AM11 -> 478 | AU12: =+AN11 -> 493 | AV12: =+AO11 -> 508 | AW12: =+AP11 -> 523 | AX12: =+AQ11 -> 539 | AZ12: =+AL12-AS12 -> 517 | BA12: =+AM12-AT12 -> 517 | BB12: =+AN12-AU12 -> 502 | BC12: =+AO12-AV12 -> 487 | BD12: =+AP12-AW12 -> 472 | BE12: =+AQ12-AX12 -> 456 | BG12: =IF(Q12>0,R12/Q12,0) -> 1 | BH12: =IF(R12>0,S12/R12,0) -> 1 | BI12: =IF(S12>0,T12/S12,0) -> 1 | BJ12: =IF(T12>0,U12/T12,0) -> 1 | BK12: =IF(U12>0,V12/U12,0) -> 1 | BM12: =IF(X12>0,Y12/X12,0) -> 1 | BN12: =IF(Y12>0,Z12/Y12,0) -> 1.0300582 | BO12: =IF(Z12>0,AA12/Z12,0) -> 1.0301224 | BP12: =IF(AA12>0,AB12/AA12,0) -> 1.0301553 | BQ12: =IF(AB12>0,AC12/AB12,0) -> 1.0301005 | BS12: =IF(AE12>0,AF12/AE12,0) -> 1 | BT12: =IF(AF12>0,AG12/AF12,0) -> 0.96111065 | BU12: =IF(AG12>0,AH12/AG12,0) -> 0.95823181 | BV12: =IF(AH12>0,AI12/AH12,0) -> 0.95504904 | BW12: =IF(AI12>0,AJ12/AI12,0) -> 0.95160217 | BY12: =IF(AL12>0,AM12/AL12,0) -> 1 | BZ12: =IF(AM12>0,AN12/AM12,0) -> 1 | CA12: =IF(AN12>0,AO12/AN12,0) -> 1 | CB12: =IF(AO12>0,AP12/AO12,0) -> 1 | CC12: =IF(AP12>0,AQ12/AP12,0) -> 1 | CE12: =IF(AS12>0,AT12/AS12,0) -> 1 | CF12: =IF(AT12>0,AU12/AT12,0) -> 1.0313808 | CG12: =IF(AU12>0,AV12/AU12,0) -> 1.030426 | CH12: =IF(AV12>0,AW12/AV12,0) -> 1.0295276 | CI12: =IF(AW12>0,AX12/AW12,0) -> 1.0305927 | CK12: =IF(AZ12>0,BA12/AZ12,0) -> 1 | CL12: =IF(BA12>0,BB12/BA12,0) -> 0.97098646 | CM12: =IF(BB12>0,BC12/BB12,0) -> 0.97011952 | CN12: =IF(BC12>0,BD12/BC12,0) -> 0.96919918 | CO12: =IF(BD12>0,BE12/BD12,0) -> 0.96610169
A13: 0 | B13: Seattle Campus | C13: 07 | D13: 04 | E13: Graduate Tier III | F13: 06 | G13: Graduate Tier III | H13: 1 | I13: Resident | J13: =+'Select Tuition Changes'!S18 -> 0 | K13: =+'Select Tuition Changes'!T18 -> 0.03 | L13: =+'Select Tuition Changes'!U18 -> 0.03 | M13: =+'Select Tuition Changes'!V18 -> 0.03 | N13: =+'Select Tuition Changes'!W18 -> 0.03 | P13: 0.03 | Q13: =+'Select Tuition Changes'!Y18-'Tuition Calculations'!AL13 -> 15470 | R13: =+'Select Tuition Changes'!Z18-'Tuition Calculations'!AM13 -> 15470 | S13: =+'Select Tuition Changes'!AA18-'Tuition Calculations'!AN13 -> 15935 | T13: =+'Select Tuition Changes'!AB18-'Tuition Calculations'!AO13 -> 16415 | U13: =+'Select Tuition Changes'!AC18-'Tuition Calculations'!AP13 -> 16910 | V13: =+'Select Tuition Changes'!AD18-'Tuition Calculations'!AQ13 -> 17419 | X13: =+Q13 -> 15470 | Y13: =+R13 -> 15470 | Z13: =+S13 -> 15935 | AA13: =+T13 -> 16415 | AB13: =+U13 -> 16910 | AC13: =+V13 -> 17419 | AE13: =+Q13-X13 -> 0 | AF13: =+R13-Y13 -> 0 | AG13: =+S13-Z13 -> 0 | AH13: =+T13-AA13 -> 0 | AI13: =+U13-AB13 -> 0 | AJ13: =+V13-AC13 -> 0 | AL13: =ROUND($P13*'Select Tuition Changes'!Y18,0) -> 478 | AM13: =ROUND($P13*'Select Tuition Changes'!Z18,0) -> 478 | AN13: =ROUND($P13*'Select Tuition Changes'!AA18,0) -> 493 | AO13: =ROUND($P13*'Select Tuition Changes'!AB18,0) -> 508 | AP13: =ROUND($P13*'Select Tuition Changes'!AC18,0) -> 523 | AQ13: =ROUND($P13*'Select Tuition Changes'!AD18,0) -> 539 | AS13: =+AL13 -> 478 | AT13: =+AM13 -> 478 | AU13: =+AN13 -> 493 | AV13: =+AO13 -> 508 | AW13: =+AP13 -> 523 | AX13: =+AQ13 -> 539 | AZ13: =+AL13-AS13 -> 0 | BA13: =+AM13-AT13 -> 0 | BB13: =+AN13-AU13 -> 0 | BC13: =+AO13-AV13 -> 0 | BD13: =+AP13-AW13 -> 0 | BE13: =+AQ13-AX13 -> 0 | BG13: =IF(Q13>0,R13/Q13,0) -> 1 | BH13: =IF(R13>0,S13/R13,0) -> 1.0300582 | BI13: =IF(S13>0,T13/S13,0) -> 1.0301224 | BJ13: =IF(T13>0,U13/T13,0) -> 1.0301553 | BK13: =IF(U13>0,V13/U13,0) -> 1.0301005 | BM13: =IF(X13>0,Y13/X13,0) -> 1 | BN13: =IF(Y13>0,Z13/Y13,0) -> 1.0300582 | BO13: =IF(Z13>0,AA13/Z13,0) -> 1.0301224 | BP13: =IF(AA13>0,AB13/AA13,0) -> 1.0301553 | BQ13: =IF(AB13>0,AC13/AB13,0) -> 1.0301005 | BS13: =IF(AE13>0,AF13/AE13,0) -> 0 | BT13: =IF(AF13>0,AG13/AF13,0) -> 0 | BU13: =IF(AG13>0,AH13/AG13,0) -> 0 | BV13: =IF(AH13>0,AI13/AH13,0) -> 0 | BW13: =IF(AI13>0,AJ13/AI13,0) -> 0 | BY13: =IF(AL13>0,AM13/AL13,0) -> 1 | BZ13: =IF(AM13>0,AN13/AM13,0) -> 1.0313808 | CA13: =IF(AN13>0,AO13/AN13,0) -> 1.030426 | CB13: =IF(AO13>0,AP13/AO13,0) -> 1.0295276 | CC13: =IF(AP13>0,AQ13/AP13,0) -> 1.0305927 | CE13: =IF(AS13>0,AT13/AS13,0) -> 1 | CF13: =IF(AT13>0,AU13/AT13,0) -> 1.0313808 | CG13: =IF(AU13>0,AV13/AU13,0) -> 1.030426 | CH13: =IF(AV13>0,AW13/AV13,0) -> 1.0295276 | CI13: =IF(AW13>0,AX13/AW13,0) -> 1.0305927 | CK13: =IF(AZ13>0,BA13/AZ13,0) -> 0 | CL13: =IF(BA13>0,BB13/BA13,0) -> 0 | CM13: =IF(BB13>0,BC13/BB13,0) -> 0 | CN13: =IF(BC13>0,BD13/BC13,0) -> 0 | CO13: =IF(BD13>0,BE13/BD13,0) -> 0
A14: 0 | B14: Seattle Campus | C14: 07 | D14: 04 | E14: Graduate Tier III | F14: 06 | G14: Graduate Tier III | H14: 2 | I14: Nonresident | J14: =+'Select Tuition Changes'!S19 -> 0 | K14: =+'Select Tuition Changes'!T19 -> 0 | L14: =+'Select Tuition Changes'!U19 -> 0 | M14: =+'Select Tuition Changes'!V19 -> 0 | N14: =+'Select Tuition Changes'!W19 -> 0 | P14: 0.035 | Q14: =+'Select Tuition Changes'!Y19-'Tuition Calculations'!AL14 -> 27427 | R14: =+'Select Tuition Changes'!Z19-'Tuition Calculations'!AM14 -> 27427 | S14: =+'Select Tuition Changes'!AA19-'Tuition Calculations'!AN14 -> 27427 | T14: =+'Select Tuition Changes'!AB19-'Tuition Calculations'!AO14 -> 27427 | U14: =+'Select Tuition Changes'!AC19-'Tuition Calculations'!AP14 -> 27427 | V14: =+'Select Tuition Changes'!AD19-'Tuition Calculations'!AQ14 -> 27427 | X14: =+Q13 -> 15470 | Y14: =+R13 -> 15470 | Z14: =+S13 -> 15935 | AA14: =+T13 -> 16415 | AB14: =+U13 -> 16910 | AC14: =+V13 -> 17419 | AE14: =+Q14-X14 -> 11957 | AF14: =+R14-Y14 -> 11957 | AG14: =+S14-Z14 -> 11492 | AH14: =+T14-AA14 -> 11012 | AI14: =+U14-AB14 -> 10517 | AJ14: =+V14-AC14 -> 10008 | AL14: =ROUND($P14*'Select Tuition Changes'!Y19,0) -> 995 | AM14: =ROUND($P14*'Select Tuition Changes'!Z19,0) -> 995 | AN14: =ROUND($P14*'Select Tuition Changes'!AA19,0) -> 995 | AO14: =ROUND($P14*'Select Tuition Changes'!AB19,0) -> 995 | AP14: =ROUND($P14*'Select Tuition Changes'!AC19,0) -> 995 | AQ14: =ROUND($P14*'Select Tuition Changes'!AD19,0) -> 995 | AS14: =+AL13 -> 478 | AT14: =+AM13 -> 478 | AU14: =+AN13 -> 493 | AV14: =+AO13 -> 508 | AW14: =+AP13 -> 523 | AX14: =+AQ13 -> 539 | AZ14: =+AL14-AS14 -> 517 | BA14: =+AM14-AT14 -> 517 | BB14: =+AN14-AU14 -> 502 | BC14: =+AO14-AV14 -> 487 | BD14: =+AP14-AW14 -> 472 | BE14: =+AQ14-AX14 -> 456 | BG14: =IF(Q14>0,R14/Q14,0) -> 1 | BH14: =IF(R14>0,S14/R14,0) -> 1 | BI14: =IF(S14>0,T14/S14,0) -> 1 | BJ14: =IF(T14>0,U14/T14,0) -> 1 | BK14: =IF(U14>0,V14/U14,0) -> 1 | BM14: =IF(X14>0,Y14/X14,0) -> 1 | BN14: =IF(Y14>0,Z14/Y14,0) -> 1.0300582 | BO14: =IF(Z14>0,AA14/Z14,0) -> 1.0301224 | BP14: =IF(AA14>0,AB14/AA14,0) -> 1.0301553 | BQ14: =IF(AB14>0,AC14/AB14,0) -> 1.0301005 | BS14: =IF(AE14>0,AF14/AE14,0) -> 1 | BT14: =IF(AF14>0,AG14/AF14,0) -> 0.96111065 | BU14: =IF(AG14>0,AH14/AG14,0) -> 0.95823181 | BV14: =IF(AH14>0,AI14/AH14,0) -> 0.95504904 | BW14: =IF(AI14>0,AJ14/AI14,0) -> 0.95160217 | BY14: =IF(AL14>0,AM14/AL14,0) -> 1 | BZ14: =IF(AM14>0,AN14/AM14,0) -> 1 | CA14: =IF(AN14>0,AO14/AN14,0) -> 1 | CB14: =IF(AO14>0,AP14/AO14,0) -> 1 | CC14: =IF(AP14>0,AQ14/AP14,0) -> 1 | CE14: =IF(AS14>0,AT14/AS14,0) -> 1 | CF14: =IF(AT14>0,AU14/AT14,0) -> 1.0313808 | CG14: =IF(AU14>0,AV14/AU14,0) -> 1.030426 | CH14: =IF(AV14>0,AW14/AV14,0) -> 1.0295276 | CI14: =IF(AW14>0,AX14/AW14,0) -> 1.0305927 | CK14: =IF(AZ14>0,BA14/AZ14,0) -> 1 | CL14: =IF(BA14>0,BB14/BA14,0) -> 0.97098646 | CM14: =IF(BB14>0,BC14/BB14,0) -> 0.97011952 | CN14: =IF(BC14>0,BD14/BC14,0) -> 0.96919918 | CO14: =IF(BD14>0,BE14/BD14,0) -> 0.96610169
A15: 0 | B15: Seattle Campus | C15: 09 | D15: 06 | E15: Coll Environ Graduate | F15: 26 | G15: College of the Environment Graduate Programs | H15: 1 | I15: Resident | J15: =+'Select Tuition Changes'!S20 -> 0.03 | K15: =+'Select Tuition Changes'!T20 -> 0.03 | L15: =+'Select Tuition Changes'!U20 -> 0.03 | M15: =+'Select Tuition Changes'!V20 -> 0.03 | N15: =+'Select Tuition Changes'!W20 -> 0.03 | P15: 0.03 | Q15: =+'Select Tuition Changes'!Y20-'Tuition Calculations'!AL15 -> 15126 | R15: =+'Select Tuition Changes'!Z20-'Tuition Calculations'!AM15 -> 15580 | S15: =+'Select Tuition Changes'!AA20-'Tuition Calculations'!AN15 -> 16049 | T15: =+'Select Tuition Changes'!AB20-'Tuition Calculations'!AO15 -> 16532 | U15: =+'Select Tuition Changes'!AC20-'Tuition Calculations'!AP15 -> 17029 | V15: =+'Select Tuition Changes'!AD20-'Tuition Calculations'!AQ15 -> 17541 | X15: =+Q15 -> 15126 | Y15: =+R15 -> 15580 | Z15: =+S15 -> 16049 | AA15: =+T15 -> 16532 | AB15: =+U15 -> 17029 | AC15: =+V15 -> 17541 | AE15: =+Q15-X15 -> 0 | AF15: =+R15-Y15 -> 0 | AG15: =+S15-Z15 -> 0 | AH15: =+T15-AA15 -> 0 | AI15: =+U15-AB15 -> 0 | AJ15: =+V15-AC15 -> 0 | AL15: =ROUND($P15*'Select Tuition Changes'!Y20,0) -> 468 | AM15: =ROUND($P15*'Select Tuition Changes'!Z20,0) -> 482 | AN15: =ROUND($P15*'Select Tuition Changes'!AA20,0) -> 496 | AO15: =ROUND($P15*'Select Tuition Changes'!AB20,0) -> 511 | AP15: =ROUND($P15*'Select Tuition Changes'!AC20,0) -> 527 | AQ15: =ROUND($P15*'Select Tuition Changes'!AD20,0) -> 543 | AS15: =+AL15 -> 468 | AT15: =+AM15 -> 482 | AU15: =+AN15 -> 496 | AV15: =+AO15 -> 511 | AW15: =+AP15 -> 527 | AX15: =+AQ15 -> 543 | AZ15: =+AL15-AS15 -> 0 | BA15: =+AM15-AT15 -> 0 | BB15: =+AN15-AU15 -> 0 | BC15: =+AO15-AV15 -> 0 | BD15: =+AP15-AW15 -> 0 | BE15: =+AQ15-AX15 -> 0 | BG15: =IF(Q15>0,R15/Q15,0) -> 1.0300145 | BH15: =IF(R15>0,S15/R15,0) -> 1.0301027 | BI15: =IF(S15>0,T15/S15,0) -> 1.0300953 | BJ15: =IF(T15>0,U15/T15,0) -> 1.0300629 | BK15: =IF(U15>0,V15/U15,0) -> 1.0300664 | BM15: =IF(X15>0,Y15/X15,0) -> 1.0300145 | BN15: =IF(Y15>0,Z15/Y15,0) -> 1.0301027 | BO15: =IF(Z15>0,AA15/Z15,0) -> 1.0300953 | BP15: =IF(AA15>0,AB15/AA15,0) -> 1.0300629 | BQ15: =IF(AB15>0,AC15/AB15,0) -> 1.0300664 | BS15: =IF(AE15>0,AF15/AE15,0) -> 0 | BT15: =IF(AF15>0,AG15/AF15,0) -> 0 | BU15: =IF(AG15>0,AH15/AG15,0) -> 0 | BV15: =IF(AH15>0,AI15/AH15,0) -> 0 | BW15: =IF(AI15>0,AJ15/AI15,0) -> 0 | BY15: =IF(AL15>0,AM15/AL15,0) -> 1.0299145 | BZ15: =IF(AM15>0,AN15/AM15,0) -> 1.0290456 | CA15: =IF(AN15>0,AO15/AN15,0) -> 1.0302419 | CB15: =IF(AO15>0,AP15/AO15,0) -> 1.0313112 | CC15: =IF(AP15>0,AQ15/AP15,0) -> 1.0303605 | CE15: =IF(AS15>0,AT15/AS15,0) -> 1.0299145 | CF15: =IF(AT15>0,AU15/AT15,0) -> 1.0290456 | CG15: =IF(AU15>0,AV15/AU15,0) -> 1.0302419 | CH15: =IF(AV15>0,AW15/AV15,0) -> 1.0313112 | CI15: =IF(AW15>0,AX15/AW15,0) -> 1.0303605 | CK15: =IF(AZ15>0,BA15/AZ15,0) -> 0 | CL15: =IF(BA15>0,BB15/BA15,0) -> 0 | CM15: =IF(BB15>0,BC15/BB15,0) -> 0 | CN15: =IF(BC15>0,BD15/BC15,0) -> 0 | CO15: =IF(BD15>0,BE15/BD15,0) -> 0
A16: 0 | B16: Seattle Campus | C16: 09 | D16: 06 | E16: Coll Environ Graduate | F16: 26 | G16: College of the Environment Graduate Programs | H16: 2 | I16: Nonresident | J16: =+'Select Tuition Changes'!S21 -> 0.03 | K16: =+'Select Tuition Changes'!T21 -> 0.03 | L16: =+'Select Tuition Changes'!U21 -> 0.03 | M16: =+'Select Tuition Changes'!V21 -> 0.03 | N16: =+'Select Tuition Changes'!W21 -> 0.03 | P16: 0.035 | Q16: =+'Select Tuition Changes'!Y21-'Tuition Calculations'!AL16 -> 26863 | R16: =+'Select Tuition Changes'!Z21-'Tuition Calculations'!AM16 -> 27670 | S16: =+'Select Tuition Changes'!AA21-'Tuition Calculations'!AN16 -> 28501 | T16: =+'Select Tuition Changes'!AB21-'Tuition Calculations'!AO16 -> 29358 | U16: =+'Select Tuition Changes'!AC21-'Tuition Calculations'!AP16 -> 30241 | V16: =+'Select Tuition Changes'!AD21-'Tuition Calculations'!AQ16 -> 31150 | X16: =+Q15 -> 15126 | Y16: =+R15 -> 15580 | Z16: =+S15 -> 16049 | AA16: =+T15 -> 16532 | AB16: =+U15 -> 17029 | AC16: =+V15 -> 17541 | AE16: =+Q16-X16 -> 11737 | AF16: =+R16-Y16 -> 12090 | AG16: =+S16-Z16 -> 12452 | AH16: =+T16-AA16 -> 12826 | AI16: =+U16-AB16 -> 13212 | AJ16: =+V16-AC16 -> 13609 | AL16: =ROUND($P16*'Select Tuition Changes'!Y21,0) -> 974 | AM16: =ROUND($P16*'Select Tuition Changes'!Z21,0) -> 1004 | AN16: =ROUND($P16*'Select Tuition Changes'!AA21,0) -> 1034 | AO16: =ROUND($P16*'Select Tuition Changes'!AB21,0) -> 1065 | AP16: =ROUND($P16*'Select Tuition Changes'!AC21,0) -> 1097 | AQ16: =ROUND($P16*'Select Tuition Changes'!AD21,0) -> 1130 | AS16: =+AL15 -> 468 | AT16: =+AM15 -> 482 | AU16: =+AN15 -> 496 | AV16: =+AO15 -> 511 | AW16: =+AP15 -> 527 | AX16: =+AQ15 -> 543 | AZ16: =+AL16-AS16 -> 506 | BA16: =+AM16-AT16 -> 522 | BB16: =+AN16-AU16 -> 538 | BC16: =+AO16-AV16 -> 554 | BD16: =+AP16-AW16 -> 570 | BE16: =+AQ16-AX16 -> 587 | BG16: =IF(Q16>0,R16/Q16,0) -> 1.0300413 | BH16: =IF(R16>0,S16/R16,0) -> 1.0300325 | BI16: =IF(S16>0,T16/S16,0) -> 1.0300691 | BJ16: =IF(T16>0,U16/T16,0) -> 1.030077 | BK16: =IF(U16>0,V16/U16,0) -> 1.0300585 | BM16: =IF(X16>0,Y16/X16,0) -> 1.0300145 | BN16: =IF(Y16>0,Z16/Y16,0) -> 1.0301027 | BO16: =IF(Z16>0,AA16/Z16,0) -> 1.0300953 | BP16: =IF(AA16>0,AB16/AA16,0) -> 1.0300629 | BQ16: =IF(AB16>0,AC16/AB16,0) -> 1.0300664 | BS16: =IF(AE16>0,AF16/AE16,0) -> 1.0300758 | BT16: =IF(AF16>0,AG16/AF16,0) -> 1.0299421 | BU16: =IF(AG16>0,AH16/AG16,0) -> 1.0300353 | BV16: =IF(AH16>0,AI16/AH16,0) -> 1.0300951 | BW16: =IF(AI16>0,AJ16/AI16,0) -> 1.0300484 | BY16: =IF(AL16>0,AM16/AL16,0) -> 1.0308008 | BZ16: =IF(AM16>0,AN16/AM16,0) -> 1.0298805 | CA16: =IF(AN16>0,AO16/AN16,0) -> 1.0299807 | CB16: =IF(AO16>0,AP16/AO16,0) -> 1.0300469 | CC16: =IF(AP16>0,AQ16/AP16,0) -> 1.030082 | CE16: =IF(AS16>0,AT16/AS16,0) -> 1.0299145 | CF16: =IF(AT16>0,AU16/AT16,0) -> 1.0290456 | CG16: =IF(AU16>0,AV16/AU16,0) -> 1.0302419 | CH16: =IF(AV16>0,AW16/AV16,0) -> 1.0313112 | CI16: =IF(AW16>0,AX16/AW16,0) -> 1.0303605 | CK16: =IF(AZ16>0,BA16/AZ16,0) -> 1.0316206 | CL16: =IF(BA16>0,BB16/BA16,0) -> 1.0306513 | CM16: =IF(BB16>0,BC16/BB16,0) -> 1.0297398 | CN16: =IF(BC16>0,BD16/BC16,0) -> 1.0288809 | CO16: =IF(BD16>0,BE16/BD16,0) -> 1.0298246
A17: 0 | B17: Seattle Campus | C17: 11 | D17: 07 | E17: Education Graduate | F17: 27 | G17: Master of Education and Master in Teaching | H17: 1 | I17: Resident | J17: =+'Select Tuition Changes'!S22 -> 0.03 | K17: =+'Select Tuition Changes'!T22 -> 0.03 | L17: =+'Select Tuition Changes'!U22 -> 0.03 | M17: =+'Select Tuition Changes'!V22 -> 0.03 | N17: =+'Select Tuition Changes'!W22 -> 0.03 | P17: 0.03 | Q17: =+'Select Tuition Changes'!Y22-'Tuition Calculations'!AL17 -> 14565 | R17: =+'Select Tuition Changes'!Z22-'Tuition Calculations'!AM17 -> 15004 | S17: =+'Select Tuition Changes'!AA22-'Tuition Calculations'!AN17 -> 15455 | T17: =+'Select Tuition Changes'!AB22-'Tuition Calculations'!AO17 -> 15921 | U17: =+'Select Tuition Changes'!AC22-'Tuition Calculations'!AP17 -> 16401 | V17: =+'Select Tuition Changes'!AD22-'Tuition Calculations'!AQ17 -> 16895 | X17: =+Q17 -> 14565 | Y17: =+R17 -> 15004 | Z17: =+S17 -> 15455 | AA17: =+T17 -> 15921 | AB17: =+U17 -> 16401 | AC17: =+V17 -> 16895 | AE17: =+Q17-X17 -> 0 | AF17: =+R17-Y17 -> 0 | AG17: =+S17-Z17 -> 0 | AH17: =+T17-AA17 -> 0 | AI17: =+U17-AB17 -> 0 | AJ17: =+V17-AC17 -> 0 | AL17: =ROUND($P17*'Select Tuition Changes'!Y22,0) -> 450 | AM17: =ROUND($P17*'Select Tuition Changes'!Z22,0) -> 464 | AN17: =ROUND($P17*'Select Tuition Changes'!AA22,0) -> 478 | AO17: =ROUND($P17*'Select Tuition Changes'!AB22,0) -> 492 | AP17: =ROUND($P17*'Select Tuition Changes'!AC22,0) -> 507 | AQ17: =ROUND($P17*'Select Tuition Changes'!AD22,0) -> 523 | AS17: =+AL17 -> 450 | AT17: =+AM17 -> 464 | AU17: =+AN17 -> 478 | AV17: =+AO17 -> 492 | AW17: =+AP17 -> 507 | AX17: =+AQ17 -> 523 | AZ17: =+AL17-AS17 -> 0 | BA17: =+AM17-AT17 -> 0 | BB17: =+AN17-AU17 -> 0 | BC17: =+AO17-AV17 -> 0 | BD17: =+AP17-AW17 -> 0 | BE17: =+AQ17-AX17 -> 0 | BG17: =IF(Q17>0,R17/Q17,0) -> 1.0301407 | BH17: =IF(R17>0,S17/R17,0) -> 1.0300587 | BI17: =IF(S17>0,T17/S17,0) -> 1.0301521 | BJ17: =IF(T17>0,U17/T17,0) -> 1.0301489 | BK17: =IF(U17>0,V17/U17,0) -> 1.0301201 | BM17: =IF(X17>0,Y17/X17,0) -> 1.0301407 | BN17: =IF(Y17>0,Z17/Y17,0) -> 1.0300587 | BO17: =IF(Z17>0,AA17/Z17,0) -> 1.0301521 | BP17: =IF(AA17>0,AB17/AA17,0) -> 1.0301489 | BQ17: =IF(AB17>0,AC17/AB17,0) -> 1.0301201 | BS17: =IF(AE17>0,AF17/AE17,0) -> 0 | BT17: =IF(AF17>0,AG17/AF17,0) -> 0 | BU17: =IF(AG17>0,AH17/AG17,0) -> 0 | BV17: =IF(AH17>0,AI17/AH17,0) -> 0 | BW17: =IF(AI17>0,AJ17/AI17,0) -> 0 | BY17: =IF(AL17>0,AM17/AL17,0) -> 1.0311111 | BZ17: =IF(AM17>0,AN17/AM17,0) -> 1.0301724 | CA17: =IF(AN17>0,AO17/AN17,0) -> 1.0292887 | CB17: =IF(AO17>0,AP17/AO17,0) -> 1.0304878 | CC17: =IF(AP17>0,AQ17/AP17,0) -> 1.0315582 | CE17: =IF(AS17>0,AT17/AS17,0) -> 1.0311111 | CF17: =IF(AT17>0,AU17/AT17,0) -> 1.0301724 | CG17: =IF(AU17>0,AV17/AU17,0) -> 1.0292887 | CH17: =IF(AV17>0,AW17/AV17,0) -> 1.0304878 | CI17: =IF(AW17>0,AX17/AW17,0) -> 1.0315582 | CK17: =IF(AZ17>0,BA17/AZ17,0) -> 0 | CL17: =IF(BA17>0,BB17/BA17,0) -> 0 | CM17: =IF(BB17>0,BC17/BB17,0) -> 0 | CN17: =IF(BC17>0,BD17/BC17,0) -> 0 | CO17: =IF(BD17>0,BE17/BD17,0) -> 0
A18: 0 | B18: Seattle Campus | C18: 11 | D18: 07 | E18: Education Graduate | F18: 27 | G18: Master of Education and Master in Teaching | H18: 2 | I18: Nonresident | J18: =+'Select Tuition Changes'!S23 -> 0.03 | K18: =+'Select Tuition Changes'!T23 -> 0.03 | L18: =+'Select Tuition Changes'!U23 -> 0.03 | M18: =+'Select Tuition Changes'!V23 -> 0.03 | N18: =+'Select Tuition Changes'!W23 -> 0.03 | P18: 0.035 | Q18: =+'Select Tuition Changes'!Y23-'Tuition Calculations'!AL18 -> 26863 | R18: =+'Select Tuition Changes'!Z23-'Tuition Calculations'!AM18 -> 27670 | S18: =+'Select Tuition Changes'!AA23-'Tuition Calculations'!AN18 -> 28501 | T18: =+'Select Tuition Changes'!AB23-'Tuition Calculations'!AO18 -> 29358 | U18: =+'Select Tuition Changes'!AC23-'Tuition Calculations'!AP18 -> 30241 | V18: =+'Select Tuition Changes'!AD23-'Tuition Calculations'!AQ18 -> 31150 | X18: =+Q17 -> 14565 | Y18: =+R17 -> 15004 | Z18: =+S17 -> 15455 | AA18: =+T17 -> 15921 | AB18: =+U17 -> 16401 | AC18: =+V17 -> 16895 | AE18: =+Q18-X18 -> 12298 | AF18: =+R18-Y18 -> 12666 | AG18: =+S18-Z18 -> 13046 | AH18: =+T18-AA18 -> 13437 | AI18: =+U18-AB18 -> 13840 | AJ18: =+V18-AC18 -> 14255 | AL18: =ROUND($P18*'Select Tuition Changes'!Y23,0) -> 974 | AM18: =ROUND($P18*'Select Tuition Changes'!Z23,0) -> 1004 | AN18: =ROUND($P18*'Select Tuition Changes'!AA23,0) -> 1034 | AO18: =ROUND($P18*'Select Tuition Changes'!AB23,0) -> 1065 | AP18: =ROUND($P18*'Select Tuition Changes'!AC23,0) -> 1097 | AQ18: =ROUND($P18*'Select Tuition Changes'!AD23,0) -> 1130 | AS18: =+AL17 -> 450 | AT18: =+AM17 -> 464 | AU18: =+AN17 -> 478 | AV18: =+AO17 -> 492 | AW18: =+AP17 -> 507 | AX18: =+AQ17 -> 523 | AZ18: =+AL18-AS18 -> 524 | BA18: =+AM18-AT18 -> 540 | BB18: =+AN18-AU18 -> 556 | BC18: =+AO18-AV18 -> 573 | BD18: =+AP18-AW18 -> 590 | BE18: =+AQ18-AX18 -> 607 | BG18: =IF(Q18>0,R18/Q18,0) -> 1.0300413 | BH18: =IF(R18>0,S18/R18,0) -> 1.0300325 | BI18: =IF(S18>0,T18/S18,0) -> 1.0300691 | BJ18: =IF(T18>0,U18/T18,0) -> 1.030077 | BK18: =IF(U18>0,V18/U18,0) -> 1.0300585 | BM18: =IF(X18>0,Y18/X18,0) -> 1.0301407 | BN18: =IF(Y18>0,Z18/Y18,0) -> 1.0300587 | BO18: =IF(Z18>0,AA18/Z18,0) -> 1.0301521 | BP18: =IF(AA18>0,AB18/AA18,0) -> 1.0301489 | BQ18: =IF(AB18>0,AC18/AB18,0) -> 1.0301201 | BS18: =IF(AE18>0,AF18/AE18,0) -> 1.0299236 | BT18: =IF(AF18>0,AG18/AF18,0) -> 1.0300016 | BU18: =IF(AG18>0,AH18/AG18,0) -> 1.0299709 | BV18: =IF(AH18>0,AI18/AH18,0) -> 1.0299918 | BW18: =IF(AI18>0,AJ18/AI18,0) -> 1.0299855 | BY18: =IF(AL18>0,AM18/AL18,0) -> 1.0308008 | BZ18: =IF(AM18>0,AN18/AM18,0) -> 1.0298805 | CA18: =IF(AN18>0,AO18/AN18,0) -> 1.0299807 | CB18: =IF(AO18>0,AP18/AO18,0) -> 1.0300469 | CC18: =IF(AP18>0,AQ18/AP18,0) -> 1.030082 | CE18: =IF(AS18>0,AT18/AS18,0) -> 1.0311111 | CF18: =IF(AT18>0,AU18/AT18,0) -> 1.0301724 | CG18: =IF(AU18>0,AV18/AU18,0) -> 1.0292887 | CH18: =IF(AV18>0,AW18/AV18,0) -> 1.0304878 | CI18: =IF(AW18>0,AX18/AW18,0) -> 1.0315582 | CK18: =IF(AZ18>0,BA18/AZ18,0) -> 1.0305344 | CL18: =IF(BA18>0,BB18/BA18,0) -> 1.0296296 | CM18: =IF(BB18>0,BC18/BB18,0) -> 1.0305755 | CN18: =IF(BC18>0,BD18/BC18,0) -> 1.0296684 | CO18: =IF(BD18>0,BE18/BD18,0) -> 1.0288136
A19: 0 | B19: Seattle Campus | C19: 11 | D19: 07 | E19: Education Graduate | F19: 28 | G19: Doctor of Education and Education PhD | H19: 1 | I19: Resident | J19: =+'Select Tuition Changes'!S24 -> 0.03 | K19: =+'Select Tuition Changes'!T24 -> 0.03 | L19: =+'Select Tuition Changes'!U24 -> 0.03 | M19: =+'Select Tuition Changes'!V24 -> 0.03 | N19: =+'Select Tuition Changes'!W24 -> 0.03 | P19: 0.03 | Q19: =+'Select Tuition Changes'!Y24-'Tuition Calculations'!AL19 -> 14565 | R19: =+'Select Tuition Changes'!Z24-'Tuition Calculations'!AM19 -> 15004 | S19: =+'Select Tuition Changes'!AA24-'Tuition Calculations'!AN19 -> 15455 | T19: =+'Select Tuition Changes'!AB24-'Tuition Calculations'!AO19 -> 15921 | U19: =+'Select Tuition Changes'!AC24-'Tuition Calculations'!AP19 -> 16401 | V19: =+'Select Tuition Changes'!AD24-'Tuition Calculations'!AQ19 -> 16895 | X19: =+Q19 -> 14565 | Y19: =+R19 -> 15004 | Z19: =+S19 -> 15455 | AA19: =+T19 -> 15921 | AB19: =+U19 -> 16401 | AC19: =+V19 -> 16895 | AE19: =+Q19-X19 -> 0 | AF19: =+R19-Y19 -> 0 | AG19: =+S19-Z19 -> 0 | AH19: =+T19-AA19 -> 0 | AI19: =+U19-AB19 -> 0 | AJ19: =+V19-AC19 -> 0 | AL19: =ROUND($P19*'Select Tuition Changes'!Y24,0) -> 450 | AM19: =ROUND($P19*'Select Tuition Changes'!Z24,0) -> 464 | AN19: =ROUND($P19*'Select Tuition Changes'!AA24,0) -> 478 | AO19: =ROUND($P19*'Select Tuition Changes'!AB24,0) -> 492 | AP19: =ROUND($P19*'Select Tuition Changes'!AC24,0) -> 507 | AQ19: =ROUND($P19*'Select Tuition Changes'!AD24,0) -> 523 | AS19: =+AL19 -> 450 | AT19: =+AM19 -> 464 | AU19: =+AN19 -> 478 | AV19: =+AO19 -> 492 | AW19: =+AP19 -> 507 | AX19: =+AQ19 -> 523 | AZ19: =+AL19-AS19 -> 0 | BA19: =+AM19-AT19 -> 0 | BB19: =+AN19-AU19 -> 0 | BC19: =+AO19-AV19 -> 0 | BD19: =+AP19-AW19 -> 0 | BE19: =+AQ19-AX19 -> 0 | BG19: =IF(Q19>0,R19/Q19,0) -> 1.0301407 | BH19: =IF(R19>0,S19/R19,0) -> 1.0300587 | BI19: =IF(S19>0,T19/S19,0) -> 1.0301521 | BJ19: =IF(T19>0,U19/T19,0) -> 1.0301489 | BK19: =IF(U19>0,V19/U19,0) -> 1.0301201 | BM19: =IF(X19>0,Y19/X19,0) -> 1.0301407 | BN19: =IF(Y19>0,Z19/Y19,0) -> 1.0300587 | BO19: =IF(Z19>0,AA19/Z19,0) -> 1.0301521 | BP19: =IF(AA19>0,AB19/AA19,0) -> 1.0301489 | BQ19: =IF(AB19>0,AC19/AB19,0) -> 1.0301201 | BS19: =IF(AE19>0,AF19/AE19,0) -> 0 | BT19: =IF(AF19>0,AG19/AF19,0) -> 0 | BU19: =IF(AG19>0,AH19/AG19,0) -> 0 | BV19: =IF(AH19>0,AI19/AH19,0) -> 0 | BW19: =IF(AI19>0,AJ19/AI19,0) -> 0 | BY19: =IF(AL19>0,AM19/AL19,0) -> 1.0311111 | BZ19: =IF(AM19>0,AN19/AM19,0) -> 1.0301724 | CA19: =IF(AN19>0,AO19/AN19,0) -> 1.0292887 | CB19: =IF(AO19>0,AP19/AO19,0) -> 1.0304878 | CC19: =IF(AP19>0,AQ19/AP19,0) -> 1.0315582 | CE19: =IF(AS19>0,AT19/AS19,0) -> 1.0311111 | CF19: =IF(AT19>0,AU19/AT19,0) -> 1.0301724 | CG19: =IF(AU19>0,AV19/AU19,0) -> 1.0292887 | CH19: =IF(AV19>0,AW19/AV19,0) -> 1.0304878 | CI19: =IF(AW19>0,AX19/AW19,0) -> 1.0315582 | CK19: =IF(AZ19>0,BA19/AZ19,0) -> 0 | CL19: =IF(BA19>0,BB19/BA19,0) -> 0 | CM19: =IF(BB19>0,BC19/BB19,0) -> 0 | CN19: =IF(BC19>0,BD19/BC19,0) -> 0 | CO19: =IF(BD19>0,BE19/BD19,0) -> 0
A20: 0 | B20: Seattle Campus | C20: 11 | D20: 07 | E20: Education Graduate | F20: 28 | G20: Doctor of Education and Education PhD | H20: 2 | I20: Nonresident | J20: =+'Select Tuition Changes'!S25 -> 0.03 | K20: =+'Select Tuition Changes'!T25 -> 0.03 | L20: =+'Select Tuition Changes'!U25 -> 0.03 | M20: =+'Select Tuition Changes'!V25 -> 0.03 | N20: =+'Select Tuition Changes'!W25 -> 0.03 | P20: 0.035 | Q20: =+'Select Tuition Changes'!Y25-'Tuition Calculations'!AL20 -> 26863 | R20: =+'Select Tuition Changes'!Z25-'Tuition Calculations'!AM20 -> 27670 | S20: =+'Select Tuition Changes'!AA25-'Tuition Calculations'!AN20 -> 28501 | T20: =+'Select Tuition Changes'!AB25-'Tuition Calculations'!AO20 -> 29358 | U20: =+'Select Tuition Changes'!AC25-'Tuition Calculations'!AP20 -> 30241 | V20: =+'Select Tuition Changes'!AD25-'Tuition Calculations'!AQ20 -> 31150 | X20: =+Q19 -> 14565 | Y20: =+R19 -> 15004 | Z20: =+S19 -> 15455 | AA20: =+T19 -> 15921 | AB20: =+U19 -> 16401 | AC20: =+V19 -> 16895 | AE20: =+Q20-X20 -> 12298 | AF20: =+R20-Y20 -> 12666 | AG20: =+S20-Z20 -> 13046 | AH20: =+T20-AA20 -> 13437 | AI20: =+U20-AB20 -> 13840 | AJ20: =+V20-AC20 -> 14255 | AL20: =ROUND($P20*'Select Tuition Changes'!Y25,0) -> 974 | AM20: =ROUND($P20*'Select Tuition Changes'!Z25,0) -> 1004 | AN20: =ROUND($P20*'Select Tuition Changes'!AA25,0) -> 1034 | AO20: =ROUND($P20*'Select Tuition Changes'!AB25,0) -> 1065 | AP20: =ROUND($P20*'Select Tuition Changes'!AC25,0) -> 1097 | AQ20: =ROUND($P20*'Select Tuition Changes'!AD25,0) -> 1130 | AS20: =+AL19 -> 450 | AT20: =+AM19 -> 464 | AU20: =+AN19 -> 478 | AV20: =+AO19 -> 492 | AW20: =+AP19 -> 507 | AX20: =+AQ19 -> 523 | AZ20: =+AL20-AS20 -> 524 | BA20: =+AM20-AT20 -> 540 | BB20: =+AN20-AU20 -> 556 | BC20: =+AO20-AV20 -> 573 | BD20: =+AP20-AW20 -> 590 | BE20: =+AQ20-AX20 -> 607 | BG20: =IF(Q20>0,R20/Q20,0) -> 1.0300413 | BH20: =IF(R20>0,S20/R20,0) -> 1.0300325 | BI20: =IF(S20>0,T20/S20,0) -> 1.0300691 | BJ20: =IF(T20>0,U20/T20,0) -> 1.030077 | BK20: =IF(U20>0,V20/U20,0) -> 1.0300585 | BM20: =IF(X20>0,Y20/X20,0) -> 1.0301407 | BN20: =IF(Y20>0,Z20/Y20,0) -> 1.0300587 | BO20: =IF(Z20>0,AA20/Z20,0) -> 1.0301521 | BP20: =IF(AA20>0,AB20/AA20,0) -> 1.0301489 | BQ20: =IF(AB20>0,AC20/AB20,0) -> 1.0301201 | BS20: =IF(AE20>0,AF20/AE20,0) -> 1.0299236 | BT20: =IF(AF20>0,AG20/AF20,0) -> 1.0300016 | BU20: =IF(AG20>0,AH20/AG20,0) -> 1.0299709 | BV20: =IF(AH20>0,AI20/AH20,0) -> 1.0299918 | BW20: =IF(AI20>0,AJ20/AI20,0) -> 1.0299855 | BY20: =IF(AL20>0,AM20/AL20,0) -> 1.0308008 | BZ20: =IF(AM20>0,AN20/AM20,0) -> 1.0298805 | CA20: =IF(AN20>0,AO20/AN20,0) -> 1.0299807 | CB20: =IF(AO20>0,AP20/AO20,0) -> 1.0300469 | CC20: =IF(AP20>0,AQ20/AP20,0) -> 1.030082 | CE20: =IF(AS20>0,AT20/AS20,0) -> 1.0311111 | CF20: =IF(AT20>0,AU20/AT20,0) -> 1.0301724 | CG20: =IF(AU20>0,AV20/AU20,0) -> 1.0292887 | CH20: =IF(AV20>0,AW20/AV20,0) -> 1.0304878 | CI20: =IF(AW20>0,AX20/AW20,0) -> 1.0315582 | CK20: =IF(AZ20>0,BA20/AZ20,0) -> 1.0305344 | CL20: =IF(BA20>0,BB20/BA20,0) -> 1.0296296 | CM20: =IF(BB20>0,BC20/BB20,0) -> 1.0305755 | CN20: =IF(BC20>0,BD20/BC20,0) -> 1.0296684 | CO20: =IF(BD20>0,BE20/BD20,0) -> 1.0288136
A21: 0 | B21: Seattle Campus | C21: 17 | D21: 09 | E21: MSW | F21: 23 | G21: Master of Social Work | H21: 1 | I21: Resident | J21: =+'Select Tuition Changes'!S26 -> 0.03 | K21: =+'Select Tuition Changes'!T26 -> 0.03 | L21: =+'Select Tuition Changes'!U26 -> 0.03 | M21: =+'Select Tuition Changes'!V26 -> 0.03 | N21: =+'Select Tuition Changes'!W26 -> 0.03 | P21: 0.03 | Q21: =+'Select Tuition Changes'!Y26-'Tuition Calculations'!AL21 -> 16133 | R21: =+'Select Tuition Changes'!Z26-'Tuition Calculations'!AM21 -> 16619 | S21: =+'Select Tuition Changes'!AA26-'Tuition Calculations'!AN21 -> 17120 | T21: =+'Select Tuition Changes'!AB26-'Tuition Calculations'!AO21 -> 17635 | U21: =+'Select Tuition Changes'!AC26-'Tuition Calculations'!AP21 -> 18164 | V21: =+'Select Tuition Changes'!AD26-'Tuition Calculations'!AQ21 -> 18711 | X21: =+Q21 -> 16133 | Y21: =+R21 -> 16619 | Z21: =+S21 -> 17120 | AA21: =+T21 -> 17635 | AB21: =+U21 -> 18164 | AC21: =+V21 -> 18711 | AE21: =+Q21-X21 -> 0 | AF21: =+R21-Y21 -> 0 | AG21: =+S21-Z21 -> 0 | AH21: =+T21-AA21 -> 0 | AI21: =+U21-AB21 -> 0 | AJ21: =+V21-AC21 -> 0 | AL21: =ROUND($P21*'Select Tuition Changes'!Y26,0) -> 499 | AM21: =ROUND($P21*'Select Tuition Changes'!Z26,0) -> 514 | AN21: =ROUND($P21*'Select Tuition Changes'!AA26,0) -> 529 | AO21: =ROUND($P21*'Select Tuition Changes'!AB26,0) -> 545 | AP21: =ROUND($P21*'Select Tuition Changes'!AC26,0) -> 562 | AQ21: =ROUND($P21*'Select Tuition Changes'!AD26,0) -> 579 | AS21: =+AL21 -> 499 | AT21: =+AM21 -> 514 | AU21: =+AN21 -> 529 | AV21: =+AO21 -> 545 | AW21: =+AP21 -> 562 | AX21: =+AQ21 -> 579 | AZ21: =+AL21-AS21 -> 0 | BA21: =+AM21-AT21 -> 0 | BB21: =+AN21-AU21 -> 0 | BC21: =+AO21-AV21 -> 0 | BD21: =+AP21-AW21 -> 0 | BE21: =+AQ21-AX21 -> 0 | BG21: =IF(Q21>0,R21/Q21,0) -> 1.0301246 | BH21: =IF(R21>0,S21/R21,0) -> 1.0301462 | BI21: =IF(S21>0,T21/S21,0) -> 1.0300818 | BJ21: =IF(T21>0,U21/T21,0) -> 1.0299972 | BK21: =IF(U21>0,V21/U21,0) -> 1.0301145 | BM21: =IF(X21>0,Y21/X21,0) -> 1.0301246 | BN21: =IF(Y21>0,Z21/Y21,0) -> 1.0301462 | BO21: =IF(Z21>0,AA21/Z21,0) -> 1.0300818 | BP21: =IF(AA21>0,AB21/AA21,0) -> 1.0299972 | BQ21: =IF(AB21>0,AC21/AB21,0) -> 1.0301145 | BS21: =IF(AE21>0,AF21/AE21,0) -> 0 | BT21: =IF(AF21>0,AG21/AF21,0) -> 0 | BU21: =IF(AG21>0,AH21/AG21,0) -> 0 | BV21: =IF(AH21>0,AI21/AH21,0) -> 0 | BW21: =IF(AI21>0,AJ21/AI21,0) -> 0 | BY21: =IF(AL21>0,AM21/AL21,0) -> 1.0300601 | BZ21: =IF(AM21>0,AN21/AM21,0) -> 1.0291829 | CA21: =IF(AN21>0,AO21/AN21,0) -> 1.0302457 | CB21: =IF(AO21>0,AP21/AO21,0) -> 1.0311927 | CC21: =IF(AP21>0,AQ21/AP21,0) -> 1.0302491 | CE21: =IF(AS21>0,AT21/AS21,0) -> 1.0300601 | CF21: =IF(AT21>0,AU21/AT21,0) -> 1.0291829 | CG21: =IF(AU21>0,AV21/AU21,0) -> 1.0302457 | CH21: =IF(AV21>0,AW21/AV21,0) -> 1.0311927 | CI21: =IF(AW21>0,AX21/AW21,0) -> 1.0302491 | CK21: =IF(AZ21>0,BA21/AZ21,0) -> 0 | CL21: =IF(BA21>0,BB21/BA21,0) -> 0 | CM21: =IF(BB21>0,BC21/BB21,0) -> 0 | CN21: =IF(BC21>0,BD21/BC21,0) -> 0 | CO21: =IF(BD21>0,BE21/BD21,0) -> 0
A22: 0 | B22: Seattle Campus | C22: 17 | D22: 09 | E22: MSW | F22: 23 | G22: Master of Social Work | H22: 2 | I22: Nonresident | J22: =+'Select Tuition Changes'!S27 -> 0.03 | K22: =+'Select Tuition Changes'!T27 -> 0.03 | L22: =+'Select Tuition Changes'!U27 -> 0.03 | M22: =+'Select Tuition Changes'!V27 -> 0.03 | N22: =+'Select Tuition Changes'!W27 -> 0.03 | P22: 0.035 | Q22: =+'Select Tuition Changes'!Y27-'Tuition Calculations'!AL22 -> 27569 | R22: =+'Select Tuition Changes'!Z27-'Tuition Calculations'!AM22 -> 28397 | S22: =+'Select Tuition Changes'!AA27-'Tuition Calculations'!AN22 -> 29251 | T22: =+'Select Tuition Changes'!AB27-'Tuition Calculations'!AO22 -> 30131 | U22: =+'Select Tuition Changes'!AC27-'Tuition Calculations'!AP22 -> 31037 | V22: =+'Select Tuition Changes'!AD27-'Tuition Calculations'!AQ22 -> 31969 | X22: =+Q21 -> 16133 | Y22: =+R21 -> 16619 | Z22: =+S21 -> 17120 | AA22: =+T21 -> 17635 | AB22: =+U21 -> 18164 | AC22: =+V21 -> 18711 | AE22: =+Q22-X22 -> 11436 | AF22: =+R22-Y22 -> 11778 | AG22: =+S22-Z22 -> 12131 | AH22: =+T22-AA22 -> 12496 | AI22: =+U22-AB22 -> 12873 | AJ22: =+V22-AC22 -> 13258 | AL22: =ROUND($P22*'Select Tuition Changes'!Y27,0) -> 1000 | AM22: =ROUND($P22*'Select Tuition Changes'!Z27,0) -> 1030 | AN22: =ROUND($P22*'Select Tuition Changes'!AA27,0) -> 1061 | AO22: =ROUND($P22*'Select Tuition Changes'!AB27,0) -> 1093 | AP22: =ROUND($P22*'Select Tuition Changes'!AC27,0) -> 1126 | AQ22: =ROUND($P22*'Select Tuition Changes'!AD27,0) -> 1160 | AS22: =+AL21 -> 499 | AT22: =+AM21 -> 514 | AU22: =+AN21 -> 529 | AV22: =+AO21 -> 545 | AW22: =+AP21 -> 562 | AX22: =+AQ21 -> 579 | AZ22: =+AL22-AS22 -> 501 | BA22: =+AM22-AT22 -> 516 | BB22: =+AN22-AU22 -> 532 | BC22: =+AO22-AV22 -> 548 | BD22: =+AP22-AW22 -> 564 | BE22: =+AQ22-AX22 -> 581 | BG22: =IF(Q22>0,R22/Q22,0) -> 1.0300337 | BH22: =IF(R22>0,S22/R22,0) -> 1.0300736 | BI22: =IF(S22>0,T22/S22,0) -> 1.0300844 | BJ22: =IF(T22>0,U22/T22,0) -> 1.0300687 | BK22: =IF(U22>0,V22/U22,0) -> 1.0300287 | BM22: =IF(X22>0,Y22/X22,0) -> 1.0301246 | BN22: =IF(Y22>0,Z22/Y22,0) -> 1.0301462 | BO22: =IF(Z22>0,AA22/Z22,0) -> 1.0300818 | BP22: =IF(AA22>0,AB22/AA22,0) -> 1.0299972 | BQ22: =IF(AB22>0,AC22/AB22,0) -> 1.0301145 | BS22: =IF(AE22>0,AF22/AE22,0) -> 1.0299056 | BT22: =IF(AF22>0,AG22/AF22,0) -> 1.0299711 | BU22: =IF(AG22>0,AH22/AG22,0) -> 1.0300882 | BV22: =IF(AH22>0,AI22/AH22,0) -> 1.0301697 | BW22: =IF(AI22>0,AJ22/AI22,0) -> 1.0299076 | BY22: =IF(AL22>0,AM22/AL22,0) -> 1.03 | BZ22: =IF(AM22>0,AN22/AM22,0) -> 1.0300971 | CA22: =IF(AN22>0,AO22/AN22,0) -> 1.0301602 | CB22: =IF(AO22>0,AP22/AO22,0) -> 1.0301921 | CC22: =IF(AP22>0,AQ22/AP22,0) -> 1.0301954 | CE22: =IF(AS22>0,AT22/AS22,0) -> 1.0300601 | CF22: =IF(AT22>0,AU22/AT22,0) -> 1.0291829 | CG22: =IF(AU22>0,AV22/AU22,0) -> 1.0302457 | CH22: =IF(AV22>0,AW22/AV22,0) -> 1.0311927 | CI22: =IF(AW22>0,AX22/AW22,0) -> 1.0302491 | CK22: =IF(AZ22>0,BA22/AZ22,0) -> 1.0299401 | CL22: =IF(BA22>0,BB22/BA22,0) -> 1.0310078 | CM22: =IF(BB22>0,BC22/BB22,0) -> 1.0300752 | CN22: =IF(BC22>0,BD22/BC22,0) -> 1.0291971 | CO22: =IF(BD22>0,BE22/BD22,0) -> 1.0301418
A23: 0 | B23: Seattle Campus | C23: 19 | D23: 10 | E23: Public Health Graduate | F23: 38 | G23: Public Health Graduate Programs (excl MPH) | H23: 1 | I23: Resident | J23: =+'Select Tuition Changes'!S28 -> 0.03 | K23: =+'Select Tuition Changes'!T28 -> 0.03 | L23: =+'Select Tuition Changes'!U28 -> 0.03 | M23: =+'Select Tuition Changes'!V28 -> 0.03 | N23: =+'Select Tuition Changes'!W28 -> 0.03 | P23: 0.03 | Q23: =+'Select Tuition Changes'!Y28-'Tuition Calculations'!AL23 -> 15470 | R23: =+'Select Tuition Changes'!Z28-'Tuition Calculations'!AM23 -> 15935 | S23: =+'Select Tuition Changes'!AA28-'Tuition Calculations'!AN23 -> 16415 | T23: =+'Select Tuition Changes'!AB28-'Tuition Calculations'!AO23 -> 16910 | U23: =+'Select Tuition Changes'!AC28-'Tuition Calculations'!AP23 -> 17419 | V23: =+'Select Tuition Changes'!AD28-'Tuition Calculations'!AQ23 -> 17943 | X23: =+Q23 -> 15470 | Y23: =+R23 -> 15935 | Z23: =+S23 -> 16415 | AA23: =+T23 -> 16910 | AB23: =+U23 -> 17419 | AC23: =+V23 -> 17943 | AE23: =+Q23-X23 -> 0 | AF23: =+R23-Y23 -> 0 | AG23: =+S23-Z23 -> 0 | AH23: =+T23-AA23 -> 0 | AI23: =+U23-AB23 -> 0 | AJ23: =+V23-AC23 -> 0 | AL23: =ROUND($P23*'Select Tuition Changes'!Y28,0) -> 478 | AM23: =ROUND($P23*'Select Tuition Changes'!Z28,0) -> 493 | AN23: =ROUND($P23*'Select Tuition Changes'!AA28,0) -> 508 | AO23: =ROUND($P23*'Select Tuition Changes'!AB28,0) -> 523 | AP23: =ROUND($P23*'Select Tuition Changes'!AC28,0) -> 539 | AQ23: =ROUND($P23*'Select Tuition Changes'!AD28,0) -> 555 | AS23: =+AL23 -> 478 | AT23: =+AM23 -> 493 | AU23: =+AN23 -> 508 | AV23: =+AO23 -> 523 | AW23: =+AP23 -> 539 | AX23: =+AQ23 -> 555 | AZ23: =+AL23-AS23 -> 0 | BA23: =+AM23-AT23 -> 0 | BB23: =+AN23-AU23 -> 0 | BC23: =+AO23-AV23 -> 0 | BD23: =+AP23-AW23 -> 0 | BE23: =+AQ23-AX23 -> 0 | BG23: =IF(Q23>0,R23/Q23,0) -> 1.0300582 | BH23: =IF(R23>0,S23/R23,0) -> 1.0301224 | BI23: =IF(S23>0,T23/S23,0) -> 1.0301553 | BJ23: =IF(T23>0,U23/T23,0) -> 1.0301005 | BK23: =IF(U23>0,V23/U23,0) -> 1.0300821 | BM23: =IF(X23>0,Y23/X23,0) -> 1.0300582 | BN23: =IF(Y23>0,Z23/Y23,0) -> 1.0301224 | BO23: =IF(Z23>0,AA23/Z23,0) -> 1.0301553 | BP23: =IF(AA23>0,AB23/AA23,0) -> 1.0301005 | BQ23: =IF(AB23>0,AC23/AB23,0) -> 1.0300821 | BS23: =IF(AE23>0,AF23/AE23,0) -> 0 | BT23: =IF(AF23>0,AG23/AF23,0) -> 0 | BU23: =IF(AG23>0,AH23/AG23,0) -> 0 | BV23: =IF(AH23>0,AI23/AH23,0) -> 0 | BW23: =IF(AI23>0,AJ23/AI23,0) -> 0 | BY23: =IF(AL23>0,AM23/AL23,0) -> 1.0313808 | BZ23: =IF(AM23>0,AN23/AM23,0) -> 1.030426 | CA23: =IF(AN23>0,AO23/AN23,0) -> 1.0295276 | CB23: =IF(AO23>0,AP23/AO23,0) -> 1.0305927 | CC23: =IF(AP23>0,AQ23/AP23,0) -> 1.0296846 | CE23: =IF(AS23>0,AT23/AS23,0) -> 1.0313808 | CF23: =IF(AT23>0,AU23/AT23,0) -> 1.030426 | CG23: =IF(AU23>0,AV23/AU23,0) -> 1.0295276 | CH23: =IF(AV23>0,AW23/AV23,0) -> 1.0305927 | CI23: =IF(AW23>0,AX23/AW23,0) -> 1.0296846 | CK23: =IF(AZ23>0,BA23/AZ23,0) -> 0 | CL23: =IF(BA23>0,BB23/BA23,0) -> 0 | CM23: =IF(BB23>0,BC23/BB23,0) -> 0 | CN23: =IF(BC23>0,BD23/BC23,0) -> 0 | CO23: =IF(BD23>0,BE23/BD23,0) -> 0
A24: 0 | B24: Seattle Campus | C24: 19 | D24: 10 | E24: Public Health Graduate | F24: 38 | G24: Public Health Graduate Programs (excl MPH) | H24: 2 | I24: Nonresident | J24: =+'Select Tuition Changes'!S29 -> 0.03 | K24: =+'Select Tuition Changes'!T29 -> 0.03 | L24: =+'Select Tuition Changes'!U29 -> 0.03 | M24: =+'Select Tuition Changes'!V29 -> 0.03 | N24: =+'Select Tuition Changes'!W29 -> 0.03 | P24: 0.035 | Q24: =+'Select Tuition Changes'!Y29-'Tuition Calculations'!AL24 -> 27427 | R24: =+'Select Tuition Changes'!Z29-'Tuition Calculations'!AM24 -> 28252 | S24: =+'Select Tuition Changes'!AA29-'Tuition Calculations'!AN24 -> 29101 | T24: =+'Select Tuition Changes'!AB29-'Tuition Calculations'!AO24 -> 29975 | U24: =+'Select Tuition Changes'!AC29-'Tuition Calculations'!AP24 -> 30875 | V24: =+'Select Tuition Changes'!AD29-'Tuition Calculations'!AQ24 -> 31802 | X24: =+Q23 -> 15470 | Y24: =+R23 -> 15935 | Z24: =+S23 -> 16415 | AA24: =+T23 -> 16910 | AB24: =+U23 -> 17419 | AC24: =+V23 -> 17943 | AE24: =+Q24-X24 -> 11957 | AF24: =+R24-Y24 -> 12317 | AG24: =+S24-Z24 -> 12686 | AH24: =+T24-AA24 -> 13065 | AI24: =+U24-AB24 -> 13456 | AJ24: =+V24-AC24 -> 13859 | AL24: =ROUND($P24*'Select Tuition Changes'!Y29,0) -> 995 | AM24: =ROUND($P24*'Select Tuition Changes'!Z29,0) -> 1025 | AN24: =ROUND($P24*'Select Tuition Changes'!AA29,0) -> 1055 | AO24: =ROUND($P24*'Select Tuition Changes'!AB29,0) -> 1087 | AP24: =ROUND($P24*'Select Tuition Changes'!AC29,0) -> 1120 | AQ24: =ROUND($P24*'Select Tuition Changes'!AD29,0) -> 1153 | AS24: =+AL23 -> 478 | AT24: =+AM23 -> 493 | AU24: =+AN23 -> 508 | AV24: =+AO23 -> 523 | AW24: =+AP23 -> 539 | AX24: =+AQ23 -> 555 | AZ24: =+AL24-AS24 -> 517 | BA24: =+AM24-AT24 -> 532 | BB24: =+AN24-AU24 -> 547 | BC24: =+AO24-AV24 -> 564 | BD24: =+AP24-AW24 -> 581 | BE24: =+AQ24-AX24 -> 598 | BG24: =IF(Q24>0,R24/Q24,0) -> 1.0300798 | BH24: =IF(R24>0,S24/R24,0) -> 1.030051 | BI24: =IF(S24>0,T24/S24,0) -> 1.0300333 | BJ24: =IF(T24>0,U24/T24,0) -> 1.030025 | BK24: =IF(U24>0,V24/U24,0) -> 1.0300243 | BM24: =IF(X24>0,Y24/X24,0) -> 1.0300582 | BN24: =IF(Y24>0,Z24/Y24,0) -> 1.0301224 | BO24: =IF(Z24>0,AA24/Z24,0) -> 1.0301553 | BP24: =IF(AA24>0,AB24/AA24,0) -> 1.0301005 | BQ24: =IF(AB24>0,AC24/AB24,0) -> 1.0300821 | BS24: =IF(AE24>0,AF24/AE24,0) -> 1.0301079 | BT24: =IF(AF24>0,AG24/AF24,0) -> 1.0299586 | BU24: =IF(AG24>0,AH24/AG24,0) -> 1.0298755 | BV24: =IF(AH24>0,AI24/AH24,0) -> 1.0299273 | BW24: =IF(AI24>0,AJ24/AI24,0) -> 1.0299495 | BY24: =IF(AL24>0,AM24/AL24,0) -> 1.0301508 | BZ24: =IF(AM24>0,AN24/AM24,0) -> 1.0292683 | CA24: =IF(AN24>0,AO24/AN24,0) -> 1.0303318 | CB24: =IF(AO24>0,AP24/AO24,0) -> 1.0303588 | CC24: =IF(AP24>0,AQ24/AP24,0) -> 1.0294643 | CE24: =IF(AS24>0,AT24/AS24,0) -> 1.0313808 | CF24: =IF(AT24>0,AU24/AT24,0) -> 1.030426 | CG24: =IF(AU24>0,AV24/AU24,0) -> 1.0295276 | CH24: =IF(AV24>0,AW24/AV24,0) -> 1.0305927 | CI24: =IF(AW24>0,AX24/AW24,0) -> 1.0296846 | CK24: =IF(AZ24>0,BA24/AZ24,0) -> 1.0290135 | CL24: =IF(BA24>0,BB24/BA24,0) -> 1.0281955 | CM24: =IF(BB24>0,BC24/BB24,0) -> 1.0310786 | CN24: =IF(BC24>0,BD24/BC24,0) -> 1.0301418 | CO24: =IF(BD24>0,BE24/BD24,0) -> 1.0292599
A25: 0 | B25: Seattle Campus | C25: 21 | D25: 11 | E25: MPH | F25: 21 | G25: Master of Public Health | H25: 1 | I25: Resident | J25: =+'Select Tuition Changes'!S30 -> 0.03 | K25: =+'Select Tuition Changes'!T30 -> 0.03 | L25: =+'Select Tuition Changes'!U30 -> 0.03 | M25: =+'Select Tuition Changes'!V30 -> 0.03 | N25: =+'Select Tuition Changes'!W30 -> 0.03 | P25: 0.03 | Q25: =+'Select Tuition Changes'!Y30-'Tuition Calculations'!AL25 -> 16116 | R25: =+'Select Tuition Changes'!Z30-'Tuition Calculations'!AM25 -> 16602 | S25: =+'Select Tuition Changes'!AA30-'Tuition Calculations'!AN25 -> 17102 | T25: =+'Select Tuition Changes'!AB30-'Tuition Calculations'!AO25 -> 17617 | U25: =+'Select Tuition Changes'!AC30-'Tuition Calculations'!AP25 -> 18147 | V25: =+'Select Tuition Changes'!AD30-'Tuition Calculations'!AQ25 -> 18694 | X25: =+Q25 -> 16116 | Y25: =+R25 -> 16602 | Z25: =+S25 -> 17102 | AA25: =+T25 -> 17617 | AB25: =+U25 -> 18147 | AC25: =+V25 -> 18694 | AE25: =+Q25-X25 -> 0 | AF25: =+R25-Y25 -> 0 | AG25: =+S25-Z25 -> 0 | AH25: =+T25-AA25 -> 0 | AI25: =+U25-AB25 -> 0 | AJ25: =+V25-AC25 -> 0 | AL25: =ROUND($P25*'Select Tuition Changes'!Y30,0) -> 498 | AM25: =ROUND($P25*'Select Tuition Changes'!Z30,0) -> 513 | AN25: =ROUND($P25*'Select Tuition Changes'!AA30,0) -> 529 | AO25: =ROUND($P25*'Select Tuition Changes'!AB30,0) -> 545 | AP25: =ROUND($P25*'Select Tuition Changes'!AC30,0) -> 561 | AQ25: =ROUND($P25*'Select Tuition Changes'!AD30,0) -> 578 | AS25: =+AL25 -> 498 | AT25: =+AM25 -> 513 | AU25: =+AN25 -> 529 | AV25: =+AO25 -> 545 | AW25: =+AP25 -> 561 | AX25: =+AQ25 -> 578 | AZ25: =+AL25-AS25 -> 0 | BA25: =+AM25-AT25 -> 0 | BB25: =+AN25-AU25 -> 0 | BC25: =+AO25-AV25 -> 0 | BD25: =+AP25-AW25 -> 0 | BE25: =+AQ25-AX25 -> 0 | BG25: =IF(Q25>0,R25/Q25,0) -> 1.0301564 | BH25: =IF(R25>0,S25/R25,0) -> 1.0301169 | BI25: =IF(S25>0,T25/S25,0) -> 1.0301134 | BJ25: =IF(T25>0,U25/T25,0) -> 1.0300846 | BK25: =IF(U25>0,V25/U25,0) -> 1.0301427 | BM25: =IF(X25>0,Y25/X25,0) -> 1.0301564 | BN25: =IF(Y25>0,Z25/Y25,0) -> 1.0301169 | BO25: =IF(Z25>0,AA25/Z25,0) -> 1.0301134 | BP25: =IF(AA25>0,AB25/AA25,0) -> 1.0300846 | BQ25: =IF(AB25>0,AC25/AB25,0) -> 1.0301427 | BS25: =IF(AE25>0,AF25/AE25,0) -> 0 | BT25: =IF(AF25>0,AG25/AF25,0) -> 0 | BU25: =IF(AG25>0,AH25/AG25,0) -> 0 | BV25: =IF(AH25>0,AI25/AH25,0) -> 0 | BW25: =IF(AI25>0,AJ25/AI25,0) -> 0 | BY25: =IF(AL25>0,AM25/AL25,0) -> 1.0301205 | BZ25: =IF(AM25>0,AN25/AM25,0) -> 1.0311891 | CA25: =IF(AN25>0,AO25/AN25,0) -> 1.0302457 | CB25: =IF(AO25>0,AP25/AO25,0) -> 1.0293578 | CC25: =IF(AP25>0,AQ25/AP25,0) -> 1.030303 | CE25: =IF(AS25>0,AT25/AS25,0) -> 1.0301205 | CF25: =IF(AT25>0,AU25/AT25,0) -> 1.0311891 | CG25: =IF(AU25>0,AV25/AU25,0) -> 1.0302457 | CH25: =IF(AV25>0,AW25/AV25,0) -> 1.0293578 | CI25: =IF(AW25>0,AX25/AW25,0) -> 1.030303 | CK25: =IF(AZ25>0,BA25/AZ25,0) -> 0 | CL25: =IF(BA25>0,BB25/BA25,0) -> 0 | CM25: =IF(BB25>0,BC25/BB25,0) -> 0 | CN25: =IF(BC25>0,BD25/BC25,0) -> 0 | CO25: =IF(BD25>0,BE25/BD25,0) -> 0
A26: 0 | B26: Seattle Campus | C26: 21 | D26: 11 | E26: MPH | F26: 21 | G26: Master of Public Health | H26: 2 | I26: Nonresident | J26: =+'Select Tuition Changes'!S31 -> 0.03 | K26: =+'Select Tuition Changes'!T31 -> 0.03 | L26: =+'Select Tuition Changes'!U31 -> 0.03 | M26: =+'Select Tuition Changes'!V31 -> 0.03 | N26: =+'Select Tuition Changes'!W31 -> 0.03 | P26: 0.035 | Q26: =+'Select Tuition Changes'!Y31-'Tuition Calculations'!AL26 -> 32557 | R26: =+'Select Tuition Changes'!Z31-'Tuition Calculations'!AM26 -> 33536 | S26: =+'Select Tuition Changes'!AA31-'Tuition Calculations'!AN26 -> 34543 | T26: =+'Select Tuition Changes'!AB31-'Tuition Calculations'!AO26 -> 35580 | U26: =+'Select Tuition Changes'!AC31-'Tuition Calculations'!AP26 -> 36648 | V26: =+'Select Tuition Changes'!AD31-'Tuition Calculations'!AQ26 -> 37748 | X26: =+Q25 -> 16116 | Y26: =+R25 -> 16602 | Z26: =+S25 -> 17102 | AA26: =+T25 -> 17617 | AB26: =+U25 -> 18147 | AC26: =+V25 -> 18694 | AE26: =+Q26-X26 -> 16441 | AF26: =+R26-Y26 -> 16934 | AG26: =+S26-Z26 -> 17441 | AH26: =+T26-AA26 -> 17963 | AI26: =+U26-AB26 -> 18501 | AJ26: =+V26-AC26 -> 19054 | AL26: =ROUND($P26*'Select Tuition Changes'!Y31,0) -> 1181 | AM26: =ROUND($P26*'Select Tuition Changes'!Z31,0) -> 1216 | AN26: =ROUND($P26*'Select Tuition Changes'!AA31,0) -> 1253 | AO26: =ROUND($P26*'Select Tuition Changes'!AB31,0) -> 1290 | AP26: =ROUND($P26*'Select Tuition Changes'!AC31,0) -> 1329 | AQ26: =ROUND($P26*'Select Tuition Changes'!AD31,0) -> 1369 | AS26: =+AL25 -> 498 | AT26: =+AM25 -> 513 | AU26: =+AN25 -> 529 | AV26: =+AO25 -> 545 | AW26: =+AP25 -> 561 | AX26: =+AQ25 -> 578 | AZ26: =+AL26-AS26 -> 683 | BA26: =+AM26-AT26 -> 703 | BB26: =+AN26-AU26 -> 724 | BC26: =+AO26-AV26 -> 745 | BD26: =+AP26-AW26 -> 768 | BE26: =+AQ26-AX26 -> 791 | BG26: =IF(Q26>0,R26/Q26,0) -> 1.0300703 | BH26: =IF(R26>0,S26/R26,0) -> 1.0300274 | BI26: =IF(S26>0,T26/S26,0) -> 1.0300206 | BJ26: =IF(T26>0,U26/T26,0) -> 1.0300169 | BK26: =IF(U26>0,V26/U26,0) -> 1.0300153 | BM26: =IF(X26>0,Y26/X26,0) -> 1.0301564 | BN26: =IF(Y26>0,Z26/Y26,0) -> 1.0301169 | BO26: =IF(Z26>0,AA26/Z26,0) -> 1.0301134 | BP26: =IF(AA26>0,AB26/AA26,0) -> 1.0300846 | BQ26: =IF(AB26>0,AC26/AB26,0) -> 1.0301427 | BS26: =IF(AE26>0,AF26/AE26,0) -> 1.029986 | BT26: =IF(AF26>0,AG26/AF26,0) -> 1.0299398 | BU26: =IF(AG26>0,AH26/AG26,0) -> 1.0299295 | BV26: =IF(AH26>0,AI26/AH26,0) -> 1.0299505 | BW26: =IF(AI26>0,AJ26/AI26,0) -> 1.0298903 | BY26: =IF(AL26>0,AM26/AL26,0) -> 1.0296359 | BZ26: =IF(AM26>0,AN26/AM26,0) -> 1.0304276 | CA26: =IF(AN26>0,AO26/AN26,0) -> 1.0295291 | CB26: =IF(AO26>0,AP26/AO26,0) -> 1.0302326 | CC26: =IF(AP26>0,AQ26/AP26,0) -> 1.0300978 | CE26: =IF(AS26>0,AT26/AS26,0) -> 1.0301205 | CF26: =IF(AT26>0,AU26/AT26,0) -> 1.0311891 | CG26: =IF(AU26>0,AV26/AU26,0) -> 1.0302457 | CH26: =IF(AV26>0,AW26/AV26,0) -> 1.0293578 | CI26: =IF(AW26>0,AX26/AW26,0) -> 1.030303 | CK26: =IF(AZ26>0,BA26/AZ26,0) -> 1.0292826 | CL26: =IF(BA26>0,BB26/BA26,0) -> 1.029872 | CM26: =IF(BB26>0,BC26/BB26,0) -> 1.0290055 | CN26: =IF(BC26>0,BD26/BC26,0) -> 1.0308725 | CO26: =IF(BD26>0,BE26/BD26,0) -> 1.0299479
A27: 0 | B27: Seattle Campus | C27: 25 | D27: 13 | E27: CBE Masters | F27: 17 | G27: College of Built Environ - MArch & MSRE | H27: 1 | I27: Resident | J27: =+'Select Tuition Changes'!S32 -> 0.03 | K27: =+'Select Tuition Changes'!T32 -> 0.03 | L27: =+'Select Tuition Changes'!U32 -> 0.03 | M27: =+'Select Tuition Changes'!V32 -> 0.03 | N27: =+'Select Tuition Changes'!W32 -> 0.03 | P27: 0.03 | Q27: =+'Select Tuition Changes'!Y32-'Tuition Calculations'!AL27 -> 16369 | R27: =+'Select Tuition Changes'!Z32-'Tuition Calculations'!AM27 -> 16861 | S27: =+'Select Tuition Changes'!AA32-'Tuition Calculations'!AN27 -> 17367 | T27: =+'Select Tuition Changes'!AB32-'Tuition Calculations'!AO27 -> 17891 | U27: =+'Select Tuition Changes'!AC32-'Tuition Calculations'!AP27 -> 18429 | V27: =+'Select Tuition Changes'!AD32-'Tuition Calculations'!AQ27 -> 18982 | X27: =+Q27 -> 16369 | Y27: =+R27 -> 16861 | Z27: =+S27 -> 17367 | AA27: =+T27 -> 17891 | AB27: =+U27 -> 18429 | AC27: =+V27 -> 18982 | AE27: =+Q27-X27 -> 0 | AF27: =+R27-Y27 -> 0 | AG27: =+S27-Z27 -> 0 | AH27: =+T27-AA27 -> 0 | AI27: =+U27-AB27 -> 0 | AJ27: =+V27-AC27 -> 0 | AL27: =ROUND($P27*'Select Tuition Changes'!Y32,0) -> 506 | AM27: =ROUND($P27*'Select Tuition Changes'!Z32,0) -> 521 | AN27: =ROUND($P27*'Select Tuition Changes'!AA32,0) -> 537 | AO27: =ROUND($P27*'Select Tuition Changes'!AB32,0) -> 553 | AP27: =ROUND($P27*'Select Tuition Changes'!AC32,0) -> 570 | AQ27: =ROUND($P27*'Select Tuition Changes'!AD32,0) -> 587 | AS27: =+AL27 -> 506 | AT27: =+AM27 -> 521 | AU27: =+AN27 -> 537 | AV27: =+AO27 -> 553 | AW27: =+AP27 -> 570 | AX27: =+AQ27 -> 587 | AZ27: =+AL27-AS27 -> 0 | BA27: =+AM27-AT27 -> 0 | BB27: =+AN27-AU27 -> 0 | BC27: =+AO27-AV27 -> 0 | BD27: =+AP27-AW27 -> 0 | BE27: =+AQ27-AX27 -> 0 | BG27: =IF(Q27>0,R27/Q27,0) -> 1.0300568 | BH27: =IF(R27>0,S27/R27,0) -> 1.0300101 | BI27: =IF(S27>0,T27/S27,0) -> 1.0301722 | BJ27: =IF(T27>0,U27/T27,0) -> 1.030071 | BK27: =IF(U27>0,V27/U27,0) -> 1.0300071 | BM27: =IF(X27>0,Y27/X27,0) -> 1.0300568 | BN27: =IF(Y27>0,Z27/Y27,0) -> 1.0300101 | BO27: =IF(Z27>0,AA27/Z27,0) -> 1.0301722 | BP27: =IF(AA27>0,AB27/AA27,0) -> 1.030071 | BQ27: =IF(AB27>0,AC27/AB27,0) -> 1.0300071 | BS27: =IF(AE27>0,AF27/AE27,0) -> 0 | BT27: =IF(AF27>0,AG27/AF27,0) -> 0 | BU27: =IF(AG27>0,AH27/AG27,0) -> 0 | BV27: =IF(AH27>0,AI27/AH27,0) -> 0 | BW27: =IF(AI27>0,AJ27/AI27,0) -> 0 | BY27: =IF(AL27>0,AM27/AL27,0) -> 1.0296443 | BZ27: =IF(AM27>0,AN27/AM27,0) -> 1.0307102 | CA27: =IF(AN27>0,AO27/AN27,0) -> 1.0297952 | CB27: =IF(AO27>0,AP27/AO27,0) -> 1.0307414 | CC27: =IF(AP27>0,AQ27/AP27,0) -> 1.0298246 | CE27: =IF(AS27>0,AT27/AS27,0) -> 1.0296443 | CF27: =IF(AT27>0,AU27/AT27,0) -> 1.0307102 | CG27: =IF(AU27>0,AV27/AU27,0) -> 1.0297952 | CH27: =IF(AV27>0,AW27/AV27,0) -> 1.0307414 | CI27: =IF(AW27>0,AX27/AW27,0) -> 1.0298246 | CK27: =IF(AZ27>0,BA27/AZ27,0) -> 0 | CL27: =IF(BA27>0,BB27/BA27,0) -> 0 | CM27: =IF(BB27>0,BC27/BB27,0) -> 0 | CN27: =IF(BC27>0,BD27/BC27,0) -> 0 | CO27: =IF(BD27>0,BE27/BD27,0) -> 0
A28: 0 | B28: Seattle Campus | C28: 25 | D28: 13 | E28: CBE Masters | F28: 17 | G28: College of Built Environ - MArch & MSRE | H28: 2 | I28: Nonresident | J28: =+'Select Tuition Changes'!S33 -> 0.03 | K28: =+'Select Tuition Changes'!T33 -> 0.03 | L28: =+'Select Tuition Changes'!U33 -> 0.03 | M28: =+'Select Tuition Changes'!V33 -> 0.03 | N28: =+'Select Tuition Changes'!W33 -> 0.03 | P28: 0.035 | Q28: =+'Select Tuition Changes'!Y33-'Tuition Calculations'!AL28 -> 34291 | R28: =+'Select Tuition Changes'!Z33-'Tuition Calculations'!AM28 -> 35322 | S28: =+'Select Tuition Changes'!AA33-'Tuition Calculations'!AN28 -> 36384 | T28: =+'Select Tuition Changes'!AB33-'Tuition Calculations'!AO28 -> 37479 | U28: =+'Select Tuition Changes'!AC33-'Tuition Calculations'!AP28 -> 38605 | V28: =+'Select Tuition Changes'!AD33-'Tuition Calculations'!AQ28 -> 39766 | X28: =+Q27 -> 16369 | Y28: =+R27 -> 16861 | Z28: =+S27 -> 17367 | AA28: =+T27 -> 17891 | AB28: =+U27 -> 18429 | AC28: =+V27 -> 18982 | AE28: =+Q28-X28 -> 17922 | AF28: =+R28-Y28 -> 18461 | AG28: =+S28-Z28 -> 19017 | AH28: =+T28-AA28 -> 19588 | AI28: =+U28-AB28 -> 20176 | AJ28: =+V28-AC28 -> 20784 | AL28: =ROUND($P28*'Select Tuition Changes'!Y33,0) -> 1244 | AM28: =ROUND($P28*'Select Tuition Changes'!Z33,0) -> 1281 | AN28: =ROUND($P28*'Select Tuition Changes'!AA33,0) -> 1320 | AO28: =ROUND($P28*'Select Tuition Changes'!AB33,0) -> 1359 | AP28: =ROUND($P28*'Select Tuition Changes'!AC33,0) -> 1400 | AQ28: =ROUND($P28*'Select Tuition Changes'!AD33,0) -> 1442 | AS28: =+AL27 -> 506 | AT28: =+AM27 -> 521 | AU28: =+AN27 -> 537 | AV28: =+AO27 -> 553 | AW28: =+AP27 -> 570 | AX28: =+AQ27 -> 587 | AZ28: =+AL28-AS28 -> 738 | BA28: =+AM28-AT28 -> 760 | BB28: =+AN28-AU28 -> 783 | BC28: =+AO28-AV28 -> 806 | BD28: =+AP28-AW28 -> 830 | BE28: =+AQ28-AX28 -> 855 | BG28: =IF(Q28>0,R28/Q28,0) -> 1.0300662 | BH28: =IF(R28>0,S28/R28,0) -> 1.0300662 | BI28: =IF(S28>0,T28/S28,0) -> 1.0300956 | BJ28: =IF(T28>0,U28/T28,0) -> 1.0300435 | BK28: =IF(U28>0,V28/U28,0) -> 1.0300738 | BM28: =IF(X28>0,Y28/X28,0) -> 1.0300568 | BN28: =IF(Y28>0,Z28/Y28,0) -> 1.0300101 | BO28: =IF(Z28>0,AA28/Z28,0) -> 1.0301722 | BP28: =IF(AA28>0,AB28/AA28,0) -> 1.030071 | BQ28: =IF(AB28>0,AC28/AB28,0) -> 1.0300071 | BS28: =IF(AE28>0,AF28/AE28,0) -> 1.0300748 | BT28: =IF(AF28>0,AG28/AF28,0) -> 1.0301175 | BU28: =IF(AG28>0,AH28/AG28,0) -> 1.0300258 | BV28: =IF(AH28>0,AI28/AH28,0) -> 1.0300184 | BW28: =IF(AI28>0,AJ28/AI28,0) -> 1.0301348 | BY28: =IF(AL28>0,AM28/AL28,0) -> 1.0297428 | BZ28: =IF(AM28>0,AN28/AM28,0) -> 1.030445 | CA28: =IF(AN28>0,AO28/AN28,0) -> 1.0295455 | CB28: =IF(AO28>0,AP28/AO28,0) -> 1.0301692 | CC28: =IF(AP28>0,AQ28/AP28,0) -> 1.03 | CE28: =IF(AS28>0,AT28/AS28,0) -> 1.0296443 | CF28: =IF(AT28>0,AU28/AT28,0) -> 1.0307102 | CG28: =IF(AU28>0,AV28/AU28,0) -> 1.0297952 | CH28: =IF(AV28>0,AW28/AV28,0) -> 1.0307414 | CI28: =IF(AW28>0,AX28/AW28,0) -> 1.0298246 | CK28: =IF(AZ28>0,BA28/AZ28,0) -> 1.0298103 | CL28: =IF(BA28>0,BB28/BA28,0) -> 1.0302632 | CM28: =IF(BB28>0,BC28/BB28,0) -> 1.0293742 | CN28: =IF(BC28>0,BD28/BC28,0) -> 1.0297767 | CO28: =IF(BD28>0,BE28/BD28,0) -> 1.0301205
A29: 0 | B29: Seattle Campus | C29: 25 | D29: 13 | E29: CBE Masters | F29: 39 | G29: Coll of Built Environ - Masters in Const Mgmt, Land Arch, Urb Des Plan | H29: 1 | I29: Resident | J29: =+'Select Tuition Changes'!S34 -> 0.03 | K29: =+'Select Tuition Changes'!T34 -> 0.03 | L29: =+'Select Tuition Changes'!U34 -> 0.03 | M29: =+'Select Tuition Changes'!V34 -> 0.03 | N29: =+'Select Tuition Changes'!W34 -> 0.03 | P29: 0.03 | Q29: =+'Select Tuition Changes'!Y34-'Tuition Calculations'!AL29 -> 15475 | R29: =+'Select Tuition Changes'!Z34-'Tuition Calculations'!AM29 -> 15941 | S29: =+'Select Tuition Changes'!AA34-'Tuition Calculations'!AN29 -> 16421 | T29: =+'Select Tuition Changes'!AB34-'Tuition Calculations'!AO29 -> 16916 | U29: =+'Select Tuition Changes'!AC34-'Tuition Calculations'!AP29 -> 17425 | V29: =+'Select Tuition Changes'!AD34-'Tuition Calculations'!AQ29 -> 17949 | X29: =+Q29 -> 15475 | Y29: =+R29 -> 15941 | Z29: =+S29 -> 16421 | AA29: =+T29 -> 16916 | AB29: =+U29 -> 17425 | AC29: =+V29 -> 17949 | AE29: =+Q29-X29 -> 0 | AF29: =+R29-Y29 -> 0 | AG29: =+S29-Z29 -> 0 | AH29: =+T29-AA29 -> 0 | AI29: =+U29-AB29 -> 0 | AJ29: =+V29-AC29 -> 0 | AL29: =ROUND($P29*'Select Tuition Changes'!Y34,0) -> 479 | AM29: =ROUND($P29*'Select Tuition Changes'!Z34,0) -> 493 | AN29: =ROUND($P29*'Select Tuition Changes'!AA34,0) -> 508 | AO29: =ROUND($P29*'Select Tuition Changes'!AB34,0) -> 523 | AP29: =ROUND($P29*'Select Tuition Changes'!AC34,0) -> 539 | AQ29: =ROUND($P29*'Select Tuition Changes'!AD34,0) -> 555 | AS29: =+AL29 -> 479 | AT29: =+AM29 -> 493 | AU29: =+AN29 -> 508 | AV29: =+AO29 -> 523 | AW29: =+AP29 -> 539 | AX29: =+AQ29 -> 555 | AZ29: =+AL29-AS29 -> 0 | BA29: =+AM29-AT29 -> 0 | BB29: =+AN29-AU29 -> 0 | BC29: =+AO29-AV29 -> 0 | BD29: =+AP29-AW29 -> 0 | BE29: =+AQ29-AX29 -> 0 | BG29: =IF(Q29>0,R29/Q29,0) -> 1.0301131 | BH29: =IF(R29>0,S29/R29,0) -> 1.030111 | BI29: =IF(S29>0,T29/S29,0) -> 1.0301443 | BJ29: =IF(T29>0,U29/T29,0) -> 1.0300899 | BK29: =IF(U29>0,V29/U29,0) -> 1.0300717 | BM29: =IF(X29>0,Y29/X29,0) -> 1.0301131 | BN29: =IF(Y29>0,Z29/Y29,0) -> 1.030111 | BO29: =IF(Z29>0,AA29/Z29,0) -> 1.0301443 | BP29: =IF(AA29>0,AB29/AA29,0) -> 1.0300899 | BQ29: =IF(AB29>0,AC29/AB29,0) -> 1.0300717 | BS29: =IF(AE29>0,AF29/AE29,0) -> 0 | BT29: =IF(AF29>0,AG29/AF29,0) -> 0 | BU29: =IF(AG29>0,AH29/AG29,0) -> 0 | BV29: =IF(AH29>0,AI29/AH29,0) -> 0 | BW29: =IF(AI29>0,AJ29/AI29,0) -> 0 | BY29: =IF(AL29>0,AM29/AL29,0) -> 1.0292276 | BZ29: =IF(AM29>0,AN29/AM29,0) -> 1.030426 | CA29: =IF(AN29>0,AO29/AN29,0) -> 1.0295276 | CB29: =IF(AO29>0,AP29/AO29,0) -> 1.0305927 | CC29: =IF(AP29>0,AQ29/AP29,0) -> 1.0296846 | CE29: =IF(AS29>0,AT29/AS29,0) -> 1.0292276 | CF29: =IF(AT29>0,AU29/AT29,0) -> 1.030426 | CG29: =IF(AU29>0,AV29/AU29,0) -> 1.0295276 | CH29: =IF(AV29>0,AW29/AV29,0) -> 1.0305927 | CI29: =IF(AW29>0,AX29/AW29,0) -> 1.0296846 | CK29: =IF(AZ29>0,BA29/AZ29,0) -> 0 | CL29: =IF(BA29>0,BB29/BA29,0) -> 0 | CM29: =IF(BB29>0,BC29/BB29,0) -> 0 | CN29: =IF(BC29>0,BD29/BC29,0) -> 0 | CO29: =IF(BD29>0,BE29/BD29,0) -> 0
A30: 0 | B30: Seattle Campus | C30: 25 | D30: 13 | E30: CBE Masters | F30: 39 | G30: Coll of Built Environ - Masters in Const Mgmt, Land Arch, Urb Des Plan | H30: 2 | I30: Nonresident | J30: =+'Select Tuition Changes'!S35 -> 0.03 | K30: =+'Select Tuition Changes'!T35 -> 0.03 | L30: =+'Select Tuition Changes'!U35 -> 0.03 | M30: =+'Select Tuition Changes'!V35 -> 0.03 | N30: =+'Select Tuition Changes'!W35 -> 0.03 | P30: 0.035 | Q30: =+'Select Tuition Changes'!Y35-'Tuition Calculations'!AL30 -> 27419 | R30: =+'Select Tuition Changes'!Z35-'Tuition Calculations'!AM30 -> 28244 | S30: =+'Select Tuition Changes'!AA35-'Tuition Calculations'!AN30 -> 29092 | T30: =+'Select Tuition Changes'!AB35-'Tuition Calculations'!AO30 -> 29966 | U30: =+'Select Tuition Changes'!AC35-'Tuition Calculations'!AP30 -> 30866 | V30: =+'Select Tuition Changes'!AD35-'Tuition Calculations'!AQ30 -> 31793 | X30: =+Q29 -> 15475 | Y30: =+R29 -> 15941 | Z30: =+S29 -> 16421 | AA30: =+T29 -> 16916 | AB30: =+U29 -> 17425 | AC30: =+V29 -> 17949 | AE30: =+Q30-X30 -> 11944 | AF30: =+R30-Y30 -> 12303 | AG30: =+S30-Z30 -> 12671 | AH30: =+T30-AA30 -> 13050 | AI30: =+U30-AB30 -> 13441 | AJ30: =+V30-AC30 -> 13844 | AL30: =ROUND($P30*'Select Tuition Changes'!Y35,0) -> 994 | AM30: =ROUND($P30*'Select Tuition Changes'!Z35,0) -> 1024 | AN30: =ROUND($P30*'Select Tuition Changes'!AA35,0) -> 1055 | AO30: =ROUND($P30*'Select Tuition Changes'!AB35,0) -> 1087 | AP30: =ROUND($P30*'Select Tuition Changes'!AC35,0) -> 1120 | AQ30: =ROUND($P30*'Select Tuition Changes'!AD35,0) -> 1153 | AS30: =+AL29 -> 479 | AT30: =+AM29 -> 493 | AU30: =+AN29 -> 508 | AV30: =+AO29 -> 523 | AW30: =+AP29 -> 539 | AX30: =+AQ29 -> 555 | AZ30: =+AL30-AS30 -> 515 | BA30: =+AM30-AT30 -> 531 | BB30: =+AN30-AU30 -> 547 | BC30: =+AO30-AV30 -> 564 | BD30: =+AP30-AW30 -> 581 | BE30: =+AQ30-AX30 -> 598 | BG30: =IF(Q30>0,R30/Q30,0) -> 1.0300886 | BH30: =IF(R30>0,S30/R30,0) -> 1.0300241 | BI30: =IF(S30>0,T30/S30,0) -> 1.0300426 | BJ30: =IF(T30>0,U30/T30,0) -> 1.030034 | BK30: =IF(U30>0,V30/U30,0) -> 1.030033 | BM30: =IF(X30>0,Y30/X30,0) -> 1.0301131 | BN30: =IF(Y30>0,Z30/Y30,0) -> 1.030111 | BO30: =IF(Z30>0,AA30/Z30,0) -> 1.0301443 | BP30: =IF(AA30>0,AB30/AA30,0) -> 1.0300899 | BQ30: =IF(AB30>0,AC30/AB30,0) -> 1.0300717 | BS30: =IF(AE30>0,AF30/AE30,0) -> 1.0300569 | BT30: =IF(AF30>0,AG30/AF30,0) -> 1.0299114 | BU30: =IF(AG30>0,AH30/AG30,0) -> 1.0299108 | BV30: =IF(AH30>0,AI30/AH30,0) -> 1.0299617 | BW30: =IF(AI30>0,AJ30/AI30,0) -> 1.0299829 | BY30: =IF(AL30>0,AM30/AL30,0) -> 1.0301811 | BZ30: =IF(AM30>0,AN30/AM30,0) -> 1.0302734 | CA30: =IF(AN30>0,AO30/AN30,0) -> 1.0303318 | CB30: =IF(AO30>0,AP30/AO30,0) -> 1.0303588 | CC30: =IF(AP30>0,AQ30/AP30,0) -> 1.0294643 | CE30: =IF(AS30>0,AT30/AS30,0) -> 1.0292276 | CF30: =IF(AT30>0,AU30/AT30,0) -> 1.030426 | CG30: =IF(AU30>0,AV30/AU30,0) -> 1.0295276 | CH30: =IF(AV30>0,AW30/AV30,0) -> 1.0305927 | CI30: =IF(AW30>0,AX30/AW30,0) -> 1.0296846 | CK30: =IF(AZ30>0,BA30/AZ30,0) -> 1.031068 | CL30: =IF(BA30>0,BB30/BA30,0) -> 1.0301318 | CM30: =IF(BB30>0,BC30/BB30,0) -> 1.0310786 | CN30: =IF(BC30>0,BD30/BC30,0) -> 1.0301418 | CO30: =IF(BD30>0,BE30/BD30,0) -> 1.0292599
A31: 0 | B31: Seattle Campus | C31: 27 | D31: 14 | E31: Engineering Masters | F31: 29 | G31: Master of Chemical Engineering | H31: 1 | I31: Resident | J31: =+'Select Tuition Changes'!S36 -> 0.03 | K31: =+'Select Tuition Changes'!T36 -> 0.03 | L31: =+'Select Tuition Changes'!U36 -> 0.03 | M31: =+'Select Tuition Changes'!V36 -> 0.03 | N31: =+'Select Tuition Changes'!W36 -> 0.03 | P31: 0.03 | Q31: =+'Select Tuition Changes'!Y36-'Tuition Calculations'!AL31 -> 19325 | R31: =+'Select Tuition Changes'!Z36-'Tuition Calculations'!AM31 -> 19907 | S31: =+'Select Tuition Changes'!AA36-'Tuition Calculations'!AN31 -> 20507 | T31: =+'Select Tuition Changes'!AB36-'Tuition Calculations'!AO31 -> 21124 | U31: =+'Select Tuition Changes'!AC36-'Tuition Calculations'!AP31 -> 21758 | V31: =+'Select Tuition Changes'!AD36-'Tuition Calculations'!AQ31 -> 22413 | X31: =+Q31 -> 19325 | Y31: =+R31 -> 19907 | Z31: =+S31 -> 20507 | AA31: =+T31 -> 21124 | AB31: =+U31 -> 21758 | AC31: =+V31 -> 22413 | AE31: =+Q31-X31 -> 0 | AF31: =+R31-Y31 -> 0 | AG31: =+S31-Z31 -> 0 | AH31: =+T31-AA31 -> 0 | AI31: =+U31-AB31 -> 0 | AJ31: =+V31-AC31 -> 0 | AL31: =ROUND($P31*'Select Tuition Changes'!Y36,0) -> 598 | AM31: =ROUND($P31*'Select Tuition Changes'!Z36,0) -> 616 | AN31: =ROUND($P31*'Select Tuition Changes'!AA36,0) -> 634 | AO31: =ROUND($P31*'Select Tuition Changes'!AB36,0) -> 653 | AP31: =ROUND($P31*'Select Tuition Changes'!AC36,0) -> 673 | AQ31: =ROUND($P31*'Select Tuition Changes'!AD36,0) -> 693 | AS31: =+AL31 -> 598 | AT31: =+AM31 -> 616 | AU31: =+AN31 -> 634 | AV31: =+AO31 -> 653 | AW31: =+AP31 -> 673 | AX31: =+AQ31 -> 693 | AZ31: =+AL31-AS31 -> 0 | BA31: =+AM31-AT31 -> 0 | BB31: =+AN31-AU31 -> 0 | BC31: =+AO31-AV31 -> 0 | BD31: =+AP31-AW31 -> 0 | BE31: =+AQ31-AX31 -> 0 | BG31: =IF(Q31>0,R31/Q31,0) -> 1.0301164 | BH31: =IF(R31>0,S31/R31,0) -> 1.0301402 | BI31: =IF(S31>0,T31/S31,0) -> 1.0300873 | BJ31: =IF(T31>0,U31/T31,0) -> 1.0300133 | BK31: =IF(U31>0,V31/U31,0) -> 1.0301039 | BM31: =IF(X31>0,Y31/X31,0) -> 1.0301164 | BN31: =IF(Y31>0,Z31/Y31,0) -> 1.0301402 | BO31: =IF(Z31>0,AA31/Z31,0) -> 1.0300873 | BP31: =IF(AA31>0,AB31/AA31,0) -> 1.0300133 | BQ31: =IF(AB31>0,AC31/AB31,0) -> 1.0301039 | BS31: =IF(AE31>0,AF31/AE31,0) -> 0 | BT31: =IF(AF31>0,AG31/AF31,0) -> 0 | BU31: =IF(AG31>0,AH31/AG31,0) -> 0 | BV31: =IF(AH31>0,AI31/AH31,0) -> 0 | BW31: =IF(AI31>0,AJ31/AI31,0) -> 0 | BY31: =IF(AL31>0,AM31/AL31,0) -> 1.0301003 | BZ31: =IF(AM31>0,AN31/AM31,0) -> 1.0292208 | CA31: =IF(AN31>0,AO31/AN31,0) -> 1.0299685 | CB31: =IF(AO31>0,AP31/AO31,0) -> 1.0306279 | CC31: =IF(AP31>0,AQ31/AP31,0) -> 1.0297177 | CE31: =IF(AS31>0,AT31/AS31,0) -> 1.0301003 | CF31: =IF(AT31>0,AU31/AT31,0) -> 1.0292208 | CG31: =IF(AU31>0,AV31/AU31,0) -> 1.0299685 | CH31: =IF(AV31>0,AW31/AV31,0) -> 1.0306279 | CI31: =IF(AW31>0,AX31/AW31,0) -> 1.0297177 | CK31: =IF(AZ31>0,BA31/AZ31,0) -> 0 | CL31: =IF(BA31>0,BB31/BA31,0) -> 0 | CM31: =IF(BB31>0,BC31/BB31,0) -> 0 | CN31: =IF(BC31>0,BD31/BC31,0) -> 0 | CO31: =IF(BD31>0,BE31/BD31,0) -> 0
A32: 0 | B32: Seattle Campus | C32: 27 | D32: 14 | E32: Engineering Masters | F32: 29 | G32: Master of Chemical Engineering | H32: 2 | I32: Nonresident | J32: =+'Select Tuition Changes'!S37 -> 0.03 | K32: =+'Select Tuition Changes'!T37 -> 0.03 | L32: =+'Select Tuition Changes'!U37 -> 0.03 | M32: =+'Select Tuition Changes'!V37 -> 0.03 | N32: =+'Select Tuition Changes'!W37 -> 0.03 | P32: 0.035 | Q32: =+'Select Tuition Changes'!Y37-'Tuition Calculations'!AL32 -> 30311 | R32: =+'Select Tuition Changes'!Z37-'Tuition Calculations'!AM32 -> 31223 | S32: =+'Select Tuition Changes'!AA37-'Tuition Calculations'!AN32 -> 32161 | T32: =+'Select Tuition Changes'!AB37-'Tuition Calculations'!AO32 -> 33127 | U32: =+'Select Tuition Changes'!AC37-'Tuition Calculations'!AP32 -> 34123 | V32: =+'Select Tuition Changes'!AD37-'Tuition Calculations'!AQ32 -> 35148 | X32: =+Q31 -> 19325 | Y32: =+R31 -> 19907 | Z32: =+S31 -> 20507 | AA32: =+T31 -> 21124 | AB32: =+U31 -> 21758 | AC32: =+V31 -> 22413 | AE32: =+Q32-X32 -> 10986 | AF32: =+R32-Y32 -> 11316 | AG32: =+S32-Z32 -> 11654 | AH32: =+T32-AA32 -> 12003 | AI32: =+U32-AB32 -> 12365 | AJ32: =+V32-AC32 -> 12735 | AL32: =ROUND($P32*'Select Tuition Changes'!Y37,0) -> 1099 | AM32: =ROUND($P32*'Select Tuition Changes'!Z37,0) -> 1132 | AN32: =ROUND($P32*'Select Tuition Changes'!AA37,0) -> 1166 | AO32: =ROUND($P32*'Select Tuition Changes'!AB37,0) -> 1202 | AP32: =ROUND($P32*'Select Tuition Changes'!AC37,0) -> 1238 | AQ32: =ROUND($P32*'Select Tuition Changes'!AD37,0) -> 1275 | AS32: =+AL31 -> 598 | AT32: =+AM31 -> 616 | AU32: =+AN31 -> 634 | AV32: =+AO31 -> 653 | AW32: =+AP31 -> 673 | AX32: =+AQ31 -> 693 | AZ32: =+AL32-AS32 -> 501 | BA32: =+AM32-AT32 -> 516 | BB32: =+AN32-AU32 -> 532 | BC32: =+AO32-AV32 -> 549 | BD32: =+AP32-AW32 -> 565 | BE32: =+AQ32-AX32 -> 582 | BG32: =IF(Q32>0,R32/Q32,0) -> 1.0300881 | BH32: =IF(R32>0,S32/R32,0) -> 1.030042 | BI32: =IF(S32>0,T32/S32,0) -> 1.0300364 | BJ32: =IF(T32>0,U32/T32,0) -> 1.0300661 | BK32: =IF(U32>0,V32/U32,0) -> 1.0300384 | BM32: =IF(X32>0,Y32/X32,0) -> 1.0301164 | BN32: =IF(Y32>0,Z32/Y32,0) -> 1.0301402 | BO32: =IF(Z32>0,AA32/Z32,0) -> 1.0300873 | BP32: =IF(AA32>0,AB32/AA32,0) -> 1.0300133 | BQ32: =IF(AB32>0,AC32/AB32,0) -> 1.0301039 | BS32: =IF(AE32>0,AF32/AE32,0) -> 1.0300382 | BT32: =IF(AF32>0,AG32/AF32,0) -> 1.0298692 | BU32: =IF(AG32>0,AH32/AG32,0) -> 1.0299468 | BV32: =IF(AH32>0,AI32/AH32,0) -> 1.0301591 | BW32: =IF(AI32>0,AJ32/AI32,0) -> 1.0299232 | BY32: =IF(AL32>0,AM32/AL32,0) -> 1.0300273 | BZ32: =IF(AM32>0,AN32/AM32,0) -> 1.0300353 | CA32: =IF(AN32>0,AO32/AN32,0) -> 1.0308748 | CB32: =IF(AO32>0,AP32/AO32,0) -> 1.0299501 | CC32: =IF(AP32>0,AQ32/AP32,0) -> 1.0298869 | CE32: =IF(AS32>0,AT32/AS32,0) -> 1.0301003 | CF32: =IF(AT32>0,AU32/AT32,0) -> 1.0292208 | CG32: =IF(AU32>0,AV32/AU32,0) -> 1.0299685 | CH32: =IF(AV32>0,AW32/AV32,0) -> 1.0306279 | CI32: =IF(AW32>0,AX32/AW32,0) -> 1.0297177 | CK32: =IF(AZ32>0,BA32/AZ32,0) -> 1.0299401 | CL32: =IF(BA32>0,BB32/BA32,0) -> 1.0310078 | CM32: =IF(BB32>0,BC32/BB32,0) -> 1.0319549 | CN32: =IF(BC32>0,BD32/BC32,0) -> 1.0291439 | CO32: =IF(BD32>0,BE32/BD32,0) -> 1.0300885
A33: 0 | B33: Seattle Campus | C33: 27 | D33: 14 | E33: Engineering Masters | F33: 30 | G33: Master of Material Science and Engineering | H33: 1 | I33: Resident | J33: =+'Select Tuition Changes'!S38 -> 0.03 | K33: =+'Select Tuition Changes'!T38 -> 0.03 | L33: =+'Select Tuition Changes'!U38 -> 0.03 | M33: =+'Select Tuition Changes'!V38 -> 0.03 | N33: =+'Select Tuition Changes'!W38 -> 0.03 | P33: 0.03 | Q33: =+'Select Tuition Changes'!Y38-'Tuition Calculations'!AL33 -> 19325 | R33: =+'Select Tuition Changes'!Z38-'Tuition Calculations'!AM33 -> 19907 | S33: =+'Select Tuition Changes'!AA38-'Tuition Calculations'!AN33 -> 20507 | T33: =+'Select Tuition Changes'!AB38-'Tuition Calculations'!AO33 -> 21124 | U33: =+'Select Tuition Changes'!AC38-'Tuition Calculations'!AP33 -> 21758 | V33: =+'Select Tuition Changes'!AD38-'Tuition Calculations'!AQ33 -> 22413 | X33: =+Q33 -> 19325 | Y33: =+R33 -> 19907 | Z33: =+S33 -> 20507 | AA33: =+T33 -> 21124 | AB33: =+U33 -> 21758 | AC33: =+V33 -> 22413 | AE33: =+Q33-X33 -> 0 | AF33: =+R33-Y33 -> 0 | AG33: =+S33-Z33 -> 0 | AH33: =+T33-AA33 -> 0 | AI33: =+U33-AB33 -> 0 | AJ33: =+V33-AC33 -> 0 | AL33: =ROUND($P33*'Select Tuition Changes'!Y38,0) -> 598 | AM33: =ROUND($P33*'Select Tuition Changes'!Z38,0) -> 616 | AN33: =ROUND($P33*'Select Tuition Changes'!AA38,0) -> 634 | AO33: =ROUND($P33*'Select Tuition Changes'!AB38,0) -> 653 | AP33: =ROUND($P33*'Select Tuition Changes'!AC38,0) -> 673 | AQ33: =ROUND($P33*'Select Tuition Changes'!AD38,0) -> 693 | AS33: =+AL33 -> 598 | AT33: =+AM33 -> 616 | AU33: =+AN33 -> 634 | AV33: =+AO33 -> 653 | AW33: =+AP33 -> 673 | AX33: =+AQ33 -> 693 | AZ33: =+AL33-AS33 -> 0 | BA33: =+AM33-AT33 -> 0 | BB33: =+AN33-AU33 -> 0 | BC33: =+AO33-AV33 -> 0 | BD33: =+AP33-AW33 -> 0 | BE33: =+AQ33-AX33 -> 0 | BG33: =IF(Q33>0,R33/Q33,0) -> 1.0301164 | BH33: =IF(R33>0,S33/R33,0) -> 1.0301402 | BI33: =IF(S33>0,T33/S33,0) -> 1.0300873 | BJ33: =IF(T33>0,U33/T33,0) -> 1.0300133 | BK33: =IF(U33>0,V33/U33,0) -> 1.0301039 | BM33: =IF(X33>0,Y33/X33,0) -> 1.0301164 | BN33: =IF(Y33>0,Z33/Y33,0) -> 1.0301402 | BO33: =IF(Z33>0,AA33/Z33,0) -> 1.0300873 | BP33: =IF(AA33>0,AB33/AA33,0) -> 1.0300133 | BQ33: =IF(AB33>0,AC33/AB33,0) -> 1.0301039 | BS33: =IF(AE33>0,AF33/AE33,0) -> 0 | BT33: =IF(AF33>0,AG33/AF33,0) -> 0 | BU33: =IF(AG33>0,AH33/AG33,0) -> 0 | BV33: =IF(AH33>0,AI33/AH33,0) -> 0 | BW33: =IF(AI33>0,AJ33/AI33,0) -> 0 | BY33: =IF(AL33>0,AM33/AL33,0) -> 1.0301003 | BZ33: =IF(AM33>0,AN33/AM33,0) -> 1.0292208 | CA33: =IF(AN33>0,AO33/AN33,0) -> 1.0299685 | CB33: =IF(AO33>0,AP33/AO33,0) -> 1.0306279 | CC33: =IF(AP33>0,AQ33/AP33,0) -> 1.0297177 | CE33: =IF(AS33>0,AT33/AS33,0) -> 1.0301003 | CF33: =IF(AT33>0,AU33/AT33,0) -> 1.0292208 | CG33: =IF(AU33>0,AV33/AU33,0) -> 1.0299685 | CH33: =IF(AV33>0,AW33/AV33,0) -> 1.0306279 | CI33: =IF(AW33>0,AX33/AW33,0) -> 1.0297177 | CK33: =IF(AZ33>0,BA33/AZ33,0) -> 0 | CL33: =IF(BA33>0,BB33/BA33,0) -> 0 | CM33: =IF(BB33>0,BC33/BB33,0) -> 0 | CN33: =IF(BC33>0,BD33/BC33,0) -> 0 | CO33: =IF(BD33>0,BE33/BD33,0) -> 0
A34: 0 | B34: Seattle Campus | C34: 27 | D34: 14 | E34: Engineering Masters | F34: 30 | G34: Master of Material Science and Engineering | H34: 2 | I34: Nonresident | J34: =+'Select Tuition Changes'!S39 -> 0.03 | K34: =+'Select Tuition Changes'!T39 -> 0.03 | L34: =+'Select Tuition Changes'!U39 -> 0.03 | M34: =+'Select Tuition Changes'!V39 -> 0.03 | N34: =+'Select Tuition Changes'!W39 -> 0.03 | P34: 0.035 | Q34: =+'Select Tuition Changes'!Y39-'Tuition Calculations'!AL34 -> 30311 | R34: =+'Select Tuition Changes'!Z39-'Tuition Calculations'!AM34 -> 31223 | S34: =+'Select Tuition Changes'!AA39-'Tuition Calculations'!AN34 -> 32161 | T34: =+'Select Tuition Changes'!AB39-'Tuition Calculations'!AO34 -> 33127 | U34: =+'Select Tuition Changes'!AC39-'Tuition Calculations'!AP34 -> 34123 | V34: =+'Select Tuition Changes'!AD39-'Tuition Calculations'!AQ34 -> 35148 | X34: =+Q33 -> 19325 | Y34: =+R33 -> 19907 | Z34: =+S33 -> 20507 | AA34: =+T33 -> 21124 | AB34: =+U33 -> 21758 | AC34: =+V33 -> 22413 | AE34: =+Q34-X34 -> 10986 | AF34: =+R34-Y34 -> 11316 | AG34: =+S34-Z34 -> 11654 | AH34: =+T34-AA34 -> 12003 | AI34: =+U34-AB34 -> 12365 | AJ34: =+V34-AC34 -> 12735 | AL34: =ROUND($P34*'Select Tuition Changes'!Y39,0) -> 1099 | AM34: =ROUND($P34*'Select Tuition Changes'!Z39,0) -> 1132 | AN34: =ROUND($P34*'Select Tuition Changes'!AA39,0) -> 1166 | AO34: =ROUND($P34*'Select Tuition Changes'!AB39,0) -> 1202 | AP34: =ROUND($P34*'Select Tuition Changes'!AC39,0) -> 1238 | AQ34: =ROUND($P34*'Select Tuition Changes'!AD39,0) -> 1275 | AS34: =+AL33 -> 598 | AT34: =+AM33 -> 616 | AU34: =+AN33 -> 634 | AV34: =+AO33 -> 653 | AW34: =+AP33 -> 673 | AX34: =+AQ33 -> 693 | AZ34: =+AL34-AS34 -> 501 | BA34: =+AM34-AT34 -> 516 | BB34: =+AN34-AU34 -> 532 | BC34: =+AO34-AV34 -> 549 | BD34: =+AP34-AW34 -> 565 | BE34: =+AQ34-AX34 -> 582 | BG34: =IF(Q34>0,R34/Q34,0) -> 1.0300881 | BH34: =IF(R34>0,S34/R34,0) -> 1.030042 | BI34: =IF(S34>0,T34/S34,0) -> 1.0300364 | BJ34: =IF(T34>0,U34/T34,0) -> 1.0300661 | BK34: =IF(U34>0,V34/U34,0) -> 1.0300384 | BM34: =IF(X34>0,Y34/X34,0) -> 1.0301164 | BN34: =IF(Y34>0,Z34/Y34,0) -> 1.0301402 | BO34: =IF(Z34>0,AA34/Z34,0) -> 1.0300873 | BP34: =IF(AA34>0,AB34/AA34,0) -> 1.0300133 | BQ34: =IF(AB34>0,AC34/AB34,0) -> 1.0301039 | BS34: =IF(AE34>0,AF34/AE34,0) -> 1.0300382 | BT34: =IF(AF34>0,AG34/AF34,0) -> 1.0298692 | BU34: =IF(AG34>0,AH34/AG34,0) -> 1.0299468 | BV34: =IF(AH34>0,AI34/AH34,0) -> 1.0301591 | BW34: =IF(AI34>0,AJ34/AI34,0) -> 1.0299232 | BY34: =IF(AL34>0,AM34/AL34,0) -> 1.0300273 | BZ34: =IF(AM34>0,AN34/AM34,0) -> 1.0300353 | CA34: =IF(AN34>0,AO34/AN34,0) -> 1.0308748 | CB34: =IF(AO34>0,AP34/AO34,0) -> 1.0299501 | CC34: =IF(AP34>0,AQ34/AP34,0) -> 1.0298869 | CE34: =IF(AS34>0,AT34/AS34,0) -> 1.0301003 | CF34: =IF(AT34>0,AU34/AT34,0) -> 1.0292208 | CG34: =IF(AU34>0,AV34/AU34,0) -> 1.0299685 | CH34: =IF(AV34>0,AW34/AV34,0) -> 1.0306279 | CI34: =IF(AW34>0,AX34/AW34,0) -> 1.0297177 | CK34: =IF(AZ34>0,BA34/AZ34,0) -> 1.0299401 | CL34: =IF(BA34>0,BB34/BA34,0) -> 1.0310078 | CM34: =IF(BB34>0,BC34/BB34,0) -> 1.0319549 | CN34: =IF(BC34>0,BD34/BC34,0) -> 1.0291439 | CO34: =IF(BD34>0,BE34/BD34,0) -> 1.0300885
A35: 0 | B35: Seattle Campus | C35: 27 | D35: 14 | E35: Engineering Masters | F35: 40 | G35: Master of Industrial and Systems Engineering | H35: 1 | I35: Resident | J35: =+'Select Tuition Changes'!S40 -> 0.03 | K35: =+'Select Tuition Changes'!T40 -> 0.03 | L35: =+'Select Tuition Changes'!U40 -> 0.03 | M35: =+'Select Tuition Changes'!V40 -> 0.03 | N35: =+'Select Tuition Changes'!W40 -> 0.03 | P35: 0.03 | Q35: =+'Select Tuition Changes'!Y40-'Tuition Calculations'!AL35 -> 19325 | R35: =+'Select Tuition Changes'!Z40-'Tuition Calculations'!AM35 -> 19907 | S35: =+'Select Tuition Changes'!AA40-'Tuition Calculations'!AN35 -> 20507 | T35: =+'Select Tuition Changes'!AB40-'Tuition Calculations'!AO35 -> 21124 | U35: =+'Select Tuition Changes'!AC40-'Tuition Calculations'!AP35 -> 21758 | V35: =+'Select Tuition Changes'!AD40-'Tuition Calculations'!AQ35 -> 22413 | X35: =+Q35 -> 19325 | Y35: =+R35 -> 19907 | Z35: =+S35 -> 20507 | AA35: =+T35 -> 21124 | AB35: =+U35 -> 21758 | AC35: =+V35 -> 22413 | AE35: =+Q35-X35 -> 0 | AF35: =+R35-Y35 -> 0 | AG35: =+S35-Z35 -> 0 | AH35: =+T35-AA35 -> 0 | AI35: =+U35-AB35 -> 0 | AJ35: =+V35-AC35 -> 0 | AL35: =ROUND($P35*'Select Tuition Changes'!Y40,0) -> 598 | AM35: =ROUND($P35*'Select Tuition Changes'!Z40,0) -> 616 | AN35: =ROUND($P35*'Select Tuition Changes'!AA40,0) -> 634 | AO35: =ROUND($P35*'Select Tuition Changes'!AB40,0) -> 653 | AP35: =ROUND($P35*'Select Tuition Changes'!AC40,0) -> 673 | AQ35: =ROUND($P35*'Select Tuition Changes'!AD40,0) -> 693 | AS35: =+AL35 -> 598 | AT35: =+AM35 -> 616 | AU35: =+AN35 -> 634 | AV35: =+AO35 -> 653 | AW35: =+AP35 -> 673 | AX35: =+AQ35 -> 693 | AZ35: =+AL35-AS35 -> 0 | BA35: =+AM35-AT35 -> 0 | BB35: =+AN35-AU35 -> 0 | BC35: =+AO35-AV35 -> 0 | BD35: =+AP35-AW35 -> 0 | BE35: =+AQ35-AX35 -> 0 | BG35: =IF(Q35>0,R35/Q35,0) -> 1.0301164 | BH35: =IF(R35>0,S35/R35,0) -> 1.0301402 | BI35: =IF(S35>0,T35/S35,0) -> 1.0300873 | BJ35: =IF(T35>0,U35/T35,0) -> 1.0300133 | BK35: =IF(U35>0,V35/U35,0) -> 1.0301039 | BM35: =IF(X35>0,Y35/X35,0) -> 1.0301164 | BN35: =IF(Y35>0,Z35/Y35,0) -> 1.0301402 | BO35: =IF(Z35>0,AA35/Z35,0) -> 1.0300873 | BP35: =IF(AA35>0,AB35/AA35,0) -> 1.0300133 | BQ35: =IF(AB35>0,AC35/AB35,0) -> 1.0301039 | BS35: =IF(AE35>0,AF35/AE35,0) -> 0 | BT35: =IF(AF35>0,AG35/AF35,0) -> 0 | BU35: =IF(AG35>0,AH35/AG35,0) -> 0 | BV35: =IF(AH35>0,AI35/AH35,0) -> 0 | BW35: =IF(AI35>0,AJ35/AI35,0) -> 0 | BY35: =IF(AL35>0,AM35/AL35,0) -> 1.0301003 | BZ35: =IF(AM35>0,AN35/AM35,0) -> 1.0292208 | CA35: =IF(AN35>0,AO35/AN35,0) -> 1.0299685 | CB35: =IF(AO35>0,AP35/AO35,0) -> 1.0306279 | CC35: =IF(AP35>0,AQ35/AP35,0) -> 1.0297177 | CE35: =IF(AS35>0,AT35/AS35,0) -> 1.0301003 | CF35: =IF(AT35>0,AU35/AT35,0) -> 1.0292208 | CG35: =IF(AU35>0,AV35/AU35,0) -> 1.0299685 | CH35: =IF(AV35>0,AW35/AV35,0) -> 1.0306279 | CI35: =IF(AW35>0,AX35/AW35,0) -> 1.0297177 | CK35: =IF(AZ35>0,BA35/AZ35,0) -> 0 | CL35: =IF(BA35>0,BB35/BA35,0) -> 0 | CM35: =IF(BB35>0,BC35/BB35,0) -> 0 | CN35: =IF(BC35>0,BD35/BC35,0) -> 0 | CO35: =IF(BD35>0,BE35/BD35,0) -> 0
A36: 0 | B36: Seattle Campus | C36: 27 | D36: 14 | E36: Engineering Masters | F36: 40 | G36: Master of Industrial and Systems Engineering | H36: 2 | I36: Nonresident | J36: =+'Select Tuition Changes'!S41 -> 0.03 | K36: =+'Select Tuition Changes'!T41 -> 0.03 | L36: =+'Select Tuition Changes'!U41 -> 0.03 | M36: =+'Select Tuition Changes'!V41 -> 0.03 | N36: =+'Select Tuition Changes'!W41 -> 0.03 | P36: 0.035 | Q36: =+'Select Tuition Changes'!Y41-'Tuition Calculations'!AL36 -> 30311 | R36: =+'Select Tuition Changes'!Z41-'Tuition Calculations'!AM36 -> 31223 | S36: =+'Select Tuition Changes'!AA41-'Tuition Calculations'!AN36 -> 32161 | T36: =+'Select Tuition Changes'!AB41-'Tuition Calculations'!AO36 -> 33127 | U36: =+'Select Tuition Changes'!AC41-'Tuition Calculations'!AP36 -> 34123 | V36: =+'Select Tuition Changes'!AD41-'Tuition Calculations'!AQ36 -> 35148 | X36: =+Q35 -> 19325 | Y36: =+R35 -> 19907 | Z36: =+S35 -> 20507 | AA36: =+T35 -> 21124 | AB36: =+U35 -> 21758 | AC36: =+V35 -> 22413 | AE36: =+Q36-X36 -> 10986 | AF36: =+R36-Y36 -> 11316 | AG36: =+S36-Z36 -> 11654 | AH36: =+T36-AA36 -> 12003 | AI36: =+U36-AB36 -> 12365 | AJ36: =+V36-AC36 -> 12735 | AL36: =ROUND($P36*'Select Tuition Changes'!Y41,0) -> 1099 | AM36: =ROUND($P36*'Select Tuition Changes'!Z41,0) -> 1132 | AN36: =ROUND($P36*'Select Tuition Changes'!AA41,0) -> 1166 | AO36: =ROUND($P36*'Select Tuition Changes'!AB41,0) -> 1202 | AP36: =ROUND($P36*'Select Tuition Changes'!AC41,0) -> 1238 | AQ36: =ROUND($P36*'Select Tuition Changes'!AD41,0) -> 1275 | AS36: =+AL35 -> 598 | AT36: =+AM35 -> 616 | AU36: =+AN35 -> 634 | AV36: =+AO35 -> 653 | AW36: =+AP35 -> 673 | AX36: =+AQ35 -> 693 | AZ36: =+AL36-AS36 -> 501 | BA36: =+AM36-AT36 -> 516 | BB36: =+AN36-AU36 -> 532 | BC36: =+AO36-AV36 -> 549 | BD36: =+AP36-AW36 -> 565 | BE36: =+AQ36-AX36 -> 582 | BG36: =IF(Q36>0,R36/Q36,0) -> 1.0300881 | BH36: =IF(R36>0,S36/R36,0) -> 1.030042 | BI36: =IF(S36>0,T36/S36,0) -> 1.0300364 | BJ36: =IF(T36>0,U36/T36,0) -> 1.0300661 | BK36: =IF(U36>0,V36/U36,0) -> 1.0300384 | BM36: =IF(X36>0,Y36/X36,0) -> 1.0301164 | BN36: =IF(Y36>0,Z36/Y36,0) -> 1.0301402 | BO36: =IF(Z36>0,AA36/Z36,0) -> 1.0300873 | BP36: =IF(AA36>0,AB36/AA36,0) -> 1.0300133 | BQ36: =IF(AB36>0,AC36/AB36,0) -> 1.0301039 | BS36: =IF(AE36>0,AF36/AE36,0) -> 1.0300382 | BT36: =IF(AF36>0,AG36/AF36,0) -> 1.0298692 | BU36: =IF(AG36>0,AH36/AG36,0) -> 1.0299468 | BV36: =IF(AH36>0,AI36/AH36,0) -> 1.0301591 | BW36: =IF(AI36>0,AJ36/AI36,0) -> 1.0299232 | BY36: =IF(AL36>0,AM36/AL36,0) -> 1.0300273 | BZ36: =IF(AM36>0,AN36/AM36,0) -> 1.0300353 | CA36: =IF(AN36>0,AO36/AN36,0) -> 1.0308748 | CB36: =IF(AO36>0,AP36/AO36,0) -> 1.0299501 | CC36: =IF(AP36>0,AQ36/AP36,0) -> 1.0298869 | CE36: =IF(AS36>0,AT36/AS36,0) -> 1.0301003 | CF36: =IF(AT36>0,AU36/AT36,0) -> 1.0292208 | CG36: =IF(AU36>0,AV36/AU36,0) -> 1.0299685 | CH36: =IF(AV36>0,AW36/AV36,0) -> 1.0306279 | CI36: =IF(AW36>0,AX36/AW36,0) -> 1.0297177 | CK36: =IF(AZ36>0,BA36/AZ36,0) -> 1.0299401 | CL36: =IF(BA36>0,BB36/BA36,0) -> 1.0310078 | CM36: =IF(BB36>0,BC36/BB36,0) -> 1.0319549 | CN36: =IF(BC36>0,BD36/BC36,0) -> 1.0291439 | CO36: =IF(BD36>0,BE36/BD36,0) -> 1.0300885
A37: 0 | B37: Seattle Campus | C37: 33 | D37: 17 | E37: MPA | F37: 07 | G37: Master of Public Affairs | H37: 1 | I37: Resident | J37: =+'Select Tuition Changes'!S42 -> 0.03 | K37: =+'Select Tuition Changes'!T42 -> 0.03 | L37: =+'Select Tuition Changes'!U42 -> 0.03 | M37: =+'Select Tuition Changes'!V42 -> 0.03 | N37: =+'Select Tuition Changes'!W42 -> 0.03 | P37: 0.03 | Q37: =+'Select Tuition Changes'!Y42-'Tuition Calculations'!AL37 -> 18662 | R37: =+'Select Tuition Changes'!Z42-'Tuition Calculations'!AM37 -> 19223 | S37: =+'Select Tuition Changes'!AA42-'Tuition Calculations'!AN37 -> 19803 | T37: =+'Select Tuition Changes'!AB42-'Tuition Calculations'!AO37 -> 20399 | U37: =+'Select Tuition Changes'!AC42-'Tuition Calculations'!AP37 -> 21013 | V37: =+'Select Tuition Changes'!AD42-'Tuition Calculations'!AQ37 -> 21645 | X37: =+Q37 -> 18662 | Y37: =+R37 -> 19223 | Z37: =+S37 -> 19803 | AA37: =+T37 -> 20399 | AB37: =+U37 -> 21013 | AC37: =+V37 -> 21645 | AE37: =+Q37-X37 -> 0 | AF37: =+R37-Y37 -> 0 | AG37: =+S37-Z37 -> 0 | AH37: =+T37-AA37 -> 0 | AI37: =+U37-AB37 -> 0 | AJ37: =+V37-AC37 -> 0 | AL37: =ROUND($P37*'Select Tuition Changes'!Y42,0) -> 577 | AM37: =ROUND($P37*'Select Tuition Changes'!Z42,0) -> 595 | AN37: =ROUND($P37*'Select Tuition Changes'!AA42,0) -> 612 | AO37: =ROUND($P37*'Select Tuition Changes'!AB42,0) -> 631 | AP37: =ROUND($P37*'Select Tuition Changes'!AC42,0) -> 650 | AQ37: =ROUND($P37*'Select Tuition Changes'!AD42,0) -> 669 | AS37: =+AL37 -> 577 | AT37: =+AM37 -> 595 | AU37: =+AN37 -> 612 | AV37: =+AO37 -> 631 | AW37: =+AP37 -> 650 | AX37: =+AQ37 -> 669 | AZ37: =+AL37-AS37 -> 0 | BA37: =+AM37-AT37 -> 0 | BB37: =+AN37-AU37 -> 0 | BC37: =+AO37-AV37 -> 0 | BD37: =+AP37-AW37 -> 0 | BE37: =+AQ37-AX37 -> 0 | BG37: =IF(Q37>0,R37/Q37,0) -> 1.0300611 | BH37: =IF(R37>0,S37/R37,0) -> 1.0301722 | BI37: =IF(S37>0,T37/S37,0) -> 1.0300965 | BJ37: =IF(T37>0,U37/T37,0) -> 1.0300995 | BK37: =IF(U37>0,V37/U37,0) -> 1.0300766 | BM37: =IF(X37>0,Y37/X37,0) -> 1.0300611 | BN37: =IF(Y37>0,Z37/Y37,0) -> 1.0301722 | BO37: =IF(Z37>0,AA37/Z37,0) -> 1.0300965 | BP37: =IF(AA37>0,AB37/AA37,0) -> 1.0300995 | BQ37: =IF(AB37>0,AC37/AB37,0) -> 1.0300766 | BS37: =IF(AE37>0,AF37/AE37,0) -> 0 | BT37: =IF(AF37>0,AG37/AF37,0) -> 0 | BU37: =IF(AG37>0,AH37/AG37,0) -> 0 | BV37: =IF(AH37>0,AI37/AH37,0) -> 0 | BW37: =IF(AI37>0,AJ37/AI37,0) -> 0 | BY37: =IF(AL37>0,AM37/AL37,0) -> 1.0311958 | BZ37: =IF(AM37>0,AN37/AM37,0) -> 1.0285714 | CA37: =IF(AN37>0,AO37/AN37,0) -> 1.0310458 | CB37: =IF(AO37>0,AP37/AO37,0) -> 1.0301109 | CC37: =IF(AP37>0,AQ37/AP37,0) -> 1.0292308 | CE37: =IF(AS37>0,AT37/AS37,0) -> 1.0311958 | CF37: =IF(AT37>0,AU37/AT37,0) -> 1.0285714 | CG37: =IF(AU37>0,AV37/AU37,0) -> 1.0310458 | CH37: =IF(AV37>0,AW37/AV37,0) -> 1.0301109 | CI37: =IF(AW37>0,AX37/AW37,0) -> 1.0292308 | CK37: =IF(AZ37>0,BA37/AZ37,0) -> 0 | CL37: =IF(BA37>0,BB37/BA37,0) -> 0 | CM37: =IF(BB37>0,BC37/BB37,0) -> 0 | CN37: =IF(BC37>0,BD37/BC37,0) -> 0 | CO37: =IF(BD37>0,BE37/BD37,0) -> 0
A38: 0 | B38: Seattle Campus | C38: 33 | D38: 17 | E38: MPA | F38: 07 | G38: Master of Public Affairs | H38: 2 | I38: Nonresident | J38: =+'Select Tuition Changes'!S43 -> 0.03 | K38: =+'Select Tuition Changes'!T43 -> 0.03 | L38: =+'Select Tuition Changes'!U43 -> 0.03 | M38: =+'Select Tuition Changes'!V43 -> 0.03 | N38: =+'Select Tuition Changes'!W43 -> 0.03 | P38: 0.035 | Q38: =+'Select Tuition Changes'!Y43-'Tuition Calculations'!AL38 -> 33321 | R38: =+'Select Tuition Changes'!Z43-'Tuition Calculations'!AM38 -> 34323 | S38: =+'Select Tuition Changes'!AA43-'Tuition Calculations'!AN38 -> 35354 | T38: =+'Select Tuition Changes'!AB43-'Tuition Calculations'!AO38 -> 36416 | U38: =+'Select Tuition Changes'!AC43-'Tuition Calculations'!AP38 -> 37511 | V38: =+'Select Tuition Changes'!AD43-'Tuition Calculations'!AQ38 -> 38637 | X38: =+Q37 -> 18662 | Y38: =+R37 -> 19223 | Z38: =+S37 -> 19803 | AA38: =+T37 -> 20399 | AB38: =+U37 -> 21013 | AC38: =+V37 -> 21645 | AE38: =+Q38-X38 -> 14659 | AF38: =+R38-Y38 -> 15100 | AG38: =+S38-Z38 -> 15551 | AH38: =+T38-AA38 -> 16017 | AI38: =+U38-AB38 -> 16498 | AJ38: =+V38-AC38 -> 16992 | AL38: =ROUND($P38*'Select Tuition Changes'!Y43,0) -> 1209 | AM38: =ROUND($P38*'Select Tuition Changes'!Z43,0) -> 1245 | AN38: =ROUND($P38*'Select Tuition Changes'!AA43,0) -> 1282 | AO38: =ROUND($P38*'Select Tuition Changes'!AB43,0) -> 1321 | AP38: =ROUND($P38*'Select Tuition Changes'!AC43,0) -> 1360 | AQ38: =ROUND($P38*'Select Tuition Changes'!AD43,0) -> 1401 | AS38: =+AL37 -> 577 | AT38: =+AM37 -> 595 | AU38: =+AN37 -> 612 | AV38: =+AO37 -> 631 | AW38: =+AP37 -> 650 | AX38: =+AQ37 -> 669 | AZ38: =+AL38-AS38 -> 632 | BA38: =+AM38-AT38 -> 650 | BB38: =+AN38-AU38 -> 670 | BC38: =+AO38-AV38 -> 690 | BD38: =+AP38-AW38 -> 710 | BE38: =+AQ38-AX38 -> 732 | BG38: =IF(Q38>0,R38/Q38,0) -> 1.0300711 | BH38: =IF(R38>0,S38/R38,0) -> 1.0300382 | BI38: =IF(S38>0,T38/S38,0) -> 1.030039 | BJ38: =IF(T38>0,U38/T38,0) -> 1.0300692 | BK38: =IF(U38>0,V38/U38,0) -> 1.0300179 | BM38: =IF(X38>0,Y38/X38,0) -> 1.0300611 | BN38: =IF(Y38>0,Z38/Y38,0) -> 1.0301722 | BO38: =IF(Z38>0,AA38/Z38,0) -> 1.0300965 | BP38: =IF(AA38>0,AB38/AA38,0) -> 1.0300995 | BQ38: =IF(AB38>0,AC38/AB38,0) -> 1.0300766 | BS38: =IF(AE38>0,AF38/AE38,0) -> 1.0300839 | BT38: =IF(AF38>0,AG38/AF38,0) -> 1.0298675 | BU38: =IF(AG38>0,AH38/AG38,0) -> 1.0299659 | BV38: =IF(AH38>0,AI38/AH38,0) -> 1.0300306 | BW38: =IF(AI38>0,AJ38/AI38,0) -> 1.029943 | BY38: =IF(AL38>0,AM38/AL38,0) -> 1.0297767 | BZ38: =IF(AM38>0,AN38/AM38,0) -> 1.0297189 | CA38: =IF(AN38>0,AO38/AN38,0) -> 1.0304212 | CB38: =IF(AO38>0,AP38/AO38,0) -> 1.0295231 | CC38: =IF(AP38>0,AQ38/AP38,0) -> 1.0301471 | CE38: =IF(AS38>0,AT38/AS38,0) -> 1.0311958 | CF38: =IF(AT38>0,AU38/AT38,0) -> 1.0285714 | CG38: =IF(AU38>0,AV38/AU38,0) -> 1.0310458 | CH38: =IF(AV38>0,AW38/AV38,0) -> 1.0301109 | CI38: =IF(AW38>0,AX38/AW38,0) -> 1.0292308 | CK38: =IF(AZ38>0,BA38/AZ38,0) -> 1.028481 | CL38: =IF(BA38>0,BB38/BA38,0) -> 1.0307692 | CM38: =IF(BB38>0,BC38/BB38,0) -> 1.0298507 | CN38: =IF(BC38>0,BD38/BC38,0) -> 1.0289855 | CO38: =IF(BD38>0,BE38/BD38,0) -> 1.0309859
A39: 0 | B39: Seattle Campus | C39: 37 | D39: 21 | E39: MBA | F39: 09 | G39: Master of Business Administration (Incoming) | H39: 1 | I39: Resident | J39: =+'Select Tuition Changes'!S44 -> 0.03 | K39: =+'Select Tuition Changes'!T44 -> 0.03 | L39: =+'Select Tuition Changes'!U44 -> 0.03 | M39: =+'Select Tuition Changes'!V44 -> 0.03 | N39: =+'Select Tuition Changes'!W44 -> 0.03 | P39: 0.03 | Q39: =+'Select Tuition Changes'!Y44-'Tuition Calculations'!AL39 -> 28372 | R39: =+'Select Tuition Changes'!Z44-'Tuition Calculations'!AM39 -> 29225 | S39: =+'Select Tuition Changes'!AA44-'Tuition Calculations'!AN39 -> 30104 | T39: =+'Select Tuition Changes'!AB44-'Tuition Calculations'!AO39 -> 31009 | U39: =+'Select Tuition Changes'!AC44-'Tuition Calculations'!AP39 -> 31940 | V39: =+'Select Tuition Changes'!AD44-'Tuition Calculations'!AQ39 -> 32900 | X39: =+Q39 -> 28372 | Y39: =+R39 -> 29225 | Z39: =+S39 -> 30104 | AA39: =+T39 -> 31009 | AB39: =+U39 -> 31940 | AC39: =+V39 -> 32900 | AE39: =+Q39-X39 -> 0 | AF39: =+R39-Y39 -> 0 | AG39: =+S39-Z39 -> 0 | AH39: =+T39-AA39 -> 0 | AI39: =+U39-AB39 -> 0 | AJ39: =+V39-AC39 -> 0 | AL39: =ROUND($P39*'Select Tuition Changes'!Y44,0) -> 878 | AM39: =ROUND($P39*'Select Tuition Changes'!Z44,0) -> 904 | AN39: =ROUND($P39*'Select Tuition Changes'!AA44,0) -> 931 | AO39: =ROUND($P39*'Select Tuition Changes'!AB44,0) -> 959 | AP39: =ROUND($P39*'Select Tuition Changes'!AC44,0) -> 988 | AQ39: =ROUND($P39*'Select Tuition Changes'!AD44,0) -> 1018 | AS39: =+AL39 -> 878 | AT39: =+AM39 -> 904 | AU39: =+AN39 -> 931 | AV39: =+AO39 -> 959 | AW39: =+AP39 -> 988 | AX39: =+AQ39 -> 1018 | AZ39: =+AL39-AS39 -> 0 | BA39: =+AM39-AT39 -> 0 | BB39: =+AN39-AU39 -> 0 | BC39: =+AO39-AV39 -> 0 | BD39: =+AP39-AW39 -> 0 | BE39: =+AQ39-AX39 -> 0 | BG39: =IF(Q39>0,R39/Q39,0) -> 1.0300649 | BH39: =IF(R39>0,S39/R39,0) -> 1.030077 | BI39: =IF(S39>0,T39/S39,0) -> 1.0300625 | BJ39: =IF(T39>0,U39/T39,0) -> 1.0300235 | BK39: =IF(U39>0,V39/U39,0) -> 1.0300564 | BM39: =IF(X39>0,Y39/X39,0) -> 1.0300649 | BN39: =IF(Y39>0,Z39/Y39,0) -> 1.030077 | BO39: =IF(Z39>0,AA39/Z39,0) -> 1.0300625 | BP39: =IF(AA39>0,AB39/AA39,0) -> 1.0300235 | BQ39: =IF(AB39>0,AC39/AB39,0) -> 1.0300564 | BS39: =IF(AE39>0,AF39/AE39,0) -> 0 | BT39: =IF(AF39>0,AG39/AF39,0) -> 0 | BU39: =IF(AG39>0,AH39/AG39,0) -> 0 | BV39: =IF(AH39>0,AI39/AH39,0) -> 0 | BW39: =IF(AI39>0,AJ39/AI39,0) -> 0 | BY39: =IF(AL39>0,AM39/AL39,0) -> 1.0296128 | BZ39: =IF(AM39>0,AN39/AM39,0) -> 1.0298673 | CA39: =IF(AN39>0,AO39/AN39,0) -> 1.0300752 | CB39: =IF(AO39>0,AP39/AO39,0) -> 1.0302398 | CC39: =IF(AP39>0,AQ39/AP39,0) -> 1.0303644 | CE39: =IF(AS39>0,AT39/AS39,0) -> 1.0296128 | CF39: =IF(AT39>0,AU39/AT39,0) -> 1.0298673 | CG39: =IF(AU39>0,AV39/AU39,0) -> 1.0300752 | CH39: =IF(AV39>0,AW39/AV39,0) -> 1.0302398 | CI39: =IF(AW39>0,AX39/AW39,0) -> 1.0303644 | CK39: =IF(AZ39>0,BA39/AZ39,0) -> 0 | CL39: =IF(BA39>0,BB39/BA39,0) -> 0 | CM39: =IF(BB39>0,BC39/BB39,0) -> 0 | CN39: =IF(BC39>0,BD39/BC39,0) -> 0 | CO39: =IF(BD39>0,BE39/BD39,0) -> 0
A40: 0 | B40: Seattle Campus | C40: 37 | D40: 21 | E40: MBA | F40: 09 | G40: Master of Business Administration (Incoming) | H40: 2 | I40: Nonresident | J40: =+'Select Tuition Changes'!S45 -> 0.03 | K40: =+'Select Tuition Changes'!T45 -> 0.03 | L40: =+'Select Tuition Changes'!U45 -> 0.03 | M40: =+'Select Tuition Changes'!V45 -> 0.03 | N40: =+'Select Tuition Changes'!W45 -> 0.03 | P40: 0.035 | Q40: =+'Select Tuition Changes'!Y45-'Tuition Calculations'!AL40 -> 41578 | R40: =+'Select Tuition Changes'!Z45-'Tuition Calculations'!AM40 -> 42826 | S40: =+'Select Tuition Changes'!AA45-'Tuition Calculations'!AN40 -> 44111 | T40: =+'Select Tuition Changes'!AB45-'Tuition Calculations'!AO40 -> 45437 | U40: =+'Select Tuition Changes'!AC45-'Tuition Calculations'!AP40 -> 46801 | V40: =+'Select Tuition Changes'!AD45-'Tuition Calculations'!AQ40 -> 48205 | X40: =+Q39 -> 28372 | Y40: =+R39 -> 29225 | Z40: =+S39 -> 30104 | AA40: =+T39 -> 31009 | AB40: =+U39 -> 31940 | AC40: =+V39 -> 32900 | AE40: =+Q40-X40 -> 13206 | AF40: =+R40-Y40 -> 13601 | AG40: =+S40-Z40 -> 14007 | AH40: =+T40-AA40 -> 14428 | AI40: =+U40-AB40 -> 14861 | AJ40: =+V40-AC40 -> 15305 | AL40: =ROUND($P40*'Select Tuition Changes'!Y45,0) -> 1508 | AM40: =ROUND($P40*'Select Tuition Changes'!Z45,0) -> 1553 | AN40: =ROUND($P40*'Select Tuition Changes'!AA45,0) -> 1600 | AO40: =ROUND($P40*'Select Tuition Changes'!AB45,0) -> 1648 | AP40: =ROUND($P40*'Select Tuition Changes'!AC45,0) -> 1697 | AQ40: =ROUND($P40*'Select Tuition Changes'!AD45,0) -> 1748 | AS40: =+AL39 -> 878 | AT40: =+AM39 -> 904 | AU40: =+AN39 -> 931 | AV40: =+AO39 -> 959 | AW40: =+AP39 -> 988 | AX40: =+AQ39 -> 1018 | AZ40: =+AL40-AS40 -> 630 | BA40: =+AM40-AT40 -> 649 | BB40: =+AN40-AU40 -> 669 | BC40: =+AO40-AV40 -> 689 | BD40: =+AP40-AW40 -> 709 | BE40: =+AQ40-AX40 -> 730 | BG40: =IF(Q40>0,R40/Q40,0) -> 1.0300159 | BH40: =IF(R40>0,S40/R40,0) -> 1.0300051 | BI40: =IF(S40>0,T40/S40,0) -> 1.0300605 | BJ40: =IF(T40>0,U40/T40,0) -> 1.0300196 | BK40: =IF(U40>0,V40/U40,0) -> 1.0299994 | BM40: =IF(X40>0,Y40/X40,0) -> 1.0300649 | BN40: =IF(Y40>0,Z40/Y40,0) -> 1.030077 | BO40: =IF(Z40>0,AA40/Z40,0) -> 1.0300625 | BP40: =IF(AA40>0,AB40/AA40,0) -> 1.0300235 | BQ40: =IF(AB40>0,AC40/AB40,0) -> 1.0300564 | BS40: =IF(AE40>0,AF40/AE40,0) -> 1.0299106 | BT40: =IF(AF40>0,AG40/AF40,0) -> 1.0298507 | BU40: =IF(AG40>0,AH40/AG40,0) -> 1.0300564 | BV40: =IF(AH40>0,AI40/AH40,0) -> 1.0300111 | BW40: =IF(AI40>0,AJ40/AI40,0) -> 1.0298769 | BY40: =IF(AL40>0,AM40/AL40,0) -> 1.0298408 | BZ40: =IF(AM40>0,AN40/AM40,0) -> 1.030264 | CA40: =IF(AN40>0,AO40/AN40,0) -> 1.03 | CB40: =IF(AO40>0,AP40/AO40,0) -> 1.029733 | CC40: =IF(AP40>0,AQ40/AP40,0) -> 1.030053 | CE40: =IF(AS40>0,AT40/AS40,0) -> 1.0296128 | CF40: =IF(AT40>0,AU40/AT40,0) -> 1.0298673 | CG40: =IF(AU40>0,AV40/AU40,0) -> 1.0300752 | CH40: =IF(AV40>0,AW40/AV40,0) -> 1.0302398 | CI40: =IF(AW40>0,AX40/AW40,0) -> 1.0303644 | CK40: =IF(AZ40>0,BA40/AZ40,0) -> 1.0301587 | CL40: =IF(BA40>0,BB40/BA40,0) -> 1.0308166 | CM40: =IF(BB40>0,BC40/BB40,0) -> 1.0298954 | CN40: =IF(BC40>0,BD40/BC40,0) -> 1.0290276 | CO40: =IF(BD40>0,BE40/BD40,0) -> 1.0296192
A41: 0 | B41: Seattle Campus | C41: 37 | D41: 21 | E41: MBA | F41: 10 | G41: Master of Business Administration (Continuing) | H41: 1 | I41: Resident | J41: =+'Select Tuition Changes'!S46 -> 0.03 | K41: =+'Select Tuition Changes'!T46 -> 0.03 | L41: =+'Select Tuition Changes'!U46 -> 0.03 | M41: =+'Select Tuition Changes'!V46 -> 0.03 | N41: =+'Select Tuition Changes'!W46 -> 0.03 | P41: 0.03 | Q41: =+'Select Tuition Changes'!Y46-'Tuition Calculations'!AL41 -> 27019 | R41: =+'Select Tuition Changes'!Z46-'Tuition Calculations'!AM41 -> 27831 | S41: =+'Select Tuition Changes'!AA46-'Tuition Calculations'!AN41 -> 28666 | T41: =+'Select Tuition Changes'!AB46-'Tuition Calculations'!AO41 -> 29528 | U41: =+'Select Tuition Changes'!AC46-'Tuition Calculations'!AP41 -> 30415 | V41: =+'Select Tuition Changes'!AD46-'Tuition Calculations'!AQ41 -> 31329 | X41: =+Q41 -> 27019 | Y41: =+R41 -> 27831 | Z41: =+S41 -> 28666 | AA41: =+T41 -> 29528 | AB41: =+U41 -> 30415 | AC41: =+V41 -> 31329 | AE41: =+Q41-X41 -> 0 | AF41: =+R41-Y41 -> 0 | AG41: =+S41-Z41 -> 0 | AH41: =+T41-AA41 -> 0 | AI41: =+U41-AB41 -> 0 | AJ41: =+V41-AC41 -> 0 | AL41: =ROUND($P41*'Select Tuition Changes'!Y46,0) -> 836 | AM41: =ROUND($P41*'Select Tuition Changes'!Z46,0) -> 861 | AN41: =ROUND($P41*'Select Tuition Changes'!AA46,0) -> 887 | AO41: =ROUND($P41*'Select Tuition Changes'!AB46,0) -> 913 | AP41: =ROUND($P41*'Select Tuition Changes'!AC46,0) -> 941 | AQ41: =ROUND($P41*'Select Tuition Changes'!AD46,0) -> 969 | AS41: =+AL41 -> 836 | AT41: =+AM41 -> 861 | AU41: =+AN41 -> 887 | AV41: =+AO41 -> 913 | AW41: =+AP41 -> 941 | AX41: =+AQ41 -> 969 | AZ41: =+AL41-AS41 -> 0 | BA41: =+AM41-AT41 -> 0 | BB41: =+AN41-AU41 -> 0 | BC41: =+AO41-AV41 -> 0 | BD41: =+AP41-AW41 -> 0 | BE41: =+AQ41-AX41 -> 0 | BG41: =IF(Q41>0,R41/Q41,0) -> 1.0300529 | BH41: =IF(R41>0,S41/R41,0) -> 1.0300025 | BI41: =IF(S41>0,T41/S41,0) -> 1.0300705 | BJ41: =IF(T41>0,U41/T41,0) -> 1.0300393 | BK41: =IF(U41>0,V41/U41,0) -> 1.030051 | BM41: =IF(X41>0,Y41/X41,0) -> 1.0300529 | BN41: =IF(Y41>0,Z41/Y41,0) -> 1.0300025 | BO41: =IF(Z41>0,AA41/Z41,0) -> 1.0300705 | BP41: =IF(AA41>0,AB41/AA41,0) -> 1.0300393 | BQ41: =IF(AB41>0,AC41/AB41,0) -> 1.030051 | BS41: =IF(AE41>0,AF41/AE41,0) -> 0 | BT41: =IF(AF41>0,AG41/AF41,0) -> 0 | BU41: =IF(AG41>0,AH41/AG41,0) -> 0 | BV41: =IF(AH41>0,AI41/AH41,0) -> 0 | BW41: =IF(AI41>0,AJ41/AI41,0) -> 0 | BY41: =IF(AL41>0,AM41/AL41,0) -> 1.0299043 | BZ41: =IF(AM41>0,AN41/AM41,0) -> 1.0301974 | CA41: =IF(AN41>0,AO41/AN41,0) -> 1.0293123 | CB41: =IF(AO41>0,AP41/AO41,0) -> 1.0306681 | CC41: =IF(AP41>0,AQ41/AP41,0) -> 1.0297556 | CE41: =IF(AS41>0,AT41/AS41,0) -> 1.0299043 | CF41: =IF(AT41>0,AU41/AT41,0) -> 1.0301974 | CG41: =IF(AU41>0,AV41/AU41,0) -> 1.0293123 | CH41: =IF(AV41>0,AW41/AV41,0) -> 1.0306681 | CI41: =IF(AW41>0,AX41/AW41,0) -> 1.0297556 | CK41: =IF(AZ41>0,BA41/AZ41,0) -> 0 | CL41: =IF(BA41>0,BB41/BA41,0) -> 0 | CM41: =IF(BB41>0,BC41/BB41,0) -> 0 | CN41: =IF(BC41>0,BD41/BC41,0) -> 0 | CO41: =IF(BD41>0,BE41/BD41,0) -> 0
A42: 0 | B42: Seattle Campus | C42: 37 | D42: 21 | E42: MBA | F42: 10 | G42: Master of Business Administration (Continuing) | H42: 2 | I42: Nonresident | J42: =+'Select Tuition Changes'!S47 -> 0.03 | K42: =+'Select Tuition Changes'!T47 -> 0.03 | L42: =+'Select Tuition Changes'!U47 -> 0.03 | M42: =+'Select Tuition Changes'!V47 -> 0.03 | N42: =+'Select Tuition Changes'!W47 -> 0.03 | P42: 0.035 | Q42: =+'Select Tuition Changes'!Y47-'Tuition Calculations'!AL42 -> 39601 | R42: =+'Select Tuition Changes'!Z47-'Tuition Calculations'!AM42 -> 40791 | S42: =+'Select Tuition Changes'!AA47-'Tuition Calculations'!AN42 -> 42015 | T42: =+'Select Tuition Changes'!AB47-'Tuition Calculations'!AO42 -> 43277 | U42: =+'Select Tuition Changes'!AC47-'Tuition Calculations'!AP42 -> 44577 | V42: =+'Select Tuition Changes'!AD47-'Tuition Calculations'!AQ42 -> 45915 | X42: =+Q41 -> 27019 | Y42: =+R41 -> 27831 | Z42: =+S41 -> 28666 | AA42: =+T41 -> 29528 | AB42: =+U41 -> 30415 | AC42: =+V41 -> 31329 | AE42: =+Q42-X42 -> 12582 | AF42: =+R42-Y42 -> 12960 | AG42: =+S42-Z42 -> 13349 | AH42: =+T42-AA42 -> 13749 | AI42: =+U42-AB42 -> 14162 | AJ42: =+V42-AC42 -> 14586 | AL42: =ROUND($P42*'Select Tuition Changes'!Y47,0) -> 1436 | AM42: =ROUND($P42*'Select Tuition Changes'!Z47,0) -> 1479 | AN42: =ROUND($P42*'Select Tuition Changes'!AA47,0) -> 1524 | AO42: =ROUND($P42*'Select Tuition Changes'!AB47,0) -> 1570 | AP42: =ROUND($P42*'Select Tuition Changes'!AC47,0) -> 1617 | AQ42: =ROUND($P42*'Select Tuition Changes'!AD47,0) -> 1665 | AS42: =+AL41 -> 836 | AT42: =+AM41 -> 861 | AU42: =+AN41 -> 887 | AV42: =+AO41 -> 913 | AW42: =+AP41 -> 941 | AX42: =+AQ41 -> 969 | AZ42: =+AL42-AS42 -> 600 | BA42: =+AM42-AT42 -> 618 | BB42: =+AN42-AU42 -> 637 | BC42: =+AO42-AV42 -> 657 | BD42: =+AP42-AW42 -> 676 | BE42: =+AQ42-AX42 -> 696 | BG42: =IF(Q42>0,R42/Q42,0) -> 1.0300497 | BH42: =IF(R42>0,S42/R42,0) -> 1.0300066 | BI42: =IF(S42>0,T42/S42,0) -> 1.0300369 | BJ42: =IF(T42>0,U42/T42,0) -> 1.0300391 | BK42: =IF(U42>0,V42/U42,0) -> 1.0300155 | BM42: =IF(X42>0,Y42/X42,0) -> 1.0300529 | BN42: =IF(Y42>0,Z42/Y42,0) -> 1.0300025 | BO42: =IF(Z42>0,AA42/Z42,0) -> 1.0300705 | BP42: =IF(AA42>0,AB42/AA42,0) -> 1.0300393 | BQ42: =IF(AB42>0,AC42/AB42,0) -> 1.030051 | BS42: =IF(AE42>0,AF42/AE42,0) -> 1.0300429 | BT42: =IF(AF42>0,AG42/AF42,0) -> 1.0300154 | BU42: =IF(AG42>0,AH42/AG42,0) -> 1.0299648 | BV42: =IF(AH42>0,AI42/AH42,0) -> 1.0300385 | BW42: =IF(AI42>0,AJ42/AI42,0) -> 1.0299393 | BY42: =IF(AL42>0,AM42/AL42,0) -> 1.0299443 | BZ42: =IF(AM42>0,AN42/AM42,0) -> 1.030426 | CA42: =IF(AN42>0,AO42/AN42,0) -> 1.0301837 | CB42: =IF(AO42>0,AP42/AO42,0) -> 1.0299363 | CC42: =IF(AP42>0,AQ42/AP42,0) -> 1.0296846 | CE42: =IF(AS42>0,AT42/AS42,0) -> 1.0299043 | CF42: =IF(AT42>0,AU42/AT42,0) -> 1.0301974 | CG42: =IF(AU42>0,AV42/AU42,0) -> 1.0293123 | CH42: =IF(AV42>0,AW42/AV42,0) -> 1.0306681 | CI42: =IF(AW42>0,AX42/AW42,0) -> 1.0297556 | CK42: =IF(AZ42>0,BA42/AZ42,0) -> 1.03 | CL42: =IF(BA42>0,BB42/BA42,0) -> 1.0307443 | CM42: =IF(BB42>0,BC42/BB42,0) -> 1.0313972 | CN42: =IF(BC42>0,BD42/BC42,0) -> 1.0289193 | CO42: =IF(BD42>0,BE42/BD42,0) -> 1.0295858
A43: 0 | B43: Seattle Campus | C43: 39 | D43: 22 | E43: Law (JD) | F43: 13 | G43: Law (JD) | H43: 1 | I43: Resident | J43: =+'Select Tuition Changes'!S48 -> 0.03 | K43: =+'Select Tuition Changes'!T48 -> 0.03 | L43: =+'Select Tuition Changes'!U48 -> 0.03 | M43: =+'Select Tuition Changes'!V48 -> 0.03 | N43: =+'Select Tuition Changes'!W48 -> 0.03 | P43: 0.03 | Q43: =+'Select Tuition Changes'!Y48-'Tuition Calculations'!AL43 -> 29964 | R43: =+'Select Tuition Changes'!Z48-'Tuition Calculations'!AM43 -> 30863 | S43: =+'Select Tuition Changes'!AA48-'Tuition Calculations'!AN43 -> 31792 | T43: =+'Select Tuition Changes'!AB48-'Tuition Calculations'!AO43 -> 32746 | U43: =+'Select Tuition Changes'!AC48-'Tuition Calculations'!AP43 -> 33730 | V43: =+'Select Tuition Changes'!AD48-'Tuition Calculations'!AQ43 -> 34742 | X43: =+Q43 -> 29964 | Y43: =+R43 -> 30863 | Z43: =+S43 -> 31792 | AA43: =+T43 -> 32746 | AB43: =+U43 -> 33730 | AC43: =+V43 -> 34742 | AE43: =+Q43-X43 -> 0 | AF43: =+R43-Y43 -> 0 | AG43: =+S43-Z43 -> 0 | AH43: =+T43-AA43 -> 0 | AI43: =+U43-AB43 -> 0 | AJ43: =+V43-AC43 -> 0 | AL43: =ROUND($P43*'Select Tuition Changes'!Y48,0) -> 927 | AM43: =ROUND($P43*'Select Tuition Changes'!Z48,0) -> 955 | AN43: =ROUND($P43*'Select Tuition Changes'!AA48,0) -> 983 | AO43: =ROUND($P43*'Select Tuition Changes'!AB48,0) -> 1013 | AP43: =ROUND($P43*'Select Tuition Changes'!AC48,0) -> 1043 | AQ43: =ROUND($P43*'Select Tuition Changes'!AD48,0) -> 1075 | AS43: =+AL43 -> 927 | AT43: =+AM43 -> 955 | AU43: =+AN43 -> 983 | AV43: =+AO43 -> 1013 | AW43: =+AP43 -> 1043 | AX43: =+AQ43 -> 1075 | AZ43: =+AL43-AS43 -> 0 | BA43: =+AM43-AT43 -> 0 | BB43: =+AN43-AU43 -> 0 | BC43: =+AO43-AV43 -> 0 | BD43: =+AP43-AW43 -> 0 | BE43: =+AQ43-AX43 -> 0 | BG43: =IF(Q43>0,R43/Q43,0) -> 1.0300027 | BH43: =IF(R43>0,S43/R43,0) -> 1.0301008 | BI43: =IF(S43>0,T43/S43,0) -> 1.0300075 | BJ43: =IF(T43>0,U43/T43,0) -> 1.0300495 | BK43: =IF(U43>0,V43/U43,0) -> 1.030003 | BM43: =IF(X43>0,Y43/X43,0) -> 1.0300027 | BN43: =IF(Y43>0,Z43/Y43,0) -> 1.0301008 | BO43: =IF(Z43>0,AA43/Z43,0) -> 1.0300075 | BP43: =IF(AA43>0,AB43/AA43,0) -> 1.0300495 | BQ43: =IF(AB43>0,AC43/AB43,0) -> 1.030003 | BS43: =IF(AE43>0,AF43/AE43,0) -> 0 | BT43: =IF(AF43>0,AG43/AF43,0) -> 0 | BU43: =IF(AG43>0,AH43/AG43,0) -> 0 | BV43: =IF(AH43>0,AI43/AH43,0) -> 0 | BW43: =IF(AI43>0,AJ43/AI43,0) -> 0 | BY43: =IF(AL43>0,AM43/AL43,0) -> 1.030205 | BZ43: =IF(AM43>0,AN43/AM43,0) -> 1.0293194 | CA43: =IF(AN43>0,AO43/AN43,0) -> 1.0305188 | CB43: =IF(AO43>0,AP43/AO43,0) -> 1.029615 | CC43: =IF(AP43>0,AQ43/AP43,0) -> 1.0306807 | CE43: =IF(AS43>0,AT43/AS43,0) -> 1.030205 | CF43: =IF(AT43>0,AU43/AT43,0) -> 1.0293194 | CG43: =IF(AU43>0,AV43/AU43,0) -> 1.0305188 | CH43: =IF(AV43>0,AW43/AV43,0) -> 1.029615 | CI43: =IF(AW43>0,AX43/AW43,0) -> 1.0306807 | CK43: =IF(AZ43>0,BA43/AZ43,0) -> 0 | CL43: =IF(BA43>0,BB43/BA43,0) -> 0 | CM43: =IF(BB43>0,BC43/BB43,0) -> 0 | CN43: =IF(BC43>0,BD43/BC43,0) -> 0 | CO43: =IF(BD43>0,BE43/BD43,0) -> 0
A44: 0 | B44: Seattle Campus | C44: 39 | D44: 22 | E44: Law (JD) | F44: 13 | G44: Law (JD) | H44: 2 | I44: Nonresident | J44: =+'Select Tuition Changes'!S49 -> 0.03 | K44: =+'Select Tuition Changes'!T49 -> 0.03 | L44: =+'Select Tuition Changes'!U49 -> 0.03 | M44: =+'Select Tuition Changes'!V49 -> 0.03 | N44: =+'Select Tuition Changes'!W49 -> 0.03 | P44: 0.035 | Q44: =+'Select Tuition Changes'!Y49-'Tuition Calculations'!AL44 -> 42394 | R44: =+'Select Tuition Changes'!Z49-'Tuition Calculations'!AM44 -> 43668 | S44: =+'Select Tuition Changes'!AA49-'Tuition Calculations'!AN44 -> 44980 | T44: =+'Select Tuition Changes'!AB49-'Tuition Calculations'!AO44 -> 46332 | U44: =+'Select Tuition Changes'!AC49-'Tuition Calculations'!AP44 -> 47724 | V44: =+'Select Tuition Changes'!AD49-'Tuition Calculations'!AQ44 -> 49157 | X44: =+Q43 -> 29964 | Y44: =+R43 -> 30863 | Z44: =+S43 -> 31792 | AA44: =+T43 -> 32746 | AB44: =+U43 -> 33730 | AC44: =+V43 -> 34742 | AE44: =+Q44-X44 -> 12430 | AF44: =+R44-Y44 -> 12805 | AG44: =+S44-Z44 -> 13188 | AH44: =+T44-AA44 -> 13586 | AI44: =+U44-AB44 -> 13994 | AJ44: =+V44-AC44 -> 14415 | AL44: =ROUND($P44*'Select Tuition Changes'!Y49,0) -> 1538 | AM44: =ROUND($P44*'Select Tuition Changes'!Z49,0) -> 1584 | AN44: =ROUND($P44*'Select Tuition Changes'!AA49,0) -> 1631 | AO44: =ROUND($P44*'Select Tuition Changes'!AB49,0) -> 1680 | AP44: =ROUND($P44*'Select Tuition Changes'!AC49,0) -> 1731 | AQ44: =ROUND($P44*'Select Tuition Changes'!AD49,0) -> 1783 | AS44: =+AL43 -> 927 | AT44: =+AM43 -> 955 | AU44: =+AN43 -> 983 | AV44: =+AO43 -> 1013 | AW44: =+AP43 -> 1043 | AX44: =+AQ43 -> 1075 | AZ44: =+AL44-AS44 -> 611 | BA44: =+AM44-AT44 -> 629 | BB44: =+AN44-AU44 -> 648 | BC44: =+AO44-AV44 -> 667 | BD44: =+AP44-AW44 -> 688 | BE44: =+AQ44-AX44 -> 708 | BG44: =IF(Q44>0,R44/Q44,0) -> 1.0300514 | BH44: =IF(R44>0,S44/R44,0) -> 1.0300449 | BI44: =IF(S44>0,T44/S44,0) -> 1.0300578 | BJ44: =IF(T44>0,U44/T44,0) -> 1.030044 | BK44: =IF(U44>0,V44/U44,0) -> 1.0300268 | BM44: =IF(X44>0,Y44/X44,0) -> 1.0300027 | BN44: =IF(Y44>0,Z44/Y44,0) -> 1.0301008 | BO44: =IF(Z44>0,AA44/Z44,0) -> 1.0300075 | BP44: =IF(AA44>0,AB44/AA44,0) -> 1.0300495 | BQ44: =IF(AB44>0,AC44/AB44,0) -> 1.030003 | BS44: =IF(AE44>0,AF44/AE44,0) -> 1.0301689 | BT44: =IF(AF44>0,AG44/AF44,0) -> 1.0299102 | BU44: =IF(AG44>0,AH44/AG44,0) -> 1.030179 | BV44: =IF(AH44>0,AI44/AH44,0) -> 1.0300309 | BW44: =IF(AI44>0,AJ44/AI44,0) -> 1.0300843 | BY44: =IF(AL44>0,AM44/AL44,0) -> 1.029909 | BZ44: =IF(AM44>0,AN44/AM44,0) -> 1.0296717 | CA44: =IF(AN44>0,AO44/AN44,0) -> 1.0300429 | CB44: =IF(AO44>0,AP44/AO44,0) -> 1.0303571 | CC44: =IF(AP44>0,AQ44/AP44,0) -> 1.0300404 | CE44: =IF(AS44>0,AT44/AS44,0) -> 1.030205 | CF44: =IF(AT44>0,AU44/AT44,0) -> 1.0293194 | CG44: =IF(AU44>0,AV44/AU44,0) -> 1.0305188 | CH44: =IF(AV44>0,AW44/AV44,0) -> 1.029615 | CI44: =IF(AW44>0,AX44/AW44,0) -> 1.0306807 | CK44: =IF(AZ44>0,BA44/AZ44,0) -> 1.0294599 | CL44: =IF(BA44>0,BB44/BA44,0) -> 1.0302067 | CM44: =IF(BB44>0,BC44/BB44,0) -> 1.029321 | CN44: =IF(BC44>0,BD44/BC44,0) -> 1.0314843 | CO44: =IF(BD44>0,BE44/BD44,0) -> 1.0290698
A45: 0 | B45: Seattle Campus | C45: 41 | D45: 23 | E45: Law Graduate | F45: 24 | G45: Master of Laws (LLM) | H45: 1 | I45: Resident | J45: =+'Select Tuition Changes'!S50 -> 0.03 | K45: =+'Select Tuition Changes'!T50 -> 0.03 | L45: =+'Select Tuition Changes'!U50 -> 0.03 | M45: =+'Select Tuition Changes'!V50 -> 0.03 | N45: =+'Select Tuition Changes'!W50 -> 0.03 | P45: 0.03 | Q45: =+'Select Tuition Changes'!Y50-'Tuition Calculations'!AL45 -> 17352 | R45: =+'Select Tuition Changes'!Z50-'Tuition Calculations'!AM45 -> 17873 | S45: =+'Select Tuition Changes'!AA50-'Tuition Calculations'!AN45 -> 18412 | T45: =+'Select Tuition Changes'!AB50-'Tuition Calculations'!AO45 -> 18964 | U45: =+'Select Tuition Changes'!AC50-'Tuition Calculations'!AP45 -> 19535 | V45: =+'Select Tuition Changes'!AD50-'Tuition Calculations'!AQ45 -> 20123 | X45: =+Q45 -> 17352 | Y45: =+R45 -> 17873 | Z45: =+S45 -> 18412 | AA45: =+T45 -> 18964 | AB45: =+U45 -> 19535 | AC45: =+V45 -> 20123 | AE45: =+Q45-X45 -> 0 | AF45: =+R45-Y45 -> 0 | AG45: =+S45-Z45 -> 0 | AH45: =+T45-AA45 -> 0 | AI45: =+U45-AB45 -> 0 | AJ45: =+V45-AC45 -> 0 | AL45: =ROUND($P45*'Select Tuition Changes'!Y50,0) -> 537 | AM45: =ROUND($P45*'Select Tuition Changes'!Z50,0) -> 553 | AN45: =ROUND($P45*'Select Tuition Changes'!AA50,0) -> 569 | AO45: =ROUND($P45*'Select Tuition Changes'!AB50,0) -> 587 | AP45: =ROUND($P45*'Select Tuition Changes'!AC50,0) -> 604 | AQ45: =ROUND($P45*'Select Tuition Changes'!AD50,0) -> 622 | AS45: =+AL45 -> 537 | AT45: =+AM45 -> 553 | AU45: =+AN45 -> 569 | AV45: =+AO45 -> 587 | AW45: =+AP45 -> 604 | AX45: =+AQ45 -> 622 | AZ45: =+AL45-AS45 -> 0 | BA45: =+AM45-AT45 -> 0 | BB45: =+AN45-AU45 -> 0 | BC45: =+AO45-AV45 -> 0 | BD45: =+AP45-AW45 -> 0 | BE45: =+AQ45-AX45 -> 0 | BG45: =IF(Q45>0,R45/Q45,0) -> 1.0300254 | BH45: =IF(R45>0,S45/R45,0) -> 1.0301572 | BI45: =IF(S45>0,T45/S45,0) -> 1.0299804 | BJ45: =IF(T45>0,U45/T45,0) -> 1.0301097 | BK45: =IF(U45>0,V45/U45,0) -> 1.0300998 | BM45: =IF(X45>0,Y45/X45,0) -> 1.0300254 | BN45: =IF(Y45>0,Z45/Y45,0) -> 1.0301572 | BO45: =IF(Z45>0,AA45/Z45,0) -> 1.0299804 | BP45: =IF(AA45>0,AB45/AA45,0) -> 1.0301097 | BQ45: =IF(AB45>0,AC45/AB45,0) -> 1.0300998 | BS45: =IF(AE45>0,AF45/AE45,0) -> 0 | BT45: =IF(AF45>0,AG45/AF45,0) -> 0 | BU45: =IF(AG45>0,AH45/AG45,0) -> 0 | BV45: =IF(AH45>0,AI45/AH45,0) -> 0 | BW45: =IF(AI45>0,AJ45/AI45,0) -> 0 | BY45: =IF(AL45>0,AM45/AL45,0) -> 1.0297952 | BZ45: =IF(AM45>0,AN45/AM45,0) -> 1.0289331 | CA45: =IF(AN45>0,AO45/AN45,0) -> 1.0316344 | CB45: =IF(AO45>0,AP45/AO45,0) -> 1.0289608 | CC45: =IF(AP45>0,AQ45/AP45,0) -> 1.0298013 | CE45: =IF(AS45>0,AT45/AS45,0) -> 1.0297952 | CF45: =IF(AT45>0,AU45/AT45,0) -> 1.0289331 | CG45: =IF(AU45>0,AV45/AU45,0) -> 1.0316344 | CH45: =IF(AV45>0,AW45/AV45,0) -> 1.0289608 | CI45: =IF(AW45>0,AX45/AW45,0) -> 1.0298013 | CK45: =IF(AZ45>0,BA45/AZ45,0) -> 0 | CL45: =IF(BA45>0,BB45/BA45,0) -> 0 | CM45: =IF(BB45>0,BC45/BB45,0) -> 0 | CN45: =IF(BC45>0,BD45/BC45,0) -> 0 | CO45: =IF(BD45>0,BE45/BD45,0) -> 0
A46: 0 | B46: Seattle Campus | C46: 41 | D46: 23 | E46: Law Graduate | F46: 24 | G46: Master of Laws (LLM) | H46: 2 | I46: Nonresident | J46: =+'Select Tuition Changes'!S51 -> 0.03 | K46: =+'Select Tuition Changes'!T51 -> 0.03 | L46: =+'Select Tuition Changes'!U51 -> 0.03 | M46: =+'Select Tuition Changes'!V51 -> 0.03 | N46: =+'Select Tuition Changes'!W51 -> 0.03 | P46: 0.035 | Q46: =+'Select Tuition Changes'!Y51-'Tuition Calculations'!AL46 -> 33620 | R46: =+'Select Tuition Changes'!Z51-'Tuition Calculations'!AM46 -> 34630 | S46: =+'Select Tuition Changes'!AA51-'Tuition Calculations'!AN46 -> 35669 | T46: =+'Select Tuition Changes'!AB51-'Tuition Calculations'!AO46 -> 36740 | U46: =+'Select Tuition Changes'!AC51-'Tuition Calculations'!AP46 -> 37843 | V46: =+'Select Tuition Changes'!AD51-'Tuition Calculations'!AQ46 -> 38981 | X46: =+Q45 -> 17352 | Y46: =+R45 -> 17873 | Z46: =+S45 -> 18412 | AA46: =+T45 -> 18964 | AB46: =+U45 -> 19535 | AC46: =+V45 -> 20123 | AE46: =+Q46-X46 -> 16268 | AF46: =+R46-Y46 -> 16757 | AG46: =+S46-Z46 -> 17257 | AH46: =+T46-AA46 -> 17776 | AI46: =+U46-AB46 -> 18308 | AJ46: =+V46-AC46 -> 18858 | AL46: =ROUND($P46*'Select Tuition Changes'!Y51,0) -> 1219 | AM46: =ROUND($P46*'Select Tuition Changes'!Z51,0) -> 1256 | AN46: =ROUND($P46*'Select Tuition Changes'!AA51,0) -> 1294 | AO46: =ROUND($P46*'Select Tuition Changes'!AB51,0) -> 1333 | AP46: =ROUND($P46*'Select Tuition Changes'!AC51,0) -> 1373 | AQ46: =ROUND($P46*'Select Tuition Changes'!AD51,0) -> 1414 | AS46: =+AL45 -> 537 | AT46: =+AM45 -> 553 | AU46: =+AN45 -> 569 | AV46: =+AO45 -> 587 | AW46: =+AP45 -> 604 | AX46: =+AQ45 -> 622 | AZ46: =+AL46-AS46 -> 682 | BA46: =+AM46-AT46 -> 703 | BB46: =+AN46-AU46 -> 725 | BC46: =+AO46-AV46 -> 746 | BD46: =+AP46-AW46 -> 769 | BE46: =+AQ46-AX46 -> 792 | BG46: =IF(Q46>0,R46/Q46,0) -> 1.0300416 | BH46: =IF(R46>0,S46/R46,0) -> 1.0300029 | BI46: =IF(S46>0,T46/S46,0) -> 1.0300261 | BJ46: =IF(T46>0,U46/T46,0) -> 1.0300218 | BK46: =IF(U46>0,V46/U46,0) -> 1.0300716 | BM46: =IF(X46>0,Y46/X46,0) -> 1.0300254 | BN46: =IF(Y46>0,Z46/Y46,0) -> 1.0301572 | BO46: =IF(Z46>0,AA46/Z46,0) -> 1.0299804 | BP46: =IF(AA46>0,AB46/AA46,0) -> 1.0301097 | BQ46: =IF(AB46>0,AC46/AB46,0) -> 1.0300998 | BS46: =IF(AE46>0,AF46/AE46,0) -> 1.030059 | BT46: =IF(AF46>0,AG46/AF46,0) -> 1.0298383 | BU46: =IF(AG46>0,AH46/AG46,0) -> 1.0300748 | BV46: =IF(AH46>0,AI46/AH46,0) -> 1.029928 | BW46: =IF(AI46>0,AJ46/AI46,0) -> 1.0300415 | BY46: =IF(AL46>0,AM46/AL46,0) -> 1.0303527 | BZ46: =IF(AM46>0,AN46/AM46,0) -> 1.0302548 | CA46: =IF(AN46>0,AO46/AN46,0) -> 1.0301391 | CB46: =IF(AO46>0,AP46/AO46,0) -> 1.0300075 | CC46: =IF(AP46>0,AQ46/AP46,0) -> 1.0298616 | CE46: =IF(AS46>0,AT46/AS46,0) -> 1.0297952 | CF46: =IF(AT46>0,AU46/AT46,0) -> 1.0289331 | CG46: =IF(AU46>0,AV46/AU46,0) -> 1.0316344 | CH46: =IF(AV46>0,AW46/AV46,0) -> 1.0289608 | CI46: =IF(AW46>0,AX46/AW46,0) -> 1.0298013 | CK46: =IF(AZ46>0,BA46/AZ46,0) -> 1.0307918 | CL46: =IF(BA46>0,BB46/BA46,0) -> 1.0312945 | CM46: =IF(BB46>0,BC46/BB46,0) -> 1.0289655 | CN46: =IF(BC46>0,BD46/BC46,0) -> 1.0308311 | CO46: =IF(BD46>0,BE46/BD46,0) -> 1.029909
A47: 0 | B47: Seattle Campus | C47: 41 | D47: 23 | E47: Law Graduate | F47: 41 | G47: Law PhD | H47: 1 | I47: Resident | J47: =+'Select Tuition Changes'!S52 -> 0.03 | K47: =+'Select Tuition Changes'!T52 -> 0.03 | L47: =+'Select Tuition Changes'!U52 -> 0.03 | M47: =+'Select Tuition Changes'!V52 -> 0.03 | N47: =+'Select Tuition Changes'!W52 -> 0.03 | P47: 0.03 | Q47: =+'Select Tuition Changes'!Y52-'Tuition Calculations'!AL47 -> 17352 | R47: =+'Select Tuition Changes'!Z52-'Tuition Calculations'!AM47 -> 17873 | S47: =+'Select Tuition Changes'!AA52-'Tuition Calculations'!AN47 -> 18412 | T47: =+'Select Tuition Changes'!AB52-'Tuition Calculations'!AO47 -> 18964 | U47: =+'Select Tuition Changes'!AC52-'Tuition Calculations'!AP47 -> 19535 | V47: =+'Select Tuition Changes'!AD52-'Tuition Calculations'!AQ47 -> 20123 | X47: =+Q47 -> 17352 | Y47: =+R47 -> 17873 | Z47: =+S47 -> 18412 | AA47: =+T47 -> 18964 | AB47: =+U47 -> 19535 | AC47: =+V47 -> 20123 | AE47: =+Q47-X47 -> 0 | AF47: =+R47-Y47 -> 0 | AG47: =+S47-Z47 -> 0 | AH47: =+T47-AA47 -> 0 | AI47: =+U47-AB47 -> 0 | AJ47: =+V47-AC47 -> 0 | AL47: =ROUND($P47*'Select Tuition Changes'!Y52,0) -> 537 | AM47: =ROUND($P47*'Select Tuition Changes'!Z52,0) -> 553 | AN47: =ROUND($P47*'Select Tuition Changes'!AA52,0) -> 569 | AO47: =ROUND($P47*'Select Tuition Changes'!AB52,0) -> 587 | AP47: =ROUND($P47*'Select Tuition Changes'!AC52,0) -> 604 | AQ47: =ROUND($P47*'Select Tuition Changes'!AD52,0) -> 622 | AS47: =+AL47 -> 537 | AT47: =+AM47 -> 553 | AU47: =+AN47 -> 569 | AV47: =+AO47 -> 587 | AW47: =+AP47 -> 604 | AX47: =+AQ47 -> 622 | AZ47: =+AL47-AS47 -> 0 | BA47: =+AM47-AT47 -> 0 | BB47: =+AN47-AU47 -> 0 | BC47: =+AO47-AV47 -> 0 | BD47: =+AP47-AW47 -> 0 | BE47: =+AQ47-AX47 -> 0 | BG47: =IF(Q47>0,R47/Q47,0) -> 1.0300254 | BH47: =IF(R47>0,S47/R47,0) -> 1.0301572 | BI47: =IF(S47>0,T47/S47,0) -> 1.0299804 | BJ47: =IF(T47>0,U47/T47,0) -> 1.0301097 | BK47: =IF(U47>0,V47/U47,0) -> 1.0300998 | BM47: =IF(X47>0,Y47/X47,0) -> 1.0300254 | BN47: =IF(Y47>0,Z47/Y47,0) -> 1.0301572 | BO47: =IF(Z47>0,AA47/Z47,0) -> 1.0299804 | BP47: =IF(AA47>0,AB47/AA47,0) -> 1.0301097 | BQ47: =IF(AB47>0,AC47/AB47,0) -> 1.0300998 | BS47: =IF(AE47>0,AF47/AE47,0) -> 0 | BT47: =IF(AF47>0,AG47/AF47,0) -> 0 | BU47: =IF(AG47>0,AH47/AG47,0) -> 0 | BV47: =IF(AH47>0,AI47/AH47,0) -> 0 | BW47: =IF(AI47>0,AJ47/AI47,0) -> 0 | BY47: =IF(AL47>0,AM47/AL47,0) -> 1.0297952 | BZ47: =IF(AM47>0,AN47/AM47,0) -> 1.0289331 | CA47: =IF(AN47>0,AO47/AN47,0) -> 1.0316344 | CB47: =IF(AO47>0,AP47/AO47,0) -> 1.0289608 | CC47: =IF(AP47>0,AQ47/AP47,0) -> 1.0298013 | CE47: =IF(AS47>0,AT47/AS47,0) -> 1.0297952 | CF47: =IF(AT47>0,AU47/AT47,0) -> 1.0289331 | CG47: =IF(AU47>0,AV47/AU47,0) -> 1.0316344 | CH47: =IF(AV47>0,AW47/AV47,0) -> 1.0289608 | CI47: =IF(AW47>0,AX47/AW47,0) -> 1.0298013 | CK47: =IF(AZ47>0,BA47/AZ47,0) -> 0 | CL47: =IF(BA47>0,BB47/BA47,0) -> 0 | CM47: =IF(BB47>0,BC47/BB47,0) -> 0 | CN47: =IF(BC47>0,BD47/BC47,0) -> 0 | CO47: =IF(BD47>0,BE47/BD47,0) -> 0
A48: 0 | B48: Seattle Campus | C48: 41 | D48: 23 | E48: Law Graduate | F48: 41 | G48: Law PhD | H48: 2 | I48: Nonresident | J48: =+'Select Tuition Changes'!S53 -> 0.03 | K48: =+'Select Tuition Changes'!T53 -> 0.03 | L48: =+'Select Tuition Changes'!U53 -> 0.03 | M48: =+'Select Tuition Changes'!V53 -> 0.03 | N48: =+'Select Tuition Changes'!W53 -> 0.03 | P48: 0.035 | Q48: =+'Select Tuition Changes'!Y53-'Tuition Calculations'!AL48 -> 33620 | R48: =+'Select Tuition Changes'!Z53-'Tuition Calculations'!AM48 -> 34630 | S48: =+'Select Tuition Changes'!AA53-'Tuition Calculations'!AN48 -> 35669 | T48: =+'Select Tuition Changes'!AB53-'Tuition Calculations'!AO48 -> 36740 | U48: =+'Select Tuition Changes'!AC53-'Tuition Calculations'!AP48 -> 37843 | V48: =+'Select Tuition Changes'!AD53-'Tuition Calculations'!AQ48 -> 38981 | X48: =+Q47 -> 17352 | Y48: =+R47 -> 17873 | Z48: =+S47 -> 18412 | AA48: =+T47 -> 18964 | AB48: =+U47 -> 19535 | AC48: =+V47 -> 20123 | AE48: =+Q48-X48 -> 16268 | AF48: =+R48-Y48 -> 16757 | AG48: =+S48-Z48 -> 17257 | AH48: =+T48-AA48 -> 17776 | AI48: =+U48-AB48 -> 18308 | AJ48: =+V48-AC48 -> 18858 | AL48: =ROUND($P48*'Select Tuition Changes'!Y53,0) -> 1219 | AM48: =ROUND($P48*'Select Tuition Changes'!Z53,0) -> 1256 | AN48: =ROUND($P48*'Select Tuition Changes'!AA53,0) -> 1294 | AO48: =ROUND($P48*'Select Tuition Changes'!AB53,0) -> 1333 | AP48: =ROUND($P48*'Select Tuition Changes'!AC53,0) -> 1373 | AQ48: =ROUND($P48*'Select Tuition Changes'!AD53,0) -> 1414 | AS48: =+AL47 -> 537 | AT48: =+AM47 -> 553 | AU48: =+AN47 -> 569 | AV48: =+AO47 -> 587 | AW48: =+AP47 -> 604 | AX48: =+AQ47 -> 622 | AZ48: =+AL48-AS48 -> 682 | BA48: =+AM48-AT48 -> 703 | BB48: =+AN48-AU48 -> 725 | BC48: =+AO48-AV48 -> 746 | BD48: =+AP48-AW48 -> 769 | BE48: =+AQ48-AX48 -> 792 | BG48: =IF(Q48>0,R48/Q48,0) -> 1.0300416 | BH48: =IF(R48>0,S48/R48,0) -> 1.0300029 | BI48: =IF(S48>0,T48/S48,0) -> 1.0300261 | BJ48: =IF(T48>0,U48/T48,0) -> 1.0300218 | BK48: =IF(U48>0,V48/U48,0) -> 1.0300716 | BM48: =IF(X48>0,Y48/X48,0) -> 1.0300254 | BN48: =IF(Y48>0,Z48/Y48,0) -> 1.0301572 | BO48: =IF(Z48>0,AA48/Z48,0) -> 1.0299804 | BP48: =IF(AA48>0,AB48/AA48,0) -> 1.0301097 | BQ48: =IF(AB48>0,AC48/AB48,0) -> 1.0300998 | BS48: =IF(AE48>0,AF48/AE48,0) -> 1.030059 | BT48: =IF(AF48>0,AG48/AF48,0) -> 1.0298383 | BU48: =IF(AG48>0,AH48/AG48,0) -> 1.0300748 | BV48: =IF(AH48>0,AI48/AH48,0) -> 1.029928 | BW48: =IF(AI48>0,AJ48/AI48,0) -> 1.0300415 | BY48: =IF(AL48>0,AM48/AL48,0) -> 1.0303527 | BZ48: =IF(AM48>0,AN48/AM48,0) -> 1.0302548 | CA48: =IF(AN48>0,AO48/AN48,0) -> 1.0301391 | CB48: =IF(AO48>0,AP48/AO48,0) -> 1.0300075 | CC48: =IF(AP48>0,AQ48/AP48,0) -> 1.0298616 | CE48: =IF(AS48>0,AT48/AS48,0) -> 1.0297952 | CF48: =IF(AT48>0,AU48/AT48,0) -> 1.0289331 | CG48: =IF(AU48>0,AV48/AU48,0) -> 1.0316344 | CH48: =IF(AV48>0,AW48/AV48,0) -> 1.0289608 | CI48: =IF(AW48>0,AX48/AW48,0) -> 1.0298013 | CK48: =IF(AZ48>0,BA48/AZ48,0) -> 1.0307918 | CL48: =IF(BA48>0,BB48/BA48,0) -> 1.0312945 | CM48: =IF(BB48>0,BC48/BB48,0) -> 1.0289655 | CN48: =IF(BC48>0,BD48/BC48,0) -> 1.0308311 | CO48: =IF(BD48>0,BE48/BD48,0) -> 1.029909
A49: 0 | B49: Seattle Campus | C49: 45 | D49: 19 | E49: Nursing Graduate | F49: 12 | G49: Nursing Master and Doctor of Nursing Practice | H49: 1 | I49: Resident | J49: =+'Select Tuition Changes'!S54 -> 0.03 | K49: =+'Select Tuition Changes'!T54 -> 0.03 | L49: =+'Select Tuition Changes'!U54 -> 0.03 | M49: =+'Select Tuition Changes'!V54 -> 0.03 | N49: =+'Select Tuition Changes'!W54 -> 0.03 | P49: 0.03 | Q49: =+'Select Tuition Changes'!Y54-'Tuition Calculations'!AL49 -> 24697 | R49: =+'Select Tuition Changes'!Z54-'Tuition Calculations'!AM49 -> 25439 | S49: =+'Select Tuition Changes'!AA54-'Tuition Calculations'!AN49 -> 26205 | T49: =+'Select Tuition Changes'!AB54-'Tuition Calculations'!AO49 -> 26993 | U49: =+'Select Tuition Changes'!AC54-'Tuition Calculations'!AP49 -> 27805 | V49: =+'Select Tuition Changes'!AD54-'Tuition Calculations'!AQ49 -> 28640 | X49: =+Q49 -> 24697 | Y49: =+R49 -> 25439 | Z49: =+S49 -> 26205 | AA49: =+T49 -> 26993 | AB49: =+U49 -> 27805 | AC49: =+V49 -> 28640 | AE49: =+Q49-X49 -> 0 | AF49: =+R49-Y49 -> 0 | AG49: =+S49-Z49 -> 0 | AH49: =+T49-AA49 -> 0 | AI49: =+U49-AB49 -> 0 | AJ49: =+V49-AC49 -> 0 | AL49: =ROUND($P49*'Select Tuition Changes'!Y54,0) -> 764 | AM49: =ROUND($P49*'Select Tuition Changes'!Z54,0) -> 787 | AN49: =ROUND($P49*'Select Tuition Changes'!AA54,0) -> 810 | AO49: =ROUND($P49*'Select Tuition Changes'!AB54,0) -> 835 | AP49: =ROUND($P49*'Select Tuition Changes'!AC54,0) -> 860 | AQ49: =ROUND($P49*'Select Tuition Changes'!AD54,0) -> 886 | AS49: =+AL49 -> 764 | AT49: =+AM49 -> 787 | AU49: =+AN49 -> 810 | AV49: =+AO49 -> 835 | AW49: =+AP49 -> 860 | AX49: =+AQ49 -> 886 | AZ49: =+AL49-AS49 -> 0 | BA49: =+AM49-AT49 -> 0 | BB49: =+AN49-AU49 -> 0 | BC49: =+AO49-AV49 -> 0 | BD49: =+AP49-AW49 -> 0 | BE49: =+AQ49-AX49 -> 0 | BG49: =IF(Q49>0,R49/Q49,0) -> 1.0300441 | BH49: =IF(R49>0,S49/R49,0) -> 1.0301112 | BI49: =IF(S49>0,T49/S49,0) -> 1.0300706 | BJ49: =IF(T49>0,U49/T49,0) -> 1.0300819 | BK49: =IF(U49>0,V49/U49,0) -> 1.0300306 | BM49: =IF(X49>0,Y49/X49,0) -> 1.0300441 | BN49: =IF(Y49>0,Z49/Y49,0) -> 1.0301112 | BO49: =IF(Z49>0,AA49/Z49,0) -> 1.0300706 | BP49: =IF(AA49>0,AB49/AA49,0) -> 1.0300819 | BQ49: =IF(AB49>0,AC49/AB49,0) -> 1.0300306 | BS49: =IF(AE49>0,AF49/AE49,0) -> 0 | BT49: =IF(AF49>0,AG49/AF49,0) -> 0 | BU49: =IF(AG49>0,AH49/AG49,0) -> 0 | BV49: =IF(AH49>0,AI49/AH49,0) -> 0 | BW49: =IF(AI49>0,AJ49/AI49,0) -> 0 | BY49: =IF(AL49>0,AM49/AL49,0) -> 1.0301047 | BZ49: =IF(AM49>0,AN49/AM49,0) -> 1.0292249 | CA49: =IF(AN49>0,AO49/AN49,0) -> 1.0308642 | CB49: =IF(AO49>0,AP49/AO49,0) -> 1.0299401 | CC49: =IF(AP49>0,AQ49/AP49,0) -> 1.0302326 | CE49: =IF(AS49>0,AT49/AS49,0) -> 1.0301047 | CF49: =IF(AT49>0,AU49/AT49,0) -> 1.0292249 | CG49: =IF(AU49>0,AV49/AU49,0) -> 1.0308642 | CH49: =IF(AV49>0,AW49/AV49,0) -> 1.0299401 | CI49: =IF(AW49>0,AX49/AW49,0) -> 1.0302326 | CK49: =IF(AZ49>0,BA49/AZ49,0) -> 0 | CL49: =IF(BA49>0,BB49/BA49,0) -> 0 | CM49: =IF(BB49>0,BC49/BB49,0) -> 0 | CN49: =IF(BC49>0,BD49/BC49,0) -> 0 | CO49: =IF(BD49>0,BE49/BD49,0) -> 0
A50: 0 | B50: Seattle Campus | C50: 45 | D50: 19 | E50: Nursing Graduate | F50: 12 | G50: Nursing Master and Doctor of Nursing Practice | H50: 2 | I50: Nonresident | J50: =+'Select Tuition Changes'!S55 -> 0.03 | K50: =+'Select Tuition Changes'!T55 -> 0.03 | L50: =+'Select Tuition Changes'!U55 -> 0.03 | M50: =+'Select Tuition Changes'!V55 -> 0.03 | N50: =+'Select Tuition Changes'!W55 -> 0.03 | P50: 0.035 | Q50: =+'Select Tuition Changes'!Y55-'Tuition Calculations'!AL50 -> 44201 | R50: =+'Select Tuition Changes'!Z55-'Tuition Calculations'!AM50 -> 45530 | S50: =+'Select Tuition Changes'!AA55-'Tuition Calculations'!AN50 -> 46896 | T50: =+'Select Tuition Changes'!AB55-'Tuition Calculations'!AO50 -> 48303 | U50: =+'Select Tuition Changes'!AC55-'Tuition Calculations'!AP50 -> 49753 | V50: =+'Select Tuition Changes'!AD55-'Tuition Calculations'!AQ50 -> 51247 | X50: =+Q49 -> 24697 | Y50: =+R49 -> 25439 | Z50: =+S49 -> 26205 | AA50: =+T49 -> 26993 | AB50: =+U49 -> 27805 | AC50: =+V49 -> 28640 | AE50: =+Q50-X50 -> 19504 | AF50: =+R50-Y50 -> 20091 | AG50: =+S50-Z50 -> 20691 | AH50: =+T50-AA50 -> 21310 | AI50: =+U50-AB50 -> 21948 | AJ50: =+V50-AC50 -> 22607 | AL50: =ROUND($P50*'Select Tuition Changes'!Y55,0) -> 1603 | AM50: =ROUND($P50*'Select Tuition Changes'!Z55,0) -> 1651 | AN50: =ROUND($P50*'Select Tuition Changes'!AA55,0) -> 1701 | AO50: =ROUND($P50*'Select Tuition Changes'!AB55,0) -> 1752 | AP50: =ROUND($P50*'Select Tuition Changes'!AC55,0) -> 1805 | AQ50: =ROUND($P50*'Select Tuition Changes'!AD55,0) -> 1859 | AS50: =+AL49 -> 764 | AT50: =+AM49 -> 787 | AU50: =+AN49 -> 810 | AV50: =+AO49 -> 835 | AW50: =+AP49 -> 860 | AX50: =+AQ49 -> 886 | AZ50: =+AL50-AS50 -> 839 | BA50: =+AM50-AT50 -> 864 | BB50: =+AN50-AU50 -> 891 | BC50: =+AO50-AV50 -> 917 | BD50: =+AP50-AW50 -> 945 | BE50: =+AQ50-AX50 -> 973 | BG50: =IF(Q50>0,R50/Q50,0) -> 1.0300672 | BH50: =IF(R50>0,S50/R50,0) -> 1.0300022 | BI50: =IF(S50>0,T50/S50,0) -> 1.0300026 | BJ50: =IF(T50>0,U50/T50,0) -> 1.0300188 | BK50: =IF(U50>0,V50/U50,0) -> 1.0300283 | BM50: =IF(X50>0,Y50/X50,0) -> 1.0300441 | BN50: =IF(Y50>0,Z50/Y50,0) -> 1.0301112 | BO50: =IF(Z50>0,AA50/Z50,0) -> 1.0300706 | BP50: =IF(AA50>0,AB50/AA50,0) -> 1.0300819 | BQ50: =IF(AB50>0,AC50/AB50,0) -> 1.0300306 | BS50: =IF(AE50>0,AF50/AE50,0) -> 1.0300964 | BT50: =IF(AF50>0,AG50/AF50,0) -> 1.0298641 | BU50: =IF(AG50>0,AH50/AG50,0) -> 1.0299164 | BV50: =IF(AH50>0,AI50/AH50,0) -> 1.029939 | BW50: =IF(AI50>0,AJ50/AI50,0) -> 1.0300255 | BY50: =IF(AL50>0,AM50/AL50,0) -> 1.0299439 | BZ50: =IF(AM50>0,AN50/AM50,0) -> 1.0302847 | CA50: =IF(AN50>0,AO50/AN50,0) -> 1.0299824 | CB50: =IF(AO50>0,AP50/AO50,0) -> 1.0302511 | CC50: =IF(AP50>0,AQ50/AP50,0) -> 1.0299169 | CE50: =IF(AS50>0,AT50/AS50,0) -> 1.0301047 | CF50: =IF(AT50>0,AU50/AT50,0) -> 1.0292249 | CG50: =IF(AU50>0,AV50/AU50,0) -> 1.0308642 | CH50: =IF(AV50>0,AW50/AV50,0) -> 1.0299401 | CI50: =IF(AW50>0,AX50/AW50,0) -> 1.0302326 | CK50: =IF(AZ50>0,BA50/AZ50,0) -> 1.0297974 | CL50: =IF(BA50>0,BB50/BA50,0) -> 1.03125 | CM50: =IF(BB50>0,BC50/BB50,0) -> 1.0291807 | CN50: =IF(BC50>0,BD50/BC50,0) -> 1.0305344 | CO50: =IF(BD50>0,BE50/BD50,0) -> 1.0296296
A51: 0 | B51: Seattle Campus | C51: 47 | D51: 20 | E51: PharmD | F51: 14 | G51: Doctor of Pharmacy | H51: 1 | I51: Resident | J51: =+'Select Tuition Changes'!S56 -> 0.03 | K51: =+'Select Tuition Changes'!T56 -> 0 | L51: =+'Select Tuition Changes'!U56 -> 0 | M51: =+'Select Tuition Changes'!V56 -> 0 | N51: =+'Select Tuition Changes'!W56 -> 0 | P51: 0.03 | Q51: =+'Select Tuition Changes'!Y56-'Tuition Calculations'!AL51 -> 25701 | R51: =+'Select Tuition Changes'!Z56-'Tuition Calculations'!AM51 -> 26472 | S51: =+'Select Tuition Changes'!AA56-'Tuition Calculations'!AN51 -> 26472 | T51: =+'Select Tuition Changes'!AB56-'Tuition Calculations'!AO51 -> 26472 | U51: =+'Select Tuition Changes'!AC56-'Tuition Calculations'!AP51 -> 26472 | V51: =+'Select Tuition Changes'!AD56-'Tuition Calculations'!AQ51 -> 26472 | X51: =+Q51 -> 25701 | Y51: =+R51 -> 26472 | Z51: =+S51 -> 26472 | AA51: =+T51 -> 26472 | AB51: =+U51 -> 26472 | AC51: =+V51 -> 26472 | AE51: =+Q51-X51 -> 0 | AF51: =+R51-Y51 -> 0 | AG51: =+S51-Z51 -> 0 | AH51: =+T51-AA51 -> 0 | AI51: =+U51-AB51 -> 0 | AJ51: =+V51-AC51 -> 0 | AL51: =ROUND($P51*'Select Tuition Changes'!Y56,0) -> 795 | AM51: =ROUND($P51*'Select Tuition Changes'!Z56,0) -> 819 | AN51: =ROUND($P51*'Select Tuition Changes'!AA56,0) -> 819 | AO51: =ROUND($P51*'Select Tuition Changes'!AB56,0) -> 819 | AP51: =ROUND($P51*'Select Tuition Changes'!AC56,0) -> 819 | AQ51: =ROUND($P51*'Select Tuition Changes'!AD56,0) -> 819 | AS51: =+AL51 -> 795 | AT51: =+AM51 -> 819 | AU51: =+AN51 -> 819 | AV51: =+AO51 -> 819 | AW51: =+AP51 -> 819 | AX51: =+AQ51 -> 819 | AZ51: =+AL51-AS51 -> 0 | BA51: =+AM51-AT51 -> 0 | BB51: =+AN51-AU51 -> 0 | BC51: =+AO51-AV51 -> 0 | BD51: =+AP51-AW51 -> 0 | BE51: =+AQ51-AX51 -> 0 | BG51: =IF(Q51>0,R51/Q51,0) -> 1.0299988 | BH51: =IF(R51>0,S51/R51,0) -> 1 | BI51: =IF(S51>0,T51/S51,0) -> 1 | BJ51: =IF(T51>0,U51/T51,0) -> 1 | BK51: =IF(U51>0,V51/U51,0) -> 1 | BM51: =IF(X51>0,Y51/X51,0) -> 1.0299988 | BN51: =IF(Y51>0,Z51/Y51,0) -> 1 | BO51: =IF(Z51>0,AA51/Z51,0) -> 1 | BP51: =IF(AA51>0,AB51/AA51,0) -> 1 | BQ51: =IF(AB51>0,AC51/AB51,0) -> 1 | BS51: =IF(AE51>0,AF51/AE51,0) -> 0 | BT51: =IF(AF51>0,AG51/AF51,0) -> 0 | BU51: =IF(AG51>0,AH51/AG51,0) -> 0 | BV51: =IF(AH51>0,AI51/AH51,0) -> 0 | BW51: =IF(AI51>0,AJ51/AI51,0) -> 0 | BY51: =IF(AL51>0,AM51/AL51,0) -> 1.0301887 | BZ51: =IF(AM51>0,AN51/AM51,0) -> 1 | CA51: =IF(AN51>0,AO51/AN51,0) -> 1 | CB51: =IF(AO51>0,AP51/AO51,0) -> 1 | CC51: =IF(AP51>0,AQ51/AP51,0) -> 1 | CE51: =IF(AS51>0,AT51/AS51,0) -> 1.0301887 | CF51: =IF(AT51>0,AU51/AT51,0) -> 1 | CG51: =IF(AU51>0,AV51/AU51,0) -> 1 | CH51: =IF(AV51>0,AW51/AV51,0) -> 1 | CI51: =IF(AW51>0,AX51/AW51,0) -> 1 | CK51: =IF(AZ51>0,BA51/AZ51,0) -> 0 | CL51: =IF(BA51>0,BB51/BA51,0) -> 0 | CM51: =IF(BB51>0,BC51/BB51,0) -> 0 | CN51: =IF(BC51>0,BD51/BC51,0) -> 0 | CO51: =IF(BD51>0,BE51/BD51,0) -> 0
A52: 0 | B52: Seattle Campus | C52: 47 | D52: 20 | E52: PharmD | F52: 14 | G52: Doctor of Pharmacy | H52: 2 | I52: Nonresident | J52: =+'Select Tuition Changes'!S57 -> 0.03 | K52: =+'Select Tuition Changes'!T57 -> 0 | L52: =+'Select Tuition Changes'!U57 -> 0 | M52: =+'Select Tuition Changes'!V57 -> 0 | N52: =+'Select Tuition Changes'!W57 -> 0 | P52: 0.035 | Q52: =+'Select Tuition Changes'!Y57-'Tuition Calculations'!AL52 -> 47492 | R52: =+'Select Tuition Changes'!Z57-'Tuition Calculations'!AM52 -> 48920 | S52: =+'Select Tuition Changes'!AA57-'Tuition Calculations'!AN52 -> 48920 | T52: =+'Select Tuition Changes'!AB57-'Tuition Calculations'!AO52 -> 48920 | U52: =+'Select Tuition Changes'!AC57-'Tuition Calculations'!AP52 -> 48920 | V52: =+'Select Tuition Changes'!AD57-'Tuition Calculations'!AQ52 -> 48920 | X52: =+Q51 -> 25701 | Y52: =+R51 -> 26472 | Z52: =+S51 -> 26472 | AA52: =+T51 -> 26472 | AB52: =+U51 -> 26472 | AC52: =+V51 -> 26472 | AE52: =+Q52-X52 -> 21791 | AF52: =+R52-Y52 -> 22448 | AG52: =+S52-Z52 -> 22448 | AH52: =+T52-AA52 -> 22448 | AI52: =+U52-AB52 -> 22448 | AJ52: =+V52-AC52 -> 22448 | AL52: =ROUND($P52*'Select Tuition Changes'!Y57,0) -> 1723 | AM52: =ROUND($P52*'Select Tuition Changes'!Z57,0) -> 1774 | AN52: =ROUND($P52*'Select Tuition Changes'!AA57,0) -> 1774 | AO52: =ROUND($P52*'Select Tuition Changes'!AB57,0) -> 1774 | AP52: =ROUND($P52*'Select Tuition Changes'!AC57,0) -> 1774 | AQ52: =ROUND($P52*'Select Tuition Changes'!AD57,0) -> 1774 | AS52: =+AL51 -> 795 | AT52: =+AM51 -> 819 | AU52: =+AN51 -> 819 | AV52: =+AO51 -> 819 | AW52: =+AP51 -> 819 | AX52: =+AQ51 -> 819 | AZ52: =+AL52-AS52 -> 928 | BA52: =+AM52-AT52 -> 955 | BB52: =+AN52-AU52 -> 955 | BC52: =+AO52-AV52 -> 955 | BD52: =+AP52-AW52 -> 955 | BE52: =+AQ52-AX52 -> 955 | BG52: =IF(Q52>0,R52/Q52,0) -> 1.0300682 | BH52: =IF(R52>0,S52/R52,0) -> 1 | BI52: =IF(S52>0,T52/S52,0) -> 1 | BJ52: =IF(T52>0,U52/T52,0) -> 1 | BK52: =IF(U52>0,V52/U52,0) -> 1 | BM52: =IF(X52>0,Y52/X52,0) -> 1.0299988 | BN52: =IF(Y52>0,Z52/Y52,0) -> 1 | BO52: =IF(Z52>0,AA52/Z52,0) -> 1 | BP52: =IF(AA52>0,AB52/AA52,0) -> 1 | BQ52: =IF(AB52>0,AC52/AB52,0) -> 1 | BS52: =IF(AE52>0,AF52/AE52,0) -> 1.0301501 | BT52: =IF(AF52>0,AG52/AF52,0) -> 1 | BU52: =IF(AG52>0,AH52/AG52,0) -> 1 | BV52: =IF(AH52>0,AI52/AH52,0) -> 1 | BW52: =IF(AI52>0,AJ52/AI52,0) -> 1 | BY52: =IF(AL52>0,AM52/AL52,0) -> 1.0295995 | BZ52: =IF(AM52>0,AN52/AM52,0) -> 1 | CA52: =IF(AN52>0,AO52/AN52,0) -> 1 | CB52: =IF(AO52>0,AP52/AO52,0) -> 1 | CC52: =IF(AP52>0,AQ52/AP52,0) -> 1 | CE52: =IF(AS52>0,AT52/AS52,0) -> 1.0301887 | CF52: =IF(AT52>0,AU52/AT52,0) -> 1 | CG52: =IF(AU52>0,AV52/AU52,0) -> 1 | CH52: =IF(AV52>0,AW52/AV52,0) -> 1 | CI52: =IF(AW52>0,AX52/AW52,0) -> 1 | CK52: =IF(AZ52>0,BA52/AZ52,0) -> 1.0290948 | CL52: =IF(BA52>0,BB52/BA52,0) -> 1 | CM52: =IF(BB52>0,BC52/BB52,0) -> 1 | CN52: =IF(BC52>0,BD52/BC52,0) -> 1 | CO52: =IF(BD52>0,BE52/BD52,0) -> 1
A53: 0 | B53: Seattle Campus | C53: 49 | D53: 25 | E53: Medicine (MD) | F53: 15 | G53: Medical Professional (MD) | H53: 1 | I53: Resident | J53: =+'Select Tuition Changes'!S58 -> 0.03 | K53: =+'Select Tuition Changes'!T58 -> 0 | L53: =+'Select Tuition Changes'!U58 -> 0 | M53: =+'Select Tuition Changes'!V58 -> 0 | N53: =+'Select Tuition Changes'!W58 -> 0 | P53: 0.05 | Q53: =+'Select Tuition Changes'!Y58-'Tuition Calculations'!AL53 -> 29574 | R53: =+'Select Tuition Changes'!Z58-'Tuition Calculations'!AM53 -> 30464 | S53: =+'Select Tuition Changes'!AA58-'Tuition Calculations'!AN53 -> 30464 | T53: =+'Select Tuition Changes'!AB58-'Tuition Calculations'!AO53 -> 30464 | U53: =+'Select Tuition Changes'!AC58-'Tuition Calculations'!AP53 -> 30464 | V53: =+'Select Tuition Changes'!AD58-'Tuition Calculations'!AQ53 -> 30464 | X53: =+Q53 -> 29574 | Y53: =+R53 -> 30464 | Z53: =+S53 -> 30464 | AA53: =+T53 -> 30464 | AB53: =+U53 -> 30464 | AC53: =+V53 -> 30464 | AE53: =+Q53-X53 -> 0 | AF53: =+R53-Y53 -> 0 | AG53: =+S53-Z53 -> 0 | AH53: =+T53-AA53 -> 0 | AI53: =+U53-AB53 -> 0 | AJ53: =+V53-AC53 -> 0 | AL53: =ROUND($P53*'Select Tuition Changes'!Y58,0) -> 1557 | AM53: =ROUND($P53*'Select Tuition Changes'!Z58,0) -> 1603 | AN53: =ROUND($P53*'Select Tuition Changes'!AA58,0) -> 1603 | AO53: =ROUND($P53*'Select Tuition Changes'!AB58,0) -> 1603 | AP53: =ROUND($P53*'Select Tuition Changes'!AC58,0) -> 1603 | AQ53: =ROUND($P53*'Select Tuition Changes'!AD58,0) -> 1603 | AS53: =+AL53 -> 1557 | AT53: =+AM53 -> 1603 | AU53: =+AN53 -> 1603 | AV53: =+AO53 -> 1603 | AW53: =+AP53 -> 1603 | AX53: =+AQ53 -> 1603 | AZ53: =+AL53-AS53 -> 0 | BA53: =+AM53-AT53 -> 0 | BB53: =+AN53-AU53 -> 0 | BC53: =+AO53-AV53 -> 0 | BD53: =+AP53-AW53 -> 0 | BE53: =+AQ53-AX53 -> 0 | BG53: =IF(Q53>0,R53/Q53,0) -> 1.030094 | BH53: =IF(R53>0,S53/R53,0) -> 1 | BI53: =IF(S53>0,T53/S53,0) -> 1 | BJ53: =IF(T53>0,U53/T53,0) -> 1 | BK53: =IF(U53>0,V53/U53,0) -> 1 | BM53: =IF(X53>0,Y53/X53,0) -> 1.030094 | BN53: =IF(Y53>0,Z53/Y53,0) -> 1 | BO53: =IF(Z53>0,AA53/Z53,0) -> 1 | BP53: =IF(AA53>0,AB53/AA53,0) -> 1 | BQ53: =IF(AB53>0,AC53/AB53,0) -> 1 | BS53: =IF(AE53>0,AF53/AE53,0) -> 0 | BT53: =IF(AF53>0,AG53/AF53,0) -> 0 | BU53: =IF(AG53>0,AH53/AG53,0) -> 0 | BV53: =IF(AH53>0,AI53/AH53,0) -> 0 | BW53: =IF(AI53>0,AJ53/AI53,0) -> 0 | BY53: =IF(AL53>0,AM53/AL53,0) -> 1.029544 | BZ53: =IF(AM53>0,AN53/AM53,0) -> 1 | CA53: =IF(AN53>0,AO53/AN53,0) -> 1 | CB53: =IF(AO53>0,AP53/AO53,0) -> 1 | CC53: =IF(AP53>0,AQ53/AP53,0) -> 1 | CE53: =IF(AS53>0,AT53/AS53,0) -> 1.029544 | CF53: =IF(AT53>0,AU53/AT53,0) -> 1 | CG53: =IF(AU53>0,AV53/AU53,0) -> 1 | CH53: =IF(AV53>0,AW53/AV53,0) -> 1 | CI53: =IF(AW53>0,AX53/AW53,0) -> 1 | CK53: =IF(AZ53>0,BA53/AZ53,0) -> 0 | CL53: =IF(BA53>0,BB53/BA53,0) -> 0 | CM53: =IF(BB53>0,BC53/BB53,0) -> 0 | CN53: =IF(BC53>0,BD53/BC53,0) -> 0 | CO53: =IF(BD53>0,BE53/BD53,0) -> 0
A54: 0 | B54: Seattle Campus | C54: 49 | D54: 25 | E54: Medicine (MD) | F54: 15 | G54: Medical Professional (MD) | H54: 2 | I54: Nonresident | J54: =+'Select Tuition Changes'!S59 -> 0.03 | K54: =+'Select Tuition Changes'!T59 -> 0 | L54: =+'Select Tuition Changes'!U59 -> 0 | M54: =+'Select Tuition Changes'!V59 -> 0 | N54: =+'Select Tuition Changes'!W59 -> 0 | P54: 0.03 | Q54: =+'Select Tuition Changes'!Y59-'Tuition Calculations'!AL54 -> 58313 | R54: =+'Select Tuition Changes'!Z59-'Tuition Calculations'!AM54 -> 60065 | S54: =+'Select Tuition Changes'!AA59-'Tuition Calculations'!AN54 -> 60065 | T54: =+'Select Tuition Changes'!AB59-'Tuition Calculations'!AO54 -> 60065 | U54: =+'Select Tuition Changes'!AC59-'Tuition Calculations'!AP54 -> 60065 | V54: =+'Select Tuition Changes'!AD59-'Tuition Calculations'!AQ54 -> 60065 | X54: =+Q53 -> 29574 | Y54: =+R53 -> 30464 | Z54: =+S53 -> 30464 | AA54: =+T53 -> 30464 | AB54: =+U53 -> 30464 | AC54: =+V53 -> 30464 | AE54: =+Q54-X54 -> 28739 | AF54: =+R54-Y54 -> 29601 | AG54: =+S54-Z54 -> 29601 | AH54: =+T54-AA54 -> 29601 | AI54: =+U54-AB54 -> 29601 | AJ54: =+V54-AC54 -> 29601 | AL54: =ROUND($P54*'Select Tuition Changes'!Y59,0) -> 1804 | AM54: =ROUND($P54*'Select Tuition Changes'!Z59,0) -> 1858 | AN54: =ROUND($P54*'Select Tuition Changes'!AA59,0) -> 1858 | AO54: =ROUND($P54*'Select Tuition Changes'!AB59,0) -> 1858 | AP54: =ROUND($P54*'Select Tuition Changes'!AC59,0) -> 1858 | AQ54: =ROUND($P54*'Select Tuition Changes'!AD59,0) -> 1858 | AS54: =+AL53 -> 1557 | AT54: =+AM53 -> 1603 | AU54: =+AN53 -> 1603 | AV54: =+AO53 -> 1603 | AW54: =+AP53 -> 1603 | AX54: =+AQ53 -> 1603 | AZ54: =+AL54-AS54 -> 247 | BA54: =+AM54-AT54 -> 255 | BB54: =+AN54-AU54 -> 255 | BC54: =+AO54-AV54 -> 255 | BD54: =+AP54-AW54 -> 255 | BE54: =+AQ54-AX54 -> 255 | BG54: =IF(Q54>0,R54/Q54,0) -> 1.0300448 | BH54: =IF(R54>0,S54/R54,0) -> 1 | BI54: =IF(S54>0,T54/S54,0) -> 1 | BJ54: =IF(T54>0,U54/T54,0) -> 1 | BK54: =IF(U54>0,V54/U54,0) -> 1 | BM54: =IF(X54>0,Y54/X54,0) -> 1.030094 | BN54: =IF(Y54>0,Z54/Y54,0) -> 1 | BO54: =IF(Z54>0,AA54/Z54,0) -> 1 | BP54: =IF(AA54>0,AB54/AA54,0) -> 1 | BQ54: =IF(AB54>0,AC54/AB54,0) -> 1 | BS54: =IF(AE54>0,AF54/AE54,0) -> 1.0299941 | BT54: =IF(AF54>0,AG54/AF54,0) -> 1 | BU54: =IF(AG54>0,AH54/AG54,0) -> 1 | BV54: =IF(AH54>0,AI54/AH54,0) -> 1 | BW54: =IF(AI54>0,AJ54/AI54,0) -> 1 | BY54: =IF(AL54>0,AM54/AL54,0) -> 1.0299335 | BZ54: =IF(AM54>0,AN54/AM54,0) -> 1 | CA54: =IF(AN54>0,AO54/AN54,0) -> 1 | CB54: =IF(AO54>0,AP54/AO54,0) -> 1 | CC54: =IF(AP54>0,AQ54/AP54,0) -> 1 | CE54: =IF(AS54>0,AT54/AS54,0) -> 1.029544 | CF54: =IF(AT54>0,AU54/AT54,0) -> 1 | CG54: =IF(AU54>0,AV54/AU54,0) -> 1 | CH54: =IF(AV54>0,AW54/AV54,0) -> 1 | CI54: =IF(AW54>0,AX54/AW54,0) -> 1 | CK54: =IF(AZ54>0,BA54/AZ54,0) -> 1.0323887 | CL54: =IF(BA54>0,BB54/BA54,0) -> 1 | CM54: =IF(BB54>0,BC54/BB54,0) -> 1 | CN54: =IF(BC54>0,BD54/BC54,0) -> 1 | CO54: =IF(BD54>0,BE54/BD54,0) -> 1
A55: 0 | B55: Seattle Campus | C55: 51 | D55: 26 | E55: Dentistry (DDS) | F55: 25 | G55: Dental Professional - Year 1 | H55: 1 | I55: Resident | J55: =+'Select Tuition Changes'!S60 -> 0.03 | K55: =+'Select Tuition Changes'!T60 -> 0 | L55: =+'Select Tuition Changes'!U60 -> 0 | M55: =+'Select Tuition Changes'!V60 -> 0 | N55: =+'Select Tuition Changes'!W60 -> 0 | P55: 0.05 | Q55: =+'Select Tuition Changes'!Y60-'Tuition Calculations'!AL55 -> 36637 | R55: =+'Select Tuition Changes'!Z60-'Tuition Calculations'!AM55 -> 37737 | S55: =+'Select Tuition Changes'!AA60-'Tuition Calculations'!AN55 -> 37737 | T55: =+'Select Tuition Changes'!AB60-'Tuition Calculations'!AO55 -> 37737 | U55: =+'Select Tuition Changes'!AC60-'Tuition Calculations'!AP55 -> 37737 | V55: =+'Select Tuition Changes'!AD60-'Tuition Calculations'!AQ55 -> 37737 | X55: =+Q55 -> 36637 | Y55: =+R55 -> 37737 | Z55: =+S55 -> 37737 | AA55: =+T55 -> 37737 | AB55: =+U55 -> 37737 | AC55: =+V55 -> 37737 | AE55: =+Q55-X55 -> 0 | AF55: =+R55-Y55 -> 0 | AG55: =+S55-Z55 -> 0 | AH55: =+T55-AA55 -> 0 | AI55: =+U55-AB55 -> 0 | AJ55: =+V55-AC55 -> 0 | AL55: =ROUND($P55*'Select Tuition Changes'!Y60,0) -> 1928 | AM55: =ROUND($P55*'Select Tuition Changes'!Z60,0) -> 1986 | AN55: =ROUND($P55*'Select Tuition Changes'!AA60,0) -> 1986 | AO55: =ROUND($P55*'Select Tuition Changes'!AB60,0) -> 1986 | AP55: =ROUND($P55*'Select Tuition Changes'!AC60,0) -> 1986 | AQ55: =ROUND($P55*'Select Tuition Changes'!AD60,0) -> 1986 | AS55: =+AL55 -> 1928 | AT55: =+AM55 -> 1986 | AU55: =+AN55 -> 1986 | AV55: =+AO55 -> 1986 | AW55: =+AP55 -> 1986 | AX55: =+AQ55 -> 1986 | AZ55: =+AL55-AS55 -> 0 | BA55: =+AM55-AT55 -> 0 | BB55: =+AN55-AU55 -> 0 | BC55: =+AO55-AV55 -> 0 | BD55: =+AP55-AW55 -> 0 | BE55: =+AQ55-AX55 -> 0 | BG55: =IF(Q55>0,R55/Q55,0) -> 1.0300243 | BH55: =IF(R55>0,S55/R55,0) -> 1 | BI55: =IF(S55>0,T55/S55,0) -> 1 | BJ55: =IF(T55>0,U55/T55,0) -> 1 | BK55: =IF(U55>0,V55/U55,0) -> 1 | BM55: =IF(X55>0,Y55/X55,0) -> 1.0300243 | BN55: =IF(Y55>0,Z55/Y55,0) -> 1 | BO55: =IF(Z55>0,AA55/Z55,0) -> 1 | BP55: =IF(AA55>0,AB55/AA55,0) -> 1 | BQ55: =IF(AB55>0,AC55/AB55,0) -> 1 | BS55: =IF(AE55>0,AF55/AE55,0) -> 0 | BT55: =IF(AF55>0,AG55/AF55,0) -> 0 | BU55: =IF(AG55>0,AH55/AG55,0) -> 0 | BV55: =IF(AH55>0,AI55/AH55,0) -> 0 | BW55: =IF(AI55>0,AJ55/AI55,0) -> 0 | BY55: =IF(AL55>0,AM55/AL55,0) -> 1.030083 | BZ55: =IF(AM55>0,AN55/AM55,0) -> 1 | CA55: =IF(AN55>0,AO55/AN55,0) -> 1 | CB55: =IF(AO55>0,AP55/AO55,0) -> 1 | CC55: =IF(AP55>0,AQ55/AP55,0) -> 1 | CE55: =IF(AS55>0,AT55/AS55,0) -> 1.030083 | CF55: =IF(AT55>0,AU55/AT55,0) -> 1 | CG55: =IF(AU55>0,AV55/AU55,0) -> 1 | CH55: =IF(AV55>0,AW55/AV55,0) -> 1 | CI55: =IF(AW55>0,AX55/AW55,0) -> 1 | CK55: =IF(AZ55>0,BA55/AZ55,0) -> 0 | CL55: =IF(BA55>0,BB55/BA55,0) -> 0 | CM55: =IF(BB55>0,BC55/BB55,0) -> 0 | CN55: =IF(BC55>0,BD55/BC55,0) -> 0 | CO55: =IF(BD55>0,BE55/BD55,0) -> 0
A56: 0 | B56: Seattle Campus | C56: 51 | D56: 26 | E56: Dentistry (DDS) | F56: 25 | G56: Dental Professional - Year 1 | H56: 2 | I56: Nonresident | J56: =+'Select Tuition Changes'!S61 -> 0.03 | K56: =+'Select Tuition Changes'!T61 -> 0 | L56: =+'Select Tuition Changes'!U61 -> 0 | M56: =+'Select Tuition Changes'!V61 -> 0 | N56: =+'Select Tuition Changes'!W61 -> 0 | P56: 0.03 | Q56: =+'Select Tuition Changes'!Y61-'Tuition Calculations'!AL56 -> 57682 | R56: =+'Select Tuition Changes'!Z61-'Tuition Calculations'!AM56 -> 59413 | S56: =+'Select Tuition Changes'!AA61-'Tuition Calculations'!AN56 -> 59413 | T56: =+'Select Tuition Changes'!AB61-'Tuition Calculations'!AO56 -> 59413 | U56: =+'Select Tuition Changes'!AC61-'Tuition Calculations'!AP56 -> 59413 | V56: =+'Select Tuition Changes'!AD61-'Tuition Calculations'!AQ56 -> 59413 | X56: =+Q55 -> 36637 | Y56: =+R55 -> 37737 | Z56: =+S55 -> 37737 | AA56: =+T55 -> 37737 | AB56: =+U55 -> 37737 | AC56: =+V55 -> 37737 | AE56: =+Q56-X56 -> 21045 | AF56: =+R56-Y56 -> 21676 | AG56: =+S56-Z56 -> 21676 | AH56: =+T56-AA56 -> 21676 | AI56: =+U56-AB56 -> 21676 | AJ56: =+V56-AC56 -> 21676 | AL56: =ROUND($P56*'Select Tuition Changes'!Y61,0) -> 1784 | AM56: =ROUND($P56*'Select Tuition Changes'!Z61,0) -> 1838 | AN56: =ROUND($P56*'Select Tuition Changes'!AA61,0) -> 1838 | AO56: =ROUND($P56*'Select Tuition Changes'!AB61,0) -> 1838 | AP56: =ROUND($P56*'Select Tuition Changes'!AC61,0) -> 1838 | AQ56: =ROUND($P56*'Select Tuition Changes'!AD61,0) -> 1838 | AS56: =+AL55 -> 1928 | AT56: =+AM55 -> 1986 | AU56: =+AN55 -> 1986 | AV56: =+AO55 -> 1986 | AW56: =+AP55 -> 1986 | AX56: =+AQ55 -> 1986 | AZ56: =+AL56-AS56 -> -144 | BA56: =+AM56-AT56 -> -148 | BB56: =+AN56-AU56 -> -148 | BC56: =+AO56-AV56 -> -148 | BD56: =+AP56-AW56 -> -148 | BE56: =+AQ56-AX56 -> -148 | BG56: =IF(Q56>0,R56/Q56,0) -> 1.0300094 | BH56: =IF(R56>0,S56/R56,0) -> 1 | BI56: =IF(S56>0,T56/S56,0) -> 1 | BJ56: =IF(T56>0,U56/T56,0) -> 1 | BK56: =IF(U56>0,V56/U56,0) -> 1 | BM56: =IF(X56>0,Y56/X56,0) -> 1.0300243 | BN56: =IF(Y56>0,Z56/Y56,0) -> 1 | BO56: =IF(Z56>0,AA56/Z56,0) -> 1 | BP56: =IF(AA56>0,AB56/AA56,0) -> 1 | BQ56: =IF(AB56>0,AC56/AB56,0) -> 1 | BS56: =IF(AE56>0,AF56/AE56,0) -> 1.0299834 | BT56: =IF(AF56>0,AG56/AF56,0) -> 1 | BU56: =IF(AG56>0,AH56/AG56,0) -> 1 | BV56: =IF(AH56>0,AI56/AH56,0) -> 1 | BW56: =IF(AI56>0,AJ56/AI56,0) -> 1 | BY56: =IF(AL56>0,AM56/AL56,0) -> 1.0302691 | BZ56: =IF(AM56>0,AN56/AM56,0) -> 1 | CA56: =IF(AN56>0,AO56/AN56,0) -> 1 | CB56: =IF(AO56>0,AP56/AO56,0) -> 1 | CC56: =IF(AP56>0,AQ56/AP56,0) -> 1 | CE56: =IF(AS56>0,AT56/AS56,0) -> 1.030083 | CF56: =IF(AT56>0,AU56/AT56,0) -> 1 | CG56: =IF(AU56>0,AV56/AU56,0) -> 1 | CH56: =IF(AV56>0,AW56/AV56,0) -> 1 | CI56: =IF(AW56>0,AX56/AW56,0) -> 1 | CK56: =IF(AZ56>0,BA56/AZ56,0) -> 0 | CL56: =IF(BA56>0,BB56/BA56,0) -> 0 | CM56: =IF(BB56>0,BC56/BB56,0) -> 0 | CN56: =IF(BC56>0,BD56/BC56,0) -> 0 | CO56: =IF(BD56>0,BE56/BD56,0) -> 0
A57: 0 | B57: Seattle Campus | C57: 51 | D57: 26 | E57: Dentistry (DDS) | F57: 20 | G57: Dental Professional -Year 2 | H57: 1 | I57: Resident | J57: =+'Select Tuition Changes'!S62 -> 0.03 | K57: =+'Select Tuition Changes'!T62 -> 0 | L57: =+'Select Tuition Changes'!U62 -> 0 | M57: =+'Select Tuition Changes'!V62 -> 0 | N57: =+'Select Tuition Changes'!W62 -> 0 | P57: 0.05 | Q57: =+'Select Tuition Changes'!Y62-'Tuition Calculations'!AL57 -> 36637 | R57: =+'Select Tuition Changes'!Z62-'Tuition Calculations'!AM57 -> 37737 | S57: =+'Select Tuition Changes'!AA62-'Tuition Calculations'!AN57 -> 37737 | T57: =+'Select Tuition Changes'!AB62-'Tuition Calculations'!AO57 -> 37737 | U57: =+'Select Tuition Changes'!AC62-'Tuition Calculations'!AP57 -> 37737 | V57: =+'Select Tuition Changes'!AD62-'Tuition Calculations'!AQ57 -> 37737 | X57: =+Q57 -> 36637 | Y57: =+R57 -> 37737 | Z57: =+S57 -> 37737 | AA57: =+T57 -> 37737 | AB57: =+U57 -> 37737 | AC57: =+V57 -> 37737 | AE57: =+Q57-X57 -> 0 | AF57: =+R57-Y57 -> 0 | AG57: =+S57-Z57 -> 0 | AH57: =+T57-AA57 -> 0 | AI57: =+U57-AB57 -> 0 | AJ57: =+V57-AC57 -> 0 | AL57: =ROUND($P57*'Select Tuition Changes'!Y62,0) -> 1928 | AM57: =ROUND($P57*'Select Tuition Changes'!Z62,0) -> 1986 | AN57: =ROUND($P57*'Select Tuition Changes'!AA62,0) -> 1986 | AO57: =ROUND($P57*'Select Tuition Changes'!AB62,0) -> 1986 | AP57: =ROUND($P57*'Select Tuition Changes'!AC62,0) -> 1986 | AQ57: =ROUND($P57*'Select Tuition Changes'!AD62,0) -> 1986 | AS57: =+AL57 -> 1928 | AT57: =+AM57 -> 1986 | AU57: =+AN57 -> 1986 | AV57: =+AO57 -> 1986 | AW57: =+AP57 -> 1986 | AX57: =+AQ57 -> 1986 | AZ57: =+AL57-AS57 -> 0 | BA57: =+AM57-AT57 -> 0 | BB57: =+AN57-AU57 -> 0 | BC57: =+AO57-AV57 -> 0 | BD57: =+AP57-AW57 -> 0 | BE57: =+AQ57-AX57 -> 0 | BG57: =IF(Q57>0,R57/Q57,0) -> 1.0300243 | BH57: =IF(R57>0,S57/R57,0) -> 1 | BI57: =IF(S57>0,T57/S57,0) -> 1 | BJ57: =IF(T57>0,U57/T57,0) -> 1 | BK57: =IF(U57>0,V57/U57,0) -> 1 | BM57: =IF(X57>0,Y57/X57,0) -> 1.0300243 | BN57: =IF(Y57>0,Z57/Y57,0) -> 1 | BO57: =IF(Z57>0,AA57/Z57,0) -> 1 | BP57: =IF(AA57>0,AB57/AA57,0) -> 1 | BQ57: =IF(AB57>0,AC57/AB57,0) -> 1 | BS57: =IF(AE57>0,AF57/AE57,0) -> 0 | BT57: =IF(AF57>0,AG57/AF57,0) -> 0 | BU57: =IF(AG57>0,AH57/AG57,0) -> 0 | BV57: =IF(AH57>0,AI57/AH57,0) -> 0 | BW57: =IF(AI57>0,AJ57/AI57,0) -> 0 | BY57: =IF(AL57>0,AM57/AL57,0) -> 1.030083 | BZ57: =IF(AM57>0,AN57/AM57,0) -> 1 | CA57: =IF(AN57>0,AO57/AN57,0) -> 1 | CB57: =IF(AO57>0,AP57/AO57,0) -> 1 | CC57: =IF(AP57>0,AQ57/AP57,0) -> 1 | CE57: =IF(AS57>0,AT57/AS57,0) -> 1.030083 | CF57: =IF(AT57>0,AU57/AT57,0) -> 1 | CG57: =IF(AU57>0,AV57/AU57,0) -> 1 | CH57: =IF(AV57>0,AW57/AV57,0) -> 1 | CI57: =IF(AW57>0,AX57/AW57,0) -> 1 | CK57: =IF(AZ57>0,BA57/AZ57,0) -> 0 | CL57: =IF(BA57>0,BB57/BA57,0) -> 0 | CM57: =IF(BB57>0,BC57/BB57,0) -> 0 | CN57: =IF(BC57>0,BD57/BC57,0) -> 0 | CO57: =IF(BD57>0,BE57/BD57,0) -> 0
A58: 0 | B58: Seattle Campus | C58: 51 | D58: 26 | E58: Dentistry (DDS) | F58: 20 | G58: Dental Professional -Year 2 | H58: 2 | I58: Nonresident | J58: =+'Select Tuition Changes'!S63 -> 0.03 | K58: =+'Select Tuition Changes'!T63 -> 0 | L58: =+'Select Tuition Changes'!U63 -> 0 | M58: =+'Select Tuition Changes'!V63 -> 0 | N58: =+'Select Tuition Changes'!W63 -> 0 | P58: 0.03 | Q58: =+'Select Tuition Changes'!Y63-'Tuition Calculations'!AL58 -> 57682 | R58: =+'Select Tuition Changes'!Z63-'Tuition Calculations'!AM58 -> 59413 | S58: =+'Select Tuition Changes'!AA63-'Tuition Calculations'!AN58 -> 59413 | T58: =+'Select Tuition Changes'!AB63-'Tuition Calculations'!AO58 -> 59413 | U58: =+'Select Tuition Changes'!AC63-'Tuition Calculations'!AP58 -> 59413 | V58: =+'Select Tuition Changes'!AD63-'Tuition Calculations'!AQ58 -> 59413 | X58: =+Q57 -> 36637 | Y58: =+R57 -> 37737 | Z58: =+S57 -> 37737 | AA58: =+T57 -> 37737 | AB58: =+U57 -> 37737 | AC58: =+V57 -> 37737 | AE58: =+Q58-X58 -> 21045 | AF58: =+R58-Y58 -> 21676 | AG58: =+S58-Z58 -> 21676 | AH58: =+T58-AA58 -> 21676 | AI58: =+U58-AB58 -> 21676 | AJ58: =+V58-AC58 -> 21676 | AL58: =ROUND($P58*'Select Tuition Changes'!Y63,0) -> 1784 | AM58: =ROUND($P58*'Select Tuition Changes'!Z63,0) -> 1838 | AN58: =ROUND($P58*'Select Tuition Changes'!AA63,0) -> 1838 | AO58: =ROUND($P58*'Select Tuition Changes'!AB63,0) -> 1838 | AP58: =ROUND($P58*'Select Tuition Changes'!AC63,0) -> 1838 | AQ58: =ROUND($P58*'Select Tuition Changes'!AD63,0) -> 1838 | AS58: =+AL57 -> 1928 | AT58: =+AM57 -> 1986 | AU58: =+AN57 -> 1986 | AV58: =+AO57 -> 1986 | AW58: =+AP57 -> 1986 | AX58: =+AQ57 -> 1986 | AZ58: =+AL58-AS58 -> -144 | BA58: =+AM58-AT58 -> -148 | BB58: =+AN58-AU58 -> -148 | BC58: =+AO58-AV58 -> -148 | BD58: =+AP58-AW58 -> -148 | BE58: =+AQ58-AX58 -> -148 | BG58: =IF(Q58>0,R58/Q58,0) -> 1.0300094 | BH58: =IF(R58>0,S58/R58,0) -> 1 | BI58: =IF(S58>0,T58/S58,0) -> 1 | BJ58: =IF(T58>0,U58/T58,0) -> 1 | BK58: =IF(U58>0,V58/U58,0) -> 1 | BM58: =IF(X58>0,Y58/X58,0) -> 1.0300243 | BN58: =IF(Y58>0,Z58/Y58,0) -> 1 | BO58: =IF(Z58>0,AA58/Z58,0) -> 1 | BP58: =IF(AA58>0,AB58/AA58,0) -> 1 | BQ58: =IF(AB58>0,AC58/AB58,0) -> 1 | BS58: =IF(AE58>0,AF58/AE58,0) -> 1.0299834 | BT58: =IF(AF58>0,AG58/AF58,0) -> 1 | BU58: =IF(AG58>0,AH58/AG58,0) -> 1 | BV58: =IF(AH58>0,AI58/AH58,0) -> 1 | BW58: =IF(AI58>0,AJ58/AI58,0) -> 1 | BY58: =IF(AL58>0,AM58/AL58,0) -> 1.0302691 | BZ58: =IF(AM58>0,AN58/AM58,0) -> 1 | CA58: =IF(AN58>0,AO58/AN58,0) -> 1 | CB58: =IF(AO58>0,AP58/AO58,0) -> 1 | CC58: =IF(AP58>0,AQ58/AP58,0) -> 1 | CE58: =IF(AS58>0,AT58/AS58,0) -> 1.030083 | CF58: =IF(AT58>0,AU58/AT58,0) -> 1 | CG58: =IF(AU58>0,AV58/AU58,0) -> 1 | CH58: =IF(AV58>0,AW58/AV58,0) -> 1 | CI58: =IF(AW58>0,AX58/AW58,0) -> 1 | CK58: =IF(AZ58>0,BA58/AZ58,0) -> 0 | CL58: =IF(BA58>0,BB58/BA58,0) -> 0 | CM58: =IF(BB58>0,BC58/BB58,0) -> 0 | CN58: =IF(BC58>0,BD58/BC58,0) -> 0 | CO58: =IF(BD58>0,BE58/BD58,0) -> 0
A59: 0 | B59: Seattle Campus | C59: 51 | D59: 26 | E59: Dentistry (DDS) | F59: 31 | G59: Dental Professional - Year 3 | H59: 1 | I59: Resident | J59: =+'Select Tuition Changes'!S64 -> 0.03 | K59: =+'Select Tuition Changes'!T64 -> 0 | L59: =+'Select Tuition Changes'!U64 -> 0 | M59: =+'Select Tuition Changes'!V64 -> 0 | N59: =+'Select Tuition Changes'!W64 -> 0 | P59: 0.05 | Q59: =+'Select Tuition Changes'!Y64-'Tuition Calculations'!AL59 -> 36634 | R59: =+'Select Tuition Changes'!Z64-'Tuition Calculations'!AM59 -> 37734 | S59: =+'Select Tuition Changes'!AA64-'Tuition Calculations'!AN59 -> 37734 | T59: =+'Select Tuition Changes'!AB64-'Tuition Calculations'!AO59 -> 37734 | U59: =+'Select Tuition Changes'!AC64-'Tuition Calculations'!AP59 -> 37734 | V59: =+'Select Tuition Changes'!AD64-'Tuition Calculations'!AQ59 -> 37734 | X59: =+Q59 -> 36634 | Y59: =+R59 -> 37734 | Z59: =+S59 -> 37734 | AA59: =+T59 -> 37734 | AB59: =+U59 -> 37734 | AC59: =+V59 -> 37734 | AE59: =+Q59-X59 -> 0 | AF59: =+R59-Y59 -> 0 | AG59: =+S59-Z59 -> 0 | AH59: =+T59-AA59 -> 0 | AI59: =+U59-AB59 -> 0 | AJ59: =+V59-AC59 -> 0 | AL59: =ROUND($P59*'Select Tuition Changes'!Y64,0) -> 1928 | AM59: =ROUND($P59*'Select Tuition Changes'!Z64,0) -> 1986 | AN59: =ROUND($P59*'Select Tuition Changes'!AA64,0) -> 1986 | AO59: =ROUND($P59*'Select Tuition Changes'!AB64,0) -> 1986 | AP59: =ROUND($P59*'Select Tuition Changes'!AC64,0) -> 1986 | AQ59: =ROUND($P59*'Select Tuition Changes'!AD64,0) -> 1986 | AS59: =+AL59 -> 1928 | AT59: =+AM59 -> 1986 | AU59: =+AN59 -> 1986 | AV59: =+AO59 -> 1986 | AW59: =+AP59 -> 1986 | AX59: =+AQ59 -> 1986 | AZ59: =+AL59-AS59 -> 0 | BA59: =+AM59-AT59 -> 0 | BB59: =+AN59-AU59 -> 0 | BC59: =+AO59-AV59 -> 0 | BD59: =+AP59-AW59 -> 0 | BE59: =+AQ59-AX59 -> 0 | BG59: =IF(Q59>0,R59/Q59,0) -> 1.0300268 | BH59: =IF(R59>0,S59/R59,0) -> 1 | BI59: =IF(S59>0,T59/S59,0) -> 1 | BJ59: =IF(T59>0,U59/T59,0) -> 1 | BK59: =IF(U59>0,V59/U59,0) -> 1 | BM59: =IF(X59>0,Y59/X59,0) -> 1.0300268 | BN59: =IF(Y59>0,Z59/Y59,0) -> 1 | BO59: =IF(Z59>0,AA59/Z59,0) -> 1 | BP59: =IF(AA59>0,AB59/AA59,0) -> 1 | BQ59: =IF(AB59>0,AC59/AB59,0) -> 1 | BS59: =IF(AE59>0,AF59/AE59,0) -> 0 | BT59: =IF(AF59>0,AG59/AF59,0) -> 0 | BU59: =IF(AG59>0,AH59/AG59,0) -> 0 | BV59: =IF(AH59>0,AI59/AH59,0) -> 0 | BW59: =IF(AI59>0,AJ59/AI59,0) -> 0 | BY59: =IF(AL59>0,AM59/AL59,0) -> 1.030083 | BZ59: =IF(AM59>0,AN59/AM59,0) -> 1 | CA59: =IF(AN59>0,AO59/AN59,0) -> 1 | CB59: =IF(AO59>0,AP59/AO59,0) -> 1 | CC59: =IF(AP59>0,AQ59/AP59,0) -> 1 | CE59: =IF(AS59>0,AT59/AS59,0) -> 1.030083 | CF59: =IF(AT59>0,AU59/AT59,0) -> 1 | CG59: =IF(AU59>0,AV59/AU59,0) -> 1 | CH59: =IF(AV59>0,AW59/AV59,0) -> 1 | CI59: =IF(AW59>0,AX59/AW59,0) -> 1 | CK59: =IF(AZ59>0,BA59/AZ59,0) -> 0 | CL59: =IF(BA59>0,BB59/BA59,0) -> 0 | CM59: =IF(BB59>0,BC59/BB59,0) -> 0 | CN59: =IF(BC59>0,BD59/BC59,0) -> 0 | CO59: =IF(BD59>0,BE59/BD59,0) -> 0
A60: 0 | B60: Seattle Campus | C60: 51 | D60: 26 | E60: Dentistry (DDS) | F60: 31 | G60: Dental Professional - Year 3 | H60: 2 | I60: Nonresident | J60: =+'Select Tuition Changes'!S65 -> 0.03 | K60: =+'Select Tuition Changes'!T65 -> 0 | L60: =+'Select Tuition Changes'!U65 -> 0 | M60: =+'Select Tuition Changes'!V65 -> 0 | N60: =+'Select Tuition Changes'!W65 -> 0 | P60: 0.03 | Q60: =+'Select Tuition Changes'!Y65-'Tuition Calculations'!AL60 -> 57682 | R60: =+'Select Tuition Changes'!Z65-'Tuition Calculations'!AM60 -> 59413 | S60: =+'Select Tuition Changes'!AA65-'Tuition Calculations'!AN60 -> 59413 | T60: =+'Select Tuition Changes'!AB65-'Tuition Calculations'!AO60 -> 59413 | U60: =+'Select Tuition Changes'!AC65-'Tuition Calculations'!AP60 -> 59413 | V60: =+'Select Tuition Changes'!AD65-'Tuition Calculations'!AQ60 -> 59413 | X60: =+Q59 -> 36634 | Y60: =+R59 -> 37734 | Z60: =+S59 -> 37734 | AA60: =+T59 -> 37734 | AB60: =+U59 -> 37734 | AC60: =+V59 -> 37734 | AE60: =+Q60-X60 -> 21048 | AF60: =+R60-Y60 -> 21679 | AG60: =+S60-Z60 -> 21679 | AH60: =+T60-AA60 -> 21679 | AI60: =+U60-AB60 -> 21679 | AJ60: =+V60-AC60 -> 21679 | AL60: =ROUND($P60*'Select Tuition Changes'!Y65,0) -> 1784 | AM60: =ROUND($P60*'Select Tuition Changes'!Z65,0) -> 1838 | AN60: =ROUND($P60*'Select Tuition Changes'!AA65,0) -> 1838 | AO60: =ROUND($P60*'Select Tuition Changes'!AB65,0) -> 1838 | AP60: =ROUND($P60*'Select Tuition Changes'!AC65,0) -> 1838 | AQ60: =ROUND($P60*'Select Tuition Changes'!AD65,0) -> 1838 | AS60: =+AL59 -> 1928 | AT60: =+AM59 -> 1986 | AU60: =+AN59 -> 1986 | AV60: =+AO59 -> 1986 | AW60: =+AP59 -> 1986 | AX60: =+AQ59 -> 1986 | AZ60: =+AL60-AS60 -> -144 | BA60: =+AM60-AT60 -> -148 | BB60: =+AN60-AU60 -> -148 | BC60: =+AO60-AV60 -> -148 | BD60: =+AP60-AW60 -> -148 | BE60: =+AQ60-AX60 -> -148 | BG60: =IF(Q60>0,R60/Q60,0) -> 1.0300094 | BH60: =IF(R60>0,S60/R60,0) -> 1 | BI60: =IF(S60>0,T60/S60,0) -> 1 | BJ60: =IF(T60>0,U60/T60,0) -> 1 | BK60: =IF(U60>0,V60/U60,0) -> 1 | BM60: =IF(X60>0,Y60/X60,0) -> 1.0300268 | BN60: =IF(Y60>0,Z60/Y60,0) -> 1 | BO60: =IF(Z60>0,AA60/Z60,0) -> 1 | BP60: =IF(AA60>0,AB60/AA60,0) -> 1 | BQ60: =IF(AB60>0,AC60/AB60,0) -> 1 | BS60: =IF(AE60>0,AF60/AE60,0) -> 1.0299791 | BT60: =IF(AF60>0,AG60/AF60,0) -> 1 | BU60: =IF(AG60>0,AH60/AG60,0) -> 1 | BV60: =IF(AH60>0,AI60/AH60,0) -> 1 | BW60: =IF(AI60>0,AJ60/AI60,0) -> 1 | BY60: =IF(AL60>0,AM60/AL60,0) -> 1.0302691 | BZ60: =IF(AM60>0,AN60/AM60,0) -> 1 | CA60: =IF(AN60>0,AO60/AN60,0) -> 1 | CB60: =IF(AO60>0,AP60/AO60,0) -> 1 | CC60: =IF(AP60>0,AQ60/AP60,0) -> 1 | CE60: =IF(AS60>0,AT60/AS60,0) -> 1.030083 | CF60: =IF(AT60>0,AU60/AT60,0) -> 1 | CG60: =IF(AU60>0,AV60/AU60,0) -> 1 | CH60: =IF(AV60>0,AW60/AV60,0) -> 1 | CI60: =IF(AW60>0,AX60/AW60,0) -> 1 | CK60: =IF(AZ60>0,BA60/AZ60,0) -> 0 | CL60: =IF(BA60>0,BB60/BA60,0) -> 0 | CM60: =IF(BB60>0,BC60/BB60,0) -> 0 | CN60: =IF(BC60>0,BD60/BC60,0) -> 0 | CO60: =IF(BD60>0,BE60/BD60,0) -> 0
A61: 0 | B61: Seattle Campus | C61: 51 | D61: 26 | E61: Dentistry (DDS) | F61: 32 | G61: Dental Professional - Year 4 | H61: 1 | I61: Resident | J61: =+'Select Tuition Changes'!S66 -> 0.03 | K61: =+'Select Tuition Changes'!T66 -> 0 | L61: =+'Select Tuition Changes'!U66 -> 0 | M61: =+'Select Tuition Changes'!V66 -> 0 | N61: =+'Select Tuition Changes'!W66 -> 0 | P61: 0.05 | Q61: =+'Select Tuition Changes'!Y66-'Tuition Calculations'!AL61 -> 33864 | R61: =+'Select Tuition Changes'!Z66-'Tuition Calculations'!AM61 -> 34881 | S61: =+'Select Tuition Changes'!AA66-'Tuition Calculations'!AN61 -> 34881 | T61: =+'Select Tuition Changes'!AB66-'Tuition Calculations'!AO61 -> 34881 | U61: =+'Select Tuition Changes'!AC66-'Tuition Calculations'!AP61 -> 34881 | V61: =+'Select Tuition Changes'!AD66-'Tuition Calculations'!AQ61 -> 34881 | X61: =+Q61 -> 33864 | Y61: =+R61 -> 34881 | Z61: =+S61 -> 34881 | AA61: =+T61 -> 34881 | AB61: =+U61 -> 34881 | AC61: =+V61 -> 34881 | AE61: =+Q61-X61 -> 0 | AF61: =+R61-Y61 -> 0 | AG61: =+S61-Z61 -> 0 | AH61: =+T61-AA61 -> 0 | AI61: =+U61-AB61 -> 0 | AJ61: =+V61-AC61 -> 0 | AL61: =ROUND($P61*'Select Tuition Changes'!Y66,0) -> 1782 | AM61: =ROUND($P61*'Select Tuition Changes'!Z66,0) -> 1836 | AN61: =ROUND($P61*'Select Tuition Changes'!AA66,0) -> 1836 | AO61: =ROUND($P61*'Select Tuition Changes'!AB66,0) -> 1836 | AP61: =ROUND($P61*'Select Tuition Changes'!AC66,0) -> 1836 | AQ61: =ROUND($P61*'Select Tuition Changes'!AD66,0) -> 1836 | AS61: =+AL61 -> 1782 | AT61: =+AM61 -> 1836 | AU61: =+AN61 -> 1836 | AV61: =+AO61 -> 1836 | AW61: =+AP61 -> 1836 | AX61: =+AQ61 -> 1836 | AZ61: =+AL61-AS61 -> 0 | BA61: =+AM61-AT61 -> 0 | BB61: =+AN61-AU61 -> 0 | BC61: =+AO61-AV61 -> 0 | BD61: =+AP61-AW61 -> 0 | BE61: =+AQ61-AX61 -> 0 | BG61: =IF(Q61>0,R61/Q61,0) -> 1.0300319 | BH61: =IF(R61>0,S61/R61,0) -> 1 | BI61: =IF(S61>0,T61/S61,0) -> 1 | BJ61: =IF(T61>0,U61/T61,0) -> 1 | BK61: =IF(U61>0,V61/U61,0) -> 1 | BM61: =IF(X61>0,Y61/X61,0) -> 1.0300319 | BN61: =IF(Y61>0,Z61/Y61,0) -> 1 | BO61: =IF(Z61>0,AA61/Z61,0) -> 1 | BP61: =IF(AA61>0,AB61/AA61,0) -> 1 | BQ61: =IF(AB61>0,AC61/AB61,0) -> 1 | BS61: =IF(AE61>0,AF61/AE61,0) -> 0 | BT61: =IF(AF61>0,AG61/AF61,0) -> 0 | BU61: =IF(AG61>0,AH61/AG61,0) -> 0 | BV61: =IF(AH61>0,AI61/AH61,0) -> 0 | BW61: =IF(AI61>0,AJ61/AI61,0) -> 0 | BY61: =IF(AL61>0,AM61/AL61,0) -> 1.030303 | BZ61: =IF(AM61>0,AN61/AM61,0) -> 1 | CA61: =IF(AN61>0,AO61/AN61,0) -> 1 | CB61: =IF(AO61>0,AP61/AO61,0) -> 1 | CC61: =IF(AP61>0,AQ61/AP61,0) -> 1 | CE61: =IF(AS61>0,AT61/AS61,0) -> 1.030303 | CF61: =IF(AT61>0,AU61/AT61,0) -> 1 | CG61: =IF(AU61>0,AV61/AU61,0) -> 1 | CH61: =IF(AV61>0,AW61/AV61,0) -> 1 | CI61: =IF(AW61>0,AX61/AW61,0) -> 1 | CK61: =IF(AZ61>0,BA61/AZ61,0) -> 0 | CL61: =IF(BA61>0,BB61/BA61,0) -> 0 | CM61: =IF(BB61>0,BC61/BB61,0) -> 0 | CN61: =IF(BC61>0,BD61/BC61,0) -> 0 | CO61: =IF(BD61>0,BE61/BD61,0) -> 0
A62: 0 | B62: Seattle Campus | C62: 51 | D62: 26 | E62: Dentistry (DDS) | F62: 32 | G62: Dental Professional - Year 4 | H62: 2 | I62: Nonresident | J62: =+'Select Tuition Changes'!S67 -> 0.03 | K62: =+'Select Tuition Changes'!T67 -> 0 | L62: =+'Select Tuition Changes'!U67 -> 0 | M62: =+'Select Tuition Changes'!V67 -> 0 | N62: =+'Select Tuition Changes'!W67 -> 0 | P62: 0.03 | Q62: =+'Select Tuition Changes'!Y67-'Tuition Calculations'!AL62 -> 57682 | R62: =+'Select Tuition Changes'!Z67-'Tuition Calculations'!AM62 -> 59413 | S62: =+'Select Tuition Changes'!AA67-'Tuition Calculations'!AN62 -> 59413 | T62: =+'Select Tuition Changes'!AB67-'Tuition Calculations'!AO62 -> 59413 | U62: =+'Select Tuition Changes'!AC67-'Tuition Calculations'!AP62 -> 59413 | V62: =+'Select Tuition Changes'!AD67-'Tuition Calculations'!AQ62 -> 59413 | X62: =+Q61 -> 33864 | Y62: =+R61 -> 34881 | Z62: =+S61 -> 34881 | AA62: =+T61 -> 34881 | AB62: =+U61 -> 34881 | AC62: =+V61 -> 34881 | AE62: =+Q62-X62 -> 23818 | AF62: =+R62-Y62 -> 24532 | AG62: =+S62-Z62 -> 24532 | AH62: =+T62-AA62 -> 24532 | AI62: =+U62-AB62 -> 24532 | AJ62: =+V62-AC62 -> 24532 | AL62: =ROUND($P62*'Select Tuition Changes'!Y67,0) -> 1784 | AM62: =ROUND($P62*'Select Tuition Changes'!Z67,0) -> 1838 | AN62: =ROUND($P62*'Select Tuition Changes'!AA67,0) -> 1838 | AO62: =ROUND($P62*'Select Tuition Changes'!AB67,0) -> 1838 | AP62: =ROUND($P62*'Select Tuition Changes'!AC67,0) -> 1838 | AQ62: =ROUND($P62*'Select Tuition Changes'!AD67,0) -> 1838 | AS62: =+AL61 -> 1782 | AT62: =+AM61 -> 1836 | AU62: =+AN61 -> 1836 | AV62: =+AO61 -> 1836 | AW62: =+AP61 -> 1836 | AX62: =+AQ61 -> 1836 | AZ62: =+AL62-AS62 -> 2 | BA62: =+AM62-AT62 -> 2 | BB62: =+AN62-AU62 -> 2 | BC62: =+AO62-AV62 -> 2 | BD62: =+AP62-AW62 -> 2 | BE62: =+AQ62-AX62 -> 2 | BG62: =IF(Q62>0,R62/Q62,0) -> 1.0300094 | BH62: =IF(R62>0,S62/R62,0) -> 1 | BI62: =IF(S62>0,T62/S62,0) -> 1 | BJ62: =IF(T62>0,U62/T62,0) -> 1 | BK62: =IF(U62>0,V62/U62,0) -> 1 | BM62: =IF(X62>0,Y62/X62,0) -> 1.0300319 | BN62: =IF(Y62>0,Z62/Y62,0) -> 1 | BO62: =IF(Z62>0,AA62/Z62,0) -> 1 | BP62: =IF(AA62>0,AB62/AA62,0) -> 1 | BQ62: =IF(AB62>0,AC62/AB62,0) -> 1 | BS62: =IF(AE62>0,AF62/AE62,0) -> 1.0299773 | BT62: =IF(AF62>0,AG62/AF62,0) -> 1 | BU62: =IF(AG62>0,AH62/AG62,0) -> 1 | BV62: =IF(AH62>0,AI62/AH62,0) -> 1 | BW62: =IF(AI62>0,AJ62/AI62,0) -> 1 | BY62: =IF(AL62>0,AM62/AL62,0) -> 1.0302691 | BZ62: =IF(AM62>0,AN62/AM62,0) -> 1 | CA62: =IF(AN62>0,AO62/AN62,0) -> 1 | CB62: =IF(AO62>0,AP62/AO62,0) -> 1 | CC62: =IF(AP62>0,AQ62/AP62,0) -> 1 | CE62: =IF(AS62>0,AT62/AS62,0) -> 1.030303 | CF62: =IF(AT62>0,AU62/AT62,0) -> 1 | CG62: =IF(AU62>0,AV62/AU62,0) -> 1 | CH62: =IF(AV62>0,AW62/AV62,0) -> 1 | CI62: =IF(AW62>0,AX62/AW62,0) -> 1 | CK62: =IF(AZ62>0,BA62/AZ62,0) -> 1 | CL62: =IF(BA62>0,BB62/BA62,0) -> 1 | CM62: =IF(BB62>0,BC62/BB62,0) -> 1 | CN62: =IF(BC62>0,BD62/BC62,0) -> 1 | CO62: =IF(BD62>0,BE62/BD62,0) -> 1
A63: 0 | B63: Seattle Campus | C63: 53 | D63: 27 | E63: Dentistry Graduate | F63: 33 | G63: Graduate Dentistry - Oral Biology | H63: 1 | I63: Resident | J63: =+'Select Tuition Changes'!S68 -> 0.03 | K63: =+'Select Tuition Changes'!T68 -> 0.03 | L63: =+'Select Tuition Changes'!U68 -> 0.03 | M63: =+'Select Tuition Changes'!V68 -> 0.03 | N63: =+'Select Tuition Changes'!W68 -> 0.03 | P63: 0.03 | Q63: =+'Select Tuition Changes'!Y68-'Tuition Calculations'!AL63 -> 13753 | R63: =+'Select Tuition Changes'!Z68-'Tuition Calculations'!AM63 -> 14166 | S63: =+'Select Tuition Changes'!AA68-'Tuition Calculations'!AN63 -> 14594 | T63: =+'Select Tuition Changes'!AB68-'Tuition Calculations'!AO63 -> 15033 | U63: =+'Select Tuition Changes'!AC68-'Tuition Calculations'!AP63 -> 15484 | V63: =+'Select Tuition Changes'!AD68-'Tuition Calculations'!AQ63 -> 15950 | X63: =+Q63 -> 13753 | Y63: =+R63 -> 14166 | Z63: =+S63 -> 14594 | AA63: =+T63 -> 15033 | AB63: =+U63 -> 15484 | AC63: =+V63 -> 15950 | AE63: =+Q63-X63 -> 0 | AF63: =+R63-Y63 -> 0 | AG63: =+S63-Z63 -> 0 | AH63: =+T63-AA63 -> 0 | AI63: =+U63-AB63 -> 0 | AJ63: =+V63-AC63 -> 0 | AL63: =ROUND($P63*'Select Tuition Changes'!Y68,0) -> 425 | AM63: =ROUND($P63*'Select Tuition Changes'!Z68,0) -> 438 | AN63: =ROUND($P63*'Select Tuition Changes'!AA68,0) -> 451 | AO63: =ROUND($P63*'Select Tuition Changes'!AB68,0) -> 465 | AP63: =ROUND($P63*'Select Tuition Changes'!AC68,0) -> 479 | AQ63: =ROUND($P63*'Select Tuition Changes'!AD68,0) -> 493 | AS63: =+AL63 -> 425 | AT63: =+AM63 -> 438 | AU63: =+AN63 -> 451 | AV63: =+AO63 -> 465 | AW63: =+AP63 -> 479 | AX63: =+AQ63 -> 493 | AZ63: =+AL63-AS63 -> 0 | BA63: =+AM63-AT63 -> 0 | BB63: =+AN63-AU63 -> 0 | BC63: =+AO63-AV63 -> 0 | BD63: =+AP63-AW63 -> 0 | BE63: =+AQ63-AX63 -> 0 | BG63: =IF(Q63>0,R63/Q63,0) -> 1.0300298 | BH63: =IF(R63>0,S63/R63,0) -> 1.0302132 | BI63: =IF(S63>0,T63/S63,0) -> 1.0300809 | BJ63: =IF(T63>0,U63/T63,0) -> 1.0300007 | BK63: =IF(U63>0,V63/U63,0) -> 1.0300956 | BM63: =IF(X63>0,Y63/X63,0) -> 1.0300298 | BN63: =IF(Y63>0,Z63/Y63,0) -> 1.0302132 | BO63: =IF(Z63>0,AA63/Z63,0) -> 1.0300809 | BP63: =IF(AA63>0,AB63/AA63,0) -> 1.0300007 | BQ63: =IF(AB63>0,AC63/AB63,0) -> 1.0300956 | BS63: =IF(AE63>0,AF63/AE63,0) -> 0 | BT63: =IF(AF63>0,AG63/AF63,0) -> 0 | BU63: =IF(AG63>0,AH63/AG63,0) -> 0 | BV63: =IF(AH63>0,AI63/AH63,0) -> 0 | BW63: =IF(AI63>0,AJ63/AI63,0) -> 0 | BY63: =IF(AL63>0,AM63/AL63,0) -> 1.0305882 | BZ63: =IF(AM63>0,AN63/AM63,0) -> 1.0296804 | CA63: =IF(AN63>0,AO63/AN63,0) -> 1.0310421 | CB63: =IF(AO63>0,AP63/AO63,0) -> 1.0301075 | CC63: =IF(AP63>0,AQ63/AP63,0) -> 1.0292276 | CE63: =IF(AS63>0,AT63/AS63,0) -> 1.0305882 | CF63: =IF(AT63>0,AU63/AT63,0) -> 1.0296804 | CG63: =IF(AU63>0,AV63/AU63,0) -> 1.0310421 | CH63: =IF(AV63>0,AW63/AV63,0) -> 1.0301075 | CI63: =IF(AW63>0,AX63/AW63,0) -> 1.0292276 | CK63: =IF(AZ63>0,BA63/AZ63,0) -> 0 | CL63: =IF(BA63>0,BB63/BA63,0) -> 0 | CM63: =IF(BB63>0,BC63/BB63,0) -> 0 | CN63: =IF(BC63>0,BD63/BC63,0) -> 0 | CO63: =IF(BD63>0,BE63/BD63,0) -> 0
A64: 0 | B64: Seattle Campus | C64: 53 | D64: 27 | E64: Dentistry Graduate | F64: 33 | G64: Graduate Dentistry - Oral Biology | H64: 2 | I64: Nonresident | J64: =+'Select Tuition Changes'!S69 -> 0.03 | K64: =+'Select Tuition Changes'!T69 -> 0.03 | L64: =+'Select Tuition Changes'!U69 -> 0.03 | M64: =+'Select Tuition Changes'!V69 -> 0.03 | N64: =+'Select Tuition Changes'!W69 -> 0.03 | P64: 0.035 | Q64: =+'Select Tuition Changes'!Y69-'Tuition Calculations'!AL64 -> 26423 | R64: =+'Select Tuition Changes'!Z69-'Tuition Calculations'!AM64 -> 27216 | S64: =+'Select Tuition Changes'!AA69-'Tuition Calculations'!AN64 -> 28035 | T64: =+'Select Tuition Changes'!AB69-'Tuition Calculations'!AO64 -> 28878 | U64: =+'Select Tuition Changes'!AC69-'Tuition Calculations'!AP64 -> 29746 | V64: =+'Select Tuition Changes'!AD69-'Tuition Calculations'!AQ64 -> 30641 | X64: =+Q63 -> 13753 | Y64: =+R63 -> 14166 | Z64: =+S63 -> 14594 | AA64: =+T63 -> 15033 | AB64: =+U63 -> 15484 | AC64: =+V63 -> 15950 | AE64: =+Q64-X64 -> 12670 | AF64: =+R64-Y64 -> 13050 | AG64: =+S64-Z64 -> 13441 | AH64: =+T64-AA64 -> 13845 | AI64: =+U64-AB64 -> 14262 | AJ64: =+V64-AC64 -> 14691 | AL64: =ROUND($P64*'Select Tuition Changes'!Y69,0) -> 958 | AM64: =ROUND($P64*'Select Tuition Changes'!Z69,0) -> 987 | AN64: =ROUND($P64*'Select Tuition Changes'!AA69,0) -> 1017 | AO64: =ROUND($P64*'Select Tuition Changes'!AB69,0) -> 1047 | AP64: =ROUND($P64*'Select Tuition Changes'!AC69,0) -> 1079 | AQ64: =ROUND($P64*'Select Tuition Changes'!AD69,0) -> 1111 | AS64: =+AL63 -> 425 | AT64: =+AM63 -> 438 | AU64: =+AN63 -> 451 | AV64: =+AO63 -> 465 | AW64: =+AP63 -> 479 | AX64: =+AQ63 -> 493 | AZ64: =+AL64-AS64 -> 533 | BA64: =+AM64-AT64 -> 549 | BB64: =+AN64-AU64 -> 566 | BC64: =+AO64-AV64 -> 582 | BD64: =+AP64-AW64 -> 600 | BE64: =+AQ64-AX64 -> 618 | BG64: =IF(Q64>0,R64/Q64,0) -> 1.0300117 | BH64: =IF(R64>0,S64/R64,0) -> 1.0300926 | BI64: =IF(S64>0,T64/S64,0) -> 1.0300696 | BJ64: =IF(T64>0,U64/T64,0) -> 1.0300575 | BK64: =IF(U64>0,V64/U64,0) -> 1.0300881 | BM64: =IF(X64>0,Y64/X64,0) -> 1.0300298 | BN64: =IF(Y64>0,Z64/Y64,0) -> 1.0302132 | BO64: =IF(Z64>0,AA64/Z64,0) -> 1.0300809 | BP64: =IF(AA64>0,AB64/AA64,0) -> 1.0300007 | BQ64: =IF(AB64>0,AC64/AB64,0) -> 1.0300956 | BS64: =IF(AE64>0,AF64/AE64,0) -> 1.0299921 | BT64: =IF(AF64>0,AG64/AF64,0) -> 1.0299617 | BU64: =IF(AG64>0,AH64/AG64,0) -> 1.0300573 | BV64: =IF(AH64>0,AI64/AH64,0) -> 1.0301192 | BW64: =IF(AI64>0,AJ64/AI64,0) -> 1.0300799 | BY64: =IF(AL64>0,AM64/AL64,0) -> 1.0302714 | BZ64: =IF(AM64>0,AN64/AM64,0) -> 1.0303951 | CA64: =IF(AN64>0,AO64/AN64,0) -> 1.0294985 | CB64: =IF(AO64>0,AP64/AO64,0) -> 1.0305635 | CC64: =IF(AP64>0,AQ64/AP64,0) -> 1.0296571 | CE64: =IF(AS64>0,AT64/AS64,0) -> 1.0305882 | CF64: =IF(AT64>0,AU64/AT64,0) -> 1.0296804 | CG64: =IF(AU64>0,AV64/AU64,0) -> 1.0310421 | CH64: =IF(AV64>0,AW64/AV64,0) -> 1.0301075 | CI64: =IF(AW64>0,AX64/AW64,0) -> 1.0292276 | CK64: =IF(AZ64>0,BA64/AZ64,0) -> 1.0300188 | CL64: =IF(BA64>0,BB64/BA64,0) -> 1.0309654 | CM64: =IF(BB64>0,BC64/BB64,0) -> 1.0282686 | CN64: =IF(BC64>0,BD64/BC64,0) -> 1.0309278 | CO64: =IF(BD64>0,BE64/BD64,0) -> 1.03
A65: 0 | B65: Seattle Campus | C65: 53 | D65: 27 | E65: Dentistry Graduate | F65: 34 | G65: Graduate Dentistry - Oral Med, Ped Dent, Periodontics, Prosthodontics | H65: 1 | I65: Resident | J65: =+'Select Tuition Changes'!S70 -> 0.03 | K65: =+'Select Tuition Changes'!T70 -> 0.03 | L65: =+'Select Tuition Changes'!U70 -> 0.03 | M65: =+'Select Tuition Changes'!V70 -> 0.03 | N65: =+'Select Tuition Changes'!W70 -> 0.03 | P65: 0.03 | Q65: =+'Select Tuition Changes'!Y70-'Tuition Calculations'!AL65 -> 15275 | R65: =+'Select Tuition Changes'!Z70-'Tuition Calculations'!AM65 -> 15734 | S65: =+'Select Tuition Changes'!AA70-'Tuition Calculations'!AN65 -> 16209 | T65: =+'Select Tuition Changes'!AB70-'Tuition Calculations'!AO65 -> 16698 | U65: =+'Select Tuition Changes'!AC70-'Tuition Calculations'!AP65 -> 17201 | V65: =+'Select Tuition Changes'!AD70-'Tuition Calculations'!AQ65 -> 17719 | X65: =+Q65 -> 15275 | Y65: =+R65 -> 15734 | Z65: =+S65 -> 16209 | AA65: =+T65 -> 16698 | AB65: =+U65 -> 17201 | AC65: =+V65 -> 17719 | AE65: =+Q65-X65 -> 0 | AF65: =+R65-Y65 -> 0 | AG65: =+S65-Z65 -> 0 | AH65: =+T65-AA65 -> 0 | AI65: =+U65-AB65 -> 0 | AJ65: =+V65-AC65 -> 0 | AL65: =ROUND($P65*'Select Tuition Changes'!Y70,0) -> 472 | AM65: =ROUND($P65*'Select Tuition Changes'!Z70,0) -> 487 | AN65: =ROUND($P65*'Select Tuition Changes'!AA70,0) -> 501 | AO65: =ROUND($P65*'Select Tuition Changes'!AB70,0) -> 516 | AP65: =ROUND($P65*'Select Tuition Changes'!AC70,0) -> 532 | AQ65: =ROUND($P65*'Select Tuition Changes'!AD70,0) -> 548 | AS65: =+AL65 -> 472 | AT65: =+AM65 -> 487 | AU65: =+AN65 -> 501 | AV65: =+AO65 -> 516 | AW65: =+AP65 -> 532 | AX65: =+AQ65 -> 548 | AZ65: =+AL65-AS65 -> 0 | BA65: =+AM65-AT65 -> 0 | BB65: =+AN65-AU65 -> 0 | BC65: =+AO65-AV65 -> 0 | BD65: =+AP65-AW65 -> 0 | BE65: =+AQ65-AX65 -> 0 | BG65: =IF(Q65>0,R65/Q65,0) -> 1.0300491 | BH65: =IF(R65>0,S65/R65,0) -> 1.0301894 | BI65: =IF(S65>0,T65/S65,0) -> 1.0301684 | BJ65: =IF(T65>0,U65/T65,0) -> 1.0301234 | BK65: =IF(U65>0,V65/U65,0) -> 1.0301145 | BM65: =IF(X65>0,Y65/X65,0) -> 1.0300491 | BN65: =IF(Y65>0,Z65/Y65,0) -> 1.0301894 | BO65: =IF(Z65>0,AA65/Z65,0) -> 1.0301684 | BP65: =IF(AA65>0,AB65/AA65,0) -> 1.0301234 | BQ65: =IF(AB65>0,AC65/AB65,0) -> 1.0301145 | BS65: =IF(AE65>0,AF65/AE65,0) -> 0 | BT65: =IF(AF65>0,AG65/AF65,0) -> 0 | BU65: =IF(AG65>0,AH65/AG65,0) -> 0 | BV65: =IF(AH65>0,AI65/AH65,0) -> 0 | BW65: =IF(AI65>0,AJ65/AI65,0) -> 0 | BY65: =IF(AL65>0,AM65/AL65,0) -> 1.0317797 | BZ65: =IF(AM65>0,AN65/AM65,0) -> 1.0287474 | CA65: =IF(AN65>0,AO65/AN65,0) -> 1.0299401 | CB65: =IF(AO65>0,AP65/AO65,0) -> 1.0310078 | CC65: =IF(AP65>0,AQ65/AP65,0) -> 1.0300752 | CE65: =IF(AS65>0,AT65/AS65,0) -> 1.0317797 | CF65: =IF(AT65>0,AU65/AT65,0) -> 1.0287474 | CG65: =IF(AU65>0,AV65/AU65,0) -> 1.0299401 | CH65: =IF(AV65>0,AW65/AV65,0) -> 1.0310078 | CI65: =IF(AW65>0,AX65/AW65,0) -> 1.0300752 | CK65: =IF(AZ65>0,BA65/AZ65,0) -> 0 | CL65: =IF(BA65>0,BB65/BA65,0) -> 0 | CM65: =IF(BB65>0,BC65/BB65,0) -> 0 | CN65: =IF(BC65>0,BD65/BC65,0) -> 0 | CO65: =IF(BD65>0,BE65/BD65,0) -> 0
A66: 0 | B66: Seattle Campus | C66: 53 | D66: 27 | E66: Dentistry Graduate | F66: 34 | G66: Graduate Dentistry - Oral Med, Ped Dent, Periodontics, Prosthodontics | H66: 2 | I66: Nonresident | J66: =+'Select Tuition Changes'!S71 -> 0.03 | K66: =+'Select Tuition Changes'!T71 -> 0.03 | L66: =+'Select Tuition Changes'!U71 -> 0.03 | M66: =+'Select Tuition Changes'!V71 -> 0.03 | N66: =+'Select Tuition Changes'!W71 -> 0.03 | P66: 0.035 | Q66: =+'Select Tuition Changes'!Y71-'Tuition Calculations'!AL66 -> 27731 | R66: =+'Select Tuition Changes'!Z71-'Tuition Calculations'!AM66 -> 28565 | S66: =+'Select Tuition Changes'!AA71-'Tuition Calculations'!AN66 -> 29425 | T66: =+'Select Tuition Changes'!AB71-'Tuition Calculations'!AO66 -> 30308 | U66: =+'Select Tuition Changes'!AC71-'Tuition Calculations'!AP66 -> 31220 | V66: =+'Select Tuition Changes'!AD71-'Tuition Calculations'!AQ66 -> 32158 | X66: =+Q65 -> 15275 | Y66: =+R65 -> 15734 | Z66: =+S65 -> 16209 | AA66: =+T65 -> 16698 | AB66: =+U65 -> 17201 | AC66: =+V65 -> 17719 | AE66: =+Q66-X66 -> 12456 | AF66: =+R66-Y66 -> 12831 | AG66: =+S66-Z66 -> 13216 | AH66: =+T66-AA66 -> 13610 | AI66: =+U66-AB66 -> 14019 | AJ66: =+V66-AC66 -> 14439 | AL66: =ROUND($P66*'Select Tuition Changes'!Y71,0) -> 1006 | AM66: =ROUND($P66*'Select Tuition Changes'!Z71,0) -> 1036 | AN66: =ROUND($P66*'Select Tuition Changes'!AA71,0) -> 1067 | AO66: =ROUND($P66*'Select Tuition Changes'!AB71,0) -> 1099 | AP66: =ROUND($P66*'Select Tuition Changes'!AC71,0) -> 1132 | AQ66: =ROUND($P66*'Select Tuition Changes'!AD71,0) -> 1166 | AS66: =+AL65 -> 472 | AT66: =+AM65 -> 487 | AU66: =+AN65 -> 501 | AV66: =+AO65 -> 516 | AW66: =+AP65 -> 532 | AX66: =+AQ65 -> 548 | AZ66: =+AL66-AS66 -> 534 | BA66: =+AM66-AT66 -> 549 | BB66: =+AN66-AU66 -> 566 | BC66: =+AO66-AV66 -> 583 | BD66: =+AP66-AW66 -> 600 | BE66: =+AQ66-AX66 -> 618 | BG66: =IF(Q66>0,R66/Q66,0) -> 1.0300746 | BH66: =IF(R66>0,S66/R66,0) -> 1.0301068 | BI66: =IF(S66>0,T66/S66,0) -> 1.0300085 | BJ66: =IF(T66>0,U66/T66,0) -> 1.0300911 | BK66: =IF(U66>0,V66/U66,0) -> 1.0300448 | BM66: =IF(X66>0,Y66/X66,0) -> 1.0300491 | BN66: =IF(Y66>0,Z66/Y66,0) -> 1.0301894 | BO66: =IF(Z66>0,AA66/Z66,0) -> 1.0301684 | BP66: =IF(AA66>0,AB66/AA66,0) -> 1.0301234 | BQ66: =IF(AB66>0,AC66/AB66,0) -> 1.0301145 | BS66: =IF(AE66>0,AF66/AE66,0) -> 1.030106 | BT66: =IF(AF66>0,AG66/AF66,0) -> 1.0300055 | BU66: =IF(AG66>0,AH66/AG66,0) -> 1.0298123 | BV66: =IF(AH66>0,AI66/AH66,0) -> 1.0300514 | BW66: =IF(AI66>0,AJ66/AI66,0) -> 1.0299593 | BY66: =IF(AL66>0,AM66/AL66,0) -> 1.0298211 | BZ66: =IF(AM66>0,AN66/AM66,0) -> 1.0299228 | CA66: =IF(AN66>0,AO66/AN66,0) -> 1.0299906 | CB66: =IF(AO66>0,AP66/AO66,0) -> 1.0300273 | CC66: =IF(AP66>0,AQ66/AP66,0) -> 1.0300353 | CE66: =IF(AS66>0,AT66/AS66,0) -> 1.0317797 | CF66: =IF(AT66>0,AU66/AT66,0) -> 1.0287474 | CG66: =IF(AU66>0,AV66/AU66,0) -> 1.0299401 | CH66: =IF(AV66>0,AW66/AV66,0) -> 1.0310078 | CI66: =IF(AW66>0,AX66/AW66,0) -> 1.0300752 | CK66: =IF(AZ66>0,BA66/AZ66,0) -> 1.0280899 | CL66: =IF(BA66>0,BB66/BA66,0) -> 1.0309654 | CM66: =IF(BB66>0,BC66/BB66,0) -> 1.0300353 | CN66: =IF(BC66>0,BD66/BC66,0) -> 1.0291595 | CO66: =IF(BD66>0,BE66/BD66,0) -> 1.03
A67: 0 | B67: Seattle Campus | C67: 53 | D67: 27 | E67: Dentistry Graduate | F67: 35 | G67: Graduate Dentistry - Endodontics | H67: 1 | I67: Resident | J67: =+'Select Tuition Changes'!S72 -> 0.03 | K67: =+'Select Tuition Changes'!T72 -> 0.03 | L67: =+'Select Tuition Changes'!U72 -> 0.03 | M67: =+'Select Tuition Changes'!V72 -> 0.03 | N67: =+'Select Tuition Changes'!W72 -> 0.03 | P67: 0.03 | Q67: =+'Select Tuition Changes'!Y72-'Tuition Calculations'!AL67 -> 16799 | R67: =+'Select Tuition Changes'!Z72-'Tuition Calculations'!AM67 -> 17306 | S67: =+'Select Tuition Changes'!AA72-'Tuition Calculations'!AN67 -> 17827 | T67: =+'Select Tuition Changes'!AB72-'Tuition Calculations'!AO67 -> 18362 | U67: =+'Select Tuition Changes'!AC72-'Tuition Calculations'!AP67 -> 18915 | V67: =+'Select Tuition Changes'!AD72-'Tuition Calculations'!AQ67 -> 19482 | X67: =+Q67 -> 16799 | Y67: =+R67 -> 17306 | Z67: =+S67 -> 17827 | AA67: =+T67 -> 18362 | AB67: =+U67 -> 18915 | AC67: =+V67 -> 19482 | AE67: =+Q67-X67 -> 0 | AF67: =+R67-Y67 -> 0 | AG67: =+S67-Z67 -> 0 | AH67: =+T67-AA67 -> 0 | AI67: =+U67-AB67 -> 0 | AJ67: =+V67-AC67 -> 0 | AL67: =ROUND($P67*'Select Tuition Changes'!Y72,0) -> 520 | AM67: =ROUND($P67*'Select Tuition Changes'!Z72,0) -> 535 | AN67: =ROUND($P67*'Select Tuition Changes'!AA72,0) -> 551 | AO67: =ROUND($P67*'Select Tuition Changes'!AB72,0) -> 568 | AP67: =ROUND($P67*'Select Tuition Changes'!AC72,0) -> 585 | AQ67: =ROUND($P67*'Select Tuition Changes'!AD72,0) -> 603 | AS67: =+AL67 -> 520 | AT67: =+AM67 -> 535 | AU67: =+AN67 -> 551 | AV67: =+AO67 -> 568 | AW67: =+AP67 -> 585 | AX67: =+AQ67 -> 603 | AZ67: =+AL67-AS67 -> 0 | BA67: =+AM67-AT67 -> 0 | BB67: =+AN67-AU67 -> 0 | BC67: =+AO67-AV67 -> 0 | BD67: =+AP67-AW67 -> 0 | BE67: =+AQ67-AX67 -> 0 | BG67: =IF(Q67>0,R67/Q67,0) -> 1.0301804 | BH67: =IF(R67>0,S67/R67,0) -> 1.0301052 | BI67: =IF(S67>0,T67/S67,0) -> 1.0300107 | BJ67: =IF(T67>0,U67/T67,0) -> 1.0301165 | BK67: =IF(U67>0,V67/U67,0) -> 1.0299762 | BM67: =IF(X67>0,Y67/X67,0) -> 1.0301804 | BN67: =IF(Y67>0,Z67/Y67,0) -> 1.0301052 | BO67: =IF(Z67>0,AA67/Z67,0) -> 1.0300107 | BP67: =IF(AA67>0,AB67/AA67,0) -> 1.0301165 | BQ67: =IF(AB67>0,AC67/AB67,0) -> 1.0299762 | BS67: =IF(AE67>0,AF67/AE67,0) -> 0 | BT67: =IF(AF67>0,AG67/AF67,0) -> 0 | BU67: =IF(AG67>0,AH67/AG67,0) -> 0 | BV67: =IF(AH67>0,AI67/AH67,0) -> 0 | BW67: =IF(AI67>0,AJ67/AI67,0) -> 0 | BY67: =IF(AL67>0,AM67/AL67,0) -> 1.0288462 | BZ67: =IF(AM67>0,AN67/AM67,0) -> 1.0299065 | CA67: =IF(AN67>0,AO67/AN67,0) -> 1.030853 | CB67: =IF(AO67>0,AP67/AO67,0) -> 1.0299296 | CC67: =IF(AP67>0,AQ67/AP67,0) -> 1.0307692 | CE67: =IF(AS67>0,AT67/AS67,0) -> 1.0288462 | CF67: =IF(AT67>0,AU67/AT67,0) -> 1.0299065 | CG67: =IF(AU67>0,AV67/AU67,0) -> 1.030853 | CH67: =IF(AV67>0,AW67/AV67,0) -> 1.0299296 | CI67: =IF(AW67>0,AX67/AW67,0) -> 1.0307692 | CK67: =IF(AZ67>0,BA67/AZ67,0) -> 0 | CL67: =IF(BA67>0,BB67/BA67,0) -> 0 | CM67: =IF(BB67>0,BC67/BB67,0) -> 0 | CN67: =IF(BC67>0,BD67/BC67,0) -> 0 | CO67: =IF(BD67>0,BE67/BD67,0) -> 0
A68: 0 | B68: Seattle Campus | C68: 53 | D68: 27 | E68: Dentistry Graduate | F68: 35 | G68: Graduate Dentistry - Endodontics | H68: 2 | I68: Nonresident | J68: =+'Select Tuition Changes'!S73 -> 0.03 | K68: =+'Select Tuition Changes'!T73 -> 0.03 | L68: =+'Select Tuition Changes'!U73 -> 0.03 | M68: =+'Select Tuition Changes'!V73 -> 0.03 | N68: =+'Select Tuition Changes'!W73 -> 0.03 | P68: 0.035 | Q68: =+'Select Tuition Changes'!Y73-'Tuition Calculations'!AL68 -> 27731 | R68: =+'Select Tuition Changes'!Z73-'Tuition Calculations'!AM68 -> 28565 | S68: =+'Select Tuition Changes'!AA73-'Tuition Calculations'!AN68 -> 29425 | T68: =+'Select Tuition Changes'!AB73-'Tuition Calculations'!AO68 -> 30308 | U68: =+'Select Tuition Changes'!AC73-'Tuition Calculations'!AP68 -> 31220 | V68: =+'Select Tuition Changes'!AD73-'Tuition Calculations'!AQ68 -> 32158 | X68: =+Q67 -> 16799 | Y68: =+R67 -> 17306 | Z68: =+S67 -> 17827 | AA68: =+T67 -> 18362 | AB68: =+U67 -> 18915 | AC68: =+V67 -> 19482 | AE68: =+Q68-X68 -> 10932 | AF68: =+R68-Y68 -> 11259 | AG68: =+S68-Z68 -> 11598 | AH68: =+T68-AA68 -> 11946 | AI68: =+U68-AB68 -> 12305 | AJ68: =+V68-AC68 -> 12676 | AL68: =ROUND($P68*'Select Tuition Changes'!Y73,0) -> 1006 | AM68: =ROUND($P68*'Select Tuition Changes'!Z73,0) -> 1036 | AN68: =ROUND($P68*'Select Tuition Changes'!AA73,0) -> 1067 | AO68: =ROUND($P68*'Select Tuition Changes'!AB73,0) -> 1099 | AP68: =ROUND($P68*'Select Tuition Changes'!AC73,0) -> 1132 | AQ68: =ROUND($P68*'Select Tuition Changes'!AD73,0) -> 1166 | AS68: =+AL67 -> 520 | AT68: =+AM67 -> 535 | AU68: =+AN67 -> 551 | AV68: =+AO67 -> 568 | AW68: =+AP67 -> 585 | AX68: =+AQ67 -> 603 | AZ68: =+AL68-AS68 -> 486 | BA68: =+AM68-AT68 -> 501 | BB68: =+AN68-AU68 -> 516 | BC68: =+AO68-AV68 -> 531 | BD68: =+AP68-AW68 -> 547 | BE68: =+AQ68-AX68 -> 563 | BG68: =IF(Q68>0,R68/Q68,0) -> 1.0300746 | BH68: =IF(R68>0,S68/R68,0) -> 1.0301068 | BI68: =IF(S68>0,T68/S68,0) -> 1.0300085 | BJ68: =IF(T68>0,U68/T68,0) -> 1.0300911 | BK68: =IF(U68>0,V68/U68,0) -> 1.0300448 | BM68: =IF(X68>0,Y68/X68,0) -> 1.0301804 | BN68: =IF(Y68>0,Z68/Y68,0) -> 1.0301052 | BO68: =IF(Z68>0,AA68/Z68,0) -> 1.0300107 | BP68: =IF(AA68>0,AB68/AA68,0) -> 1.0301165 | BQ68: =IF(AB68>0,AC68/AB68,0) -> 1.0299762 | BS68: =IF(AE68>0,AF68/AE68,0) -> 1.0299122 | BT68: =IF(AF68>0,AG68/AF68,0) -> 1.0301092 | BU68: =IF(AG68>0,AH68/AG68,0) -> 1.0300052 | BV68: =IF(AH68>0,AI68/AH68,0) -> 1.0300519 | BW68: =IF(AI68>0,AJ68/AI68,0) -> 1.0301503 | BY68: =IF(AL68>0,AM68/AL68,0) -> 1.0298211 | BZ68: =IF(AM68>0,AN68/AM68,0) -> 1.0299228 | CA68: =IF(AN68>0,AO68/AN68,0) -> 1.0299906 | CB68: =IF(AO68>0,AP68/AO68,0) -> 1.0300273 | CC68: =IF(AP68>0,AQ68/AP68,0) -> 1.0300353 | CE68: =IF(AS68>0,AT68/AS68,0) -> 1.0288462 | CF68: =IF(AT68>0,AU68/AT68,0) -> 1.0299065 | CG68: =IF(AU68>0,AV68/AU68,0) -> 1.030853 | CH68: =IF(AV68>0,AW68/AV68,0) -> 1.0299296 | CI68: =IF(AW68>0,AX68/AW68,0) -> 1.0307692 | CK68: =IF(AZ68>0,BA68/AZ68,0) -> 1.0308642 | CL68: =IF(BA68>0,BB68/BA68,0) -> 1.0299401 | CM68: =IF(BB68>0,BC68/BB68,0) -> 1.0290698 | CN68: =IF(BC68>0,BD68/BC68,0) -> 1.0301318 | CO68: =IF(BD68>0,BE68/BD68,0) -> 1.0292505
